Workbook
Name COGSMethod: COGS!$B$5:$B$6
Name CompanyName: Intro!$B$19
Name enter_here_date: COGS!$B$17
Name StartDate: Intro!$B$21
Name SubHeader: Intro!$B$23

Sheet Intro
A1: Fundamentals of Entrepreneurial Finance - Financial Projections Model
A3: Introduction
A4: The model is designed to auto-populate based on the information you provide
A5: Some cells are required and others are optional
A6: Use the colour guide to determine which inputs are needed
A8: Key | B8: Example | C8: Meaning
A9: Orange Fill | C9: Required numerical inputs
A11: Yellow Fill | C11: Optional numerical or text inputs
A13: No Fill | C13: The user should not enter any information in empty cells
C14: All data in cells with no colour fill will be calculated automatically for the user
A17: Starting Inputs
A19: Company Name: | B19: WorkHorse Inc.
A21: Start Date: | B21: 43831
A23: Currency, Units: | B23: USD

Sheet Revenues ->

Sheet Top-Down
A1: Top-Down Revenue Projection | Q1: =CompanyName &" Revenue Forecast" -> WorkHorse Inc. Revenue Forecast
A2: ="Revenues ("&SubHeader&")" -> Revenues (USD)
Q3: First two years - Quarterly
A4: Market Size and Sales Assumptions
B5: Market 1 | C5: Notes on assumptions | F5: Market 2 | G5: Notes on assumptions | J5: Market 3 | K5: Notes on assumptions
A6: Year of Market Sizing | B6: 2020 | F6: 2020
A7: Overall market size | B7: 1000000000 | F7: 500000000
A8: Target segment share | B8: 0.1 | F8: 0.1
A9: Target market size | B9: 100000000 | F9: 50000000
A10: Market Growth Rate | B10: 0.3 | C10: Gaining market share would take time | F10: 0.35 | G10: Gaining market share would take time
A13: Market Size (prior to margin for retailers & distributors)
B14: Market Size (years 1 and 2) | K14: Market Size (years 3 to 6)
B15: Year 1 | F15: Year 2 | K15: Year 3 | L15: Year 4 | M15: Year 5 | N15: Year 6
B16: =StartDate -> 43831 | C16: =EDATE(B16,3) -> 43922 | D16: =EDATE(C16,3) -> 44013 | E16: =EDATE(D16,3) -> 44105 | F16: =EDATE(E16,3) -> 44197 | G16: =EDATE(F16,3) -> 44287 | H16: =EDATE(G16,3) -> 44378 | I16: =EDATE(H16,3) -> 44470 | K16: =EDATE(I16,3) -> 44562 | L16: =EDATE(K16,12) -> 44927 | M16: =EDATE(L16,12) -> 45292 | N16: =EDATE(M16,12) -> 45658
A17: =$B$5 -> Market 1 | B17: =$B$9*((1+$B$10)^(YEAR(B41)-$B$6))/4 -> 25000000 | C17: =$B$9*((1+$B$10)^(YEAR(C41)-$B$6))/4 -> 25000000 | D17: =$B$9*((1+$B$10)^(YEAR(D41)-$B$6))/4 -> 25000000 | E17: =$B$9*((1+$B$10)^(YEAR(E41)-$B$6))/4 -> 25000000 | F17: =$B$9*((1+$B$10)^(YEAR(F41)-$B$6))/4 -> 32500000 | G17: =$B$9*((1+$B$10)^(YEAR(G41)-$B$6))/4 -> 32500000 | H17: =$B$9*((1+$B$10)^(YEAR(H41)-$B$6))/4 -> 32500000 | I17: =$B$9*((1+$B$10)^(YEAR(I41)-$B$6))/4 -> 32500000 | K17: =$B$9*((1+$B$10)^(YEAR(K41)-$B$6)) -> 1.69e+08 | L17: =$B$9*((1+$B$10)^(YEAR(L41)-$B$6)) -> 2.197e+08 | M17: =$B$9*((1+$B$10)^(YEAR(M41)-$B$6)) -> 2.8561e+08 | N17: =$B$9*((1+$B$10)^(YEAR(N41)-$B$6)) -> 3.71293e+08
A18: =$F$5 -> Market 2 | B18: =$F$9*((1+$F$10)^(YEAR(B41)-$F$6))/4 -> 12500000 | C18: =$F$9*((1+$F$10)^(YEAR(C41)-$F$6))/4 -> 12500000 | D18: =$F$9*((1+$F$10)^(YEAR(D41)-$F$6))/4 -> 12500000 | E18: =$F$9*((1+$F$10)^(YEAR(E41)-$F$6))/4 -> 12500000 | F18: =$F$9*((1+$F$10)^(YEAR(F41)-$F$6))/4 -> 16875000 | G18: =$F$9*((1+$F$10)^(YEAR(G41)-$F$6))/4 -> 16875000 | H18: =$F$9*((1+$F$10)^(YEAR(H41)-$F$6))/4 -> 16875000 | I18: =$F$9*((1+$F$10)^(YEAR(I41)-$F$6))/4 -> 16875000 | K18: =$F$9*((1+$F$10)^(YEAR(K41)-$F$6)) -> 91125000 | L18: =$F$9*((1+$F$10)^(YEAR(L41)-$F$6)) -> 1.2301875e+08 | M18: =$F$9*((1+$F$10)^(YEAR(M41)-$F$6)) -> 1.6607531e+08 | N18: =$F$9*((1+$F$10)^(YEAR(N41)-$F$6)) -> 2.2420167e+08
A19: =$J$5 -> Market 3 | B19: =$J$9*((1+$J$10)^(YEAR(B41)-$J$6))/4 -> 0 | C19: =$J$9*((1+$J$10)^(YEAR(C41)-$J$6))/4 -> 0 | D19: =$J$9*((1+$J$10)^(YEAR(D41)-$J$6))/4 -> 0 | E19: =$J$9*((1+$J$10)^(YEAR(E41)-$J$6))/4 -> 0 | F19: =$J$9*((1+$J$10)^(YEAR(F41)-$J$6))/4 -> 0 | G19: =$J$9*((1+$J$10)^(YEAR(G41)-$J$6))/4 -> 0 | H19: =$J$9*((1+$J$10)^(YEAR(H41)-$J$6))/4 -> 0 | I19: =$J$9*((1+$J$10)^(YEAR(I41)-$J$6))/4 -> 0 | K19: =$J$9*((1+$J$10)^(YEAR(K41)-$J$6)) -> 0 | L19: =$J$9*((1+$J$10)^(YEAR(L41)-$J$6)) -> 0 | M19: =$J$9*((1+$J$10)^(YEAR(M41)-$J$6)) -> 0 | N19: =$J$9*((1+$J$10)^(YEAR(N41)-$J$6)) -> 0
Q20: Full Forecast - Annual (6 years)
A21: Assumption: Third Party Margins
B22: Third Party Margins (years 1 and 2) | K22: Third Party Margins (years 3 to 6) | R22: Annual Projections
B23: Year 1 | F23: Year 2 | K23: Year 3 | L23: Year 4 | M23: Year 5 | N23: Year 6 | R23: Year 1 | S23: Year 2 | T23: Year 3 | U23: Year 4 | V23: Year 5 | W23: Year 6
B24: =StartDate -> 43831 | C24: =EDATE(B24,3) -> 43922 | D24: =EDATE(C24,3) -> 44013 | E24: =EDATE(D24,3) -> 44105 | F24: =EDATE(E24,3) -> 44197 | G24: =EDATE(F24,3) -> 44287 | H24: =EDATE(G24,3) -> 44378 | I24: =EDATE(H24,3) -> 44470 | K24: =EDATE(I24,3) -> 44562 | L24: =EDATE(K24,12) -> 44927 | M24: =EDATE(L24,12) -> 45292 | N24: =EDATE(M24,12) -> 45658 | R24: =B41 -> 43831 | S24: =F41 -> 44197 | T24: =K41 -> 44562 | U24: =EDATE(T24,12) -> 44927 | V24: =EDATE(U24,12) -> 45292 | W24: =EDATE(V24,12) -> 45658
A25: =$B$5 -> Market 1 | F25: 0.4 | G25: 0.4 | H25: 0.4 | I25: 0.4 | K25: 0.5 | L25: 0.5 | M25: 0.5 | N25: 0.5 | Q25: =A42 -> Market 1 | R25: =SUM(B42:E42) -> 0 | S25: =SUM(F42:I42) -> 3900000 | T25: =K42 -> 8450000 | U25: =L42 -> 11534250 | V25: =M42 -> 15744251 | W25: =N42 -> 21490903
A26: =$F$5 -> Market 2 | K26: 0.5 | L26: 0.5 | M26: 0.5 | N26: 0.5 | Q26: =A43 -> Market 2 | R26: =SUM(B43:E43) -> 0 | S26: =SUM(F43:I43) -> 0 | T26: =K43 -> 2278125 | U26: =L43 -> 3536789.1 | V26: =M43 -> 5490865 | W26: =N43 -> 8524567.9
A27: =$J$5 -> Market 3 | Q27: =A44 -> Market 3 | R27: =SUM(B44:E44) -> 0 | S27: =SUM(F44:I44) -> 0 | T27: =K44 -> 0 | U27: =L44 -> 0 | V27: =M44 -> 0 | W27: =N44 -> 0
R28: =SUM(R25:R27) -> 0 | S28: =SUM(S25:S27) -> 3900000 | T28: =SUM(T25:T27) -> 10728125 | U28: =SUM(U25:U27) -> 15071039 | V28: =SUM(V25:V27) -> 21235116 | W28: =SUM(W25:W27) -> 30015471
A29: Assumption: Market Penetration by period
B30: Market penetration (years 1 and 2) | K30: Market Penetration (years 3 to 6)
B31: Year 1 | F31: Year 2 | K31: Year 3 | L31: Year 4 | M31: Year 5 | N31: Year 6
B32: =StartDate -> 43831 | C32: =EDATE(B32,3) -> 43922 | D32: =EDATE(C32,3) -> 44013 | E32: =EDATE(D32,3) -> 44105 | F32: =EDATE(E32,3) -> 44197 | G32: =EDATE(F32,3) -> 44287 | H32: =EDATE(G32,3) -> 44378 | I32: =EDATE(H32,3) -> 44470 | K32: =EDATE(I32,3) -> 44562 | L32: =EDATE(K32,12) -> 44927 | M32: =EDATE(L32,12) -> 45292 | N32: =EDATE(M32,12) -> 45658
A33: =$B$5 -> Market 1 | F33: 0.05 | G33: 0.05 | H33: 0.05 | I33: 0.05 | K33: 0.1 | L33: =K33*1.05 -> 0.105 | M33: =L33*1.05 -> 0.11025 | N33: =M33*1.05 -> 0.1157625
A34: =$F$5 -> Market 2 | K34: 0.05 | L34: =K34*1.15 -> 0.0575 | M34: =L34*1.15 -> 0.066125 | N34: =M34*1.15 -> 0.07604375
A35: =$J$5 -> Market 3
A38: Top-Down Revenue Projection
B39: Quarterly Projections (years 1 and 2) | K39: Annual Projections (years 3 to 6)
B40: Year 1 | F40: Year 2 | K40: Year 3 | L40: Year 4 | M40: Year 5 | N40: Year 6
B41: =StartDate -> 43831 | C41: =EDATE(B41,3) -> 43922 | D41: =EDATE(C41,3) -> 44013 | E41: =EDATE(D41,3) -> 44105 | F41: =EDATE(E41,3) -> 44197 | G41: =EDATE(F41,3) -> 44287 | H41: =EDATE(G41,3) -> 44378 | I41: =EDATE(H41,3) -> 44470 | K41: =EDATE(I41,3) -> 44562 | L41: =EDATE(K41,12) -> 44927 | M41: =EDATE(L41,12) -> 45292 | N41: =EDATE(M41,12) -> 45658
A42: =$B$5 -> Market 1 | B42: =B17*(1-B25)*B33 -> 0 | C42: =C17*(1-C25)*C33 -> 0 | D42: =D17*(1-D25)*D33 -> 0 | E42: =E17*(1-E25)*E33 -> 0 | F42: =F17*(1-F25)*F33 -> 975000 | G42: =G17*(1-G25)*G33 -> 975000 | H42: =H17*(1-H25)*H33 -> 975000 | I42: =I17*(1-I25)*I33 -> 975000 | K42: =K17*(1-K25)*K33 -> 8450000 | L42: =L17*(1-L25)*L33 -> 11534250 | M42: =M17*(1-M25)*M33 -> 15744251 | N42: =N17*(1-N25)*N33 -> 21490903
A43: =$F$5 -> Market 2 | B43: =B18*(1-B26)*B34 -> 0 | C43: =C18*(1-C26)*C34 -> 0 | D43: =D18*(1-D26)*D34 -> 0 | E43: =E18*(1-E26)*E34 -> 0 | F43: =F18*(1-F26)*F34 -> 0 | G43: =G18*(1-G26)*G34 -> 0 | H43: =H18*(1-H26)*H34 -> 0 | I43: =I18*(1-I26)*I34 -> 0 | K43: =K18*(1-K26)*K34 -> 2278125 | L43: =L18*(1-L26)*L34 -> 3536789.1 | M43: =M18*(1-M26)*M34 -> 5490865 | N43: =N18*(1-N26)*N34 -> 8524567.9
A44: =$J$5 -> Market 3 | B44: =B19*(1-B27)*B35 -> 0 | C44: =C19*(1-C27)*C35 -> 0 | D44: =D19*(1-D27)*D35 -> 0 | E44: =E19*(1-E27)*E35 -> 0 | F44: =F19*(1-F27)*F35 -> 0 | G44: =G19*(1-G27)*G35 -> 0 | H44: =H19*(1-H27)*H35 -> 0 | I44: =I19*(1-I27)*I35 -> 0 | K44: =K19*(1-K27)*K35 -> 0 | L44: =L19*(1-L27)*L35 -> 0 | M44: =M19*(1-M27)*M35 -> 0 | N44: =N19*(1-N27)*N35 -> 0
A45: Total | B45: =SUM(B42:B44) -> 0 | C45: =SUM(C42:C44) -> 0 | D45: =SUM(D42:D44) -> 0 | E45: =SUM(E42:E44) -> 0 | F45: =SUM(F42:F44) -> 975000 | G45: =SUM(G42:G44) -> 975000 | H45: =SUM(H42:H44) -> 975000 | I45: =SUM(I42:I44) -> 975000 | K45: =SUM(K42:K44) -> 10728125 | L45: =SUM(L42:L44) -> 15071039 | M45: =SUM(M42:M44) -> 21235116 | N45: =SUM(N42:N44) -> 30015471

Sheet Bottom-Up
A1: Bottom-Up Revenue Projection | Q1: =CompanyName &" Revenue Forecast" -> WorkHorse Inc. Revenue Forecast
A2: ="Revenues ("&SubHeader&")" -> Revenues (USD)
Q3: First two years - Quarterly
A4: Product Information
B5: Wonderfoal | C5: Notes on assumptions | F5: NakotaStar | G5: Notes on assumptions | J5: Product 3 | K5: Notes on assumptions
A6: List price (net of tax) | B6: 580 | C6: Better power performance, superior design | F6: 780 | G6: Better power performance, superior design
A7: Third party margin | B7: 0.4 | F7: 0.6
A8: Rate of returns | B8: 0.05 | F8: 0.05
A9: Net price | B9: =B6*(1-B7)*(1-B8) -> 330.6 | F9: =F6*(1-F7)*(1-F8) -> 296.4
A11: Sales Projections
B12: Quarterly Units sold (years 1 and 2) | K12: Annual Units sold (years 3 to 6)
B13: Year 1 | F13: Year 2 | K13: Year 3 | L13: Year 4 | M13: Year 5 | N13: Year 6
B14: =StartDate -> 43831 | C14: =EDATE(B14,3) -> 43922 | D14: =EDATE(C14,3) -> 44013 | E14: =EDATE(D14,3) -> 44105 | F14: =EDATE(E14,3) -> 44197 | G14: =EDATE(F14,3) -> 44287 | H14: =EDATE(G14,3) -> 44378 | I14: =EDATE(H14,3) -> 44470 | K14: =EDATE(I14,3) -> 44562 | L14: =EDATE(K14,12) -> 44927 | M14: =EDATE(L14,12) -> 45292 | N14: =EDATE(M14,12) -> 45658
A15: =$B$5 -> Wonderfoal | F15: 1750 | G15: 1750 | H15: 1750 | I15: 1750 | K15: 14000 | L15: 21000 | M15: 28000 | N15: 35000
A16: =$F$5 -> NakotaStar | K16: 10000 | L16: 20000 | M16: 40000 | N16: 80000
A17: =$J$5 -> Product 3
Q19: Full Forecast - Annual (6 years)
A20: Bottom-up Revenue Projection
B21: Quarterly Projections - 2 years from start | K21: Annual Projections (years 3 to 6) | R21: Annual Projections
B22: Year 1 | F22: Year 2 | K22: Year 3 | L22: Year 4 | M22: Year 5 | N22: Year 6 | R22: Year 1 | S22: Year 2 | T22: Year 3 | U22: Year 4 | V22: Year 5 | W22: Year 6
B23: =StartDate -> 43831 | C23: =EDATE(B23,3) -> 43922 | D23: =EDATE(C23,3) -> 44013 | E23: =EDATE(D23,3) -> 44105 | F23: =EDATE(E23,3) -> 44197 | G23: =EDATE(F23,3) -> 44287 | H23: =EDATE(G23,3) -> 44378 | I23: =EDATE(H23,3) -> 44470 | K23: =EDATE(I23,3) -> 44562 | L23: =EDATE(K23,12) -> 44927 | M23: =EDATE(L23,12) -> 45292 | N23: =EDATE(M23,12) -> 45658 | R23: =B23 -> 43831 | S23: =F23 -> 44197 | T23: =K23 -> 44562 | U23: =EDATE(T23,12) -> 44927 | V23: =EDATE(U23,12) -> 45292 | W23: =EDATE(V23,12) -> 45658
A24: =$B$5 -> Wonderfoal | B24: =$B$9*B15 -> 0 | C24: =$B$9*C15 -> 0 | D24: =$B$9*D15 -> 0 | E24: =$B$9*E15 -> 0 | F24: =$B$9*F15 -> 578550 | G24: =$B$9*G15 -> 578550 | H24: =$B$9*H15 -> 578550 | I24: =$B$9*I15 -> 578550 | K24: =$B$9*K15 -> 4628400 | L24: =$B$9*L15 -> 6942600 | M24: =$B$9*M15 -> 9256800 | N24: =$B$9*N15 -> 11571000 | Q24: =A24 -> Wonderfoal | R24: =SUM(B24:E24) -> 0 | S24: =SUM(F24:I24) -> 2314200 | T24: =K24 -> 4628400 | U24: =L24 -> 6942600 | V24: =M24 -> 9256800 | W24: =N24 -> 11571000
A25: =$F$5 -> NakotaStar | B25: =$F$9*B16 -> 0 | C25: =$F$9*C16 -> 0 | D25: =$F$9*D16 -> 0 | E25: =$F$9*E16 -> 0 | F25: =$F$9*F16 -> 0 | G25: =$F$9*G16 -> 0 | H25: =$F$9*H16 -> 0 | I25: =$F$9*I16 -> 0 | K25: =$F$9*K16 -> 2964000 | L25: =$F$9*L16 -> 5928000 | M25: =$F$9*M16 -> 11856000 | N25: =$F$9*N16 -> 23712000 | Q25: =A25 -> NakotaStar | R25: =SUM(B25:E25) -> 0 | S25: =SUM(F25:I25) -> 0 | T25: =K25 -> 2964000 | U25: =L25 -> 5928000 | V25: =M25 -> 11856000 | W25: =N25 -> 23712000
A26: =$J$5 -> Product 3 | B26: =$F$9*B17 -> 0 | C26: =$J$6*C17*(1-$J$7)*(1-$J$8) -> 0 | D26: =$J$6*D17*(1-$J$7)*(1-$J$8) -> 0 | E26: =$J$6*E17*(1-$J$7)*(1-$J$8) -> 0 | F26: =$J$6*F17*(1-$J$7)*(1-$J$8) -> 0 | G26: =$J$6*G17*(1-$J$7)*(1-$J$8) -> 0 | H26: =$J$6*H17*(1-$J$7)*(1-$J$8) -> 0 | I26: =$J$6*I17*(1-$J$7)*(1-$J$8) -> 0 | K26: =$J$6*K17*(1-$J$7)*(1-$J$8) -> 0 | L26: =$J$6*L17*(1-$J$7)*(1-$J$8) -> 0 | M26: =$J$6*M17*(1-$J$7)*(1-$J$8) -> 0 | N26: =$J$6*N17*(1-$J$7)*(1-$J$8) -> 0 | Q26: =A26 -> Product 3 | R26: =SUM(B26:E26) -> 0 | S26: =SUM(F26:I26) -> 0 | T26: =K26 -> 0 | U26: =L26 -> 0 | V26: =M26 -> 0 | W26: =N26 -> 0
A27: Total | B27: =SUM(B24:B26) -> 0 | C27: =SUM(C24:C26) -> 0 | D27: =SUM(D24:D26) -> 0 | E27: =SUM(E24:E26) -> 0 | F27: =SUM(F24:F26) -> 578550 | G27: =SUM(G24:G26) -> 578550 | H27: =SUM(H24:H26) -> 578550 | I27: =SUM(I24:I26) -> 578550 | K27: =SUM(K24:K26) -> 7592400 | L27: =SUM(L24:L26) -> 12870600 | M27: =SUM(M24:M26) -> 21112800 | N27: =SUM(N24:N26) -> 35283000 | R27: =SUM(R24:R26) -> 0 | S27: =SUM(S24:S26) -> 2314200 | T27: =SUM(T24:T26) -> 7592400 | U27: =SUM(U24:U26) -> 12870600 | V27: =SUM(V24:V26) -> 21112800 | W27: =SUM(W24:W26) -> 35283000

Sheet Revenues
A1: Revenue Projections - Final | Q1: =CompanyName &" Revenue Forecast" -> WorkHorse Inc. Revenue Forecast
A2: ="Revenues ("&SubHeader&")" -> Revenues (USD)
Q3: First two years - Quarterly
A4: Method Choice
A5: Revenues | B5: Bottom-up
A7: Revenues can be projected using either of the following methods:
B8: Top-down
B9: Bottom-up
A12: Revenue Projection
B13: Quarterly Units sold (years 1 and 2) | K13: Annual Units sold (years 3 to 6)
B14: Year 1 | F14: Year 2 | K14: Year 3 | L14: Year 4 | M14: Year 5 | N14: Year 6
B15: =StartDate -> 43831 | C15: =EDATE(B15,3) -> 43922 | D15: =EDATE(C15,3) -> 44013 | E15: =EDATE(D15,3) -> 44105 | F15: =EDATE(E15,3) -> 44197 | G15: =EDATE(F15,3) -> 44287 | H15: =EDATE(G15,3) -> 44378 | I15: =EDATE(H15,3) -> 44470 | K15: =EDATE(I15,3) -> 44562 | L15: =EDATE(K15,12) -> 44927 | M15: =EDATE(L15,12) -> 45292 | N15: =EDATE(M15,12) -> 45658
A16: =IF($B$5="Bottom-up",'Bottom-Up'!A24,'Top-Down'!A42) -> Wonderfoal | B16: =IF($B$5="Bottom-up",'Bottom-Up'!B24,'Top-Down'!B42) -> 0 | C16: =IF($B$5="Bottom-up",'Bottom-Up'!C24,'Top-Down'!C42) -> 0 | D16: =IF($B$5="Bottom-up",'Bottom-Up'!D24,'Top-Down'!D42) -> 0 | E16: =IF($B$5="Bottom-up",'Bottom-Up'!E24,'Top-Down'!E42) -> 0 | F16: =IF($B$5="Bottom-up",'Bottom-Up'!F24,'Top-Down'!F42) -> 578550 | G16: =IF($B$5="Bottom-up",'Bottom-Up'!G24,'Top-Down'!G42) -> 578550 | H16: =IF($B$5="Bottom-up",'Bottom-Up'!H24,'Top-Down'!H42) -> 578550 | I16: =IF($B$5="Bottom-up",'Bottom-Up'!I24,'Top-Down'!I42) -> 578550 | K16: =IF($B$5="Bottom-up",'Bottom-Up'!K24,'Top-Down'!K42) -> 4628400 | L16: =IF($B$5="Bottom-up",'Bottom-Up'!L24,'Top-Down'!L42) -> 6942600 | M16: =IF($B$5="Bottom-up",'Bottom-Up'!M24,'Top-Down'!M42) -> 9256800 | N16: =IF($B$5="Bottom-up",'Bottom-Up'!N24,'Top-Down'!N42) -> 11571000
A17: =IF($B$5="Bottom-up",'Bottom-Up'!A25,'Top-Down'!A43) -> NakotaStar | B17: =IF($B$5="Bottom-up",'Bottom-Up'!B25,'Top-Down'!B43) -> 0 | C17: =IF($B$5="Bottom-up",'Bottom-Up'!C25,'Top-Down'!C43) -> 0 | D17: =IF($B$5="Bottom-up",'Bottom-Up'!D25,'Top-Down'!D43) -> 0 | E17: =IF($B$5="Bottom-up",'Bottom-Up'!E25,'Top-Down'!E43) -> 0 | F17: =IF($B$5="Bottom-up",'Bottom-Up'!F25,'Top-Down'!F43) -> 0 | G17: =IF($B$5="Bottom-up",'Bottom-Up'!G25,'Top-Down'!G43) -> 0 | H17: =IF($B$5="Bottom-up",'Bottom-Up'!H25,'Top-Down'!H43) -> 0 | I17: =IF($B$5="Bottom-up",'Bottom-Up'!I25,'Top-Down'!I43) -> 0 | K17: =IF($B$5="Bottom-up",'Bottom-Up'!K25,'Top-Down'!K43) -> 2964000 | L17: =IF($B$5="Bottom-up",'Bottom-Up'!L25,'Top-Down'!L43) -> 5928000 | M17: =IF($B$5="Bottom-up",'Bottom-Up'!M25,'Top-Down'!M43) -> 11856000 | N17: =IF($B$5="Bottom-up",'Bottom-Up'!N25,'Top-Down'!N43) -> 23712000
A18: =IF($B$5="Bottom-up",'Bottom-Up'!A26,'Top-Down'!A44) -> Product 3 | B18: =IF($B$5="Bottom-up",'Bottom-Up'!B26,'Top-Down'!B44) -> 0 | C18: =IF($B$5="Bottom-up",'Bottom-Up'!C26,'Top-Down'!C44) -> 0 | D18: =IF($B$5="Bottom-up",'Bottom-Up'!D26,'Top-Down'!D44) -> 0 | E18: =IF($B$5="Bottom-up",'Bottom-Up'!E26,'Top-Down'!E44) -> 0 | F18: =IF($B$5="Bottom-up",'Bottom-Up'!F26,'Top-Down'!F44) -> 0 | G18: =IF($B$5="Bottom-up",'Bottom-Up'!G26,'Top-Down'!G44) -> 0 | H18: =IF($B$5="Bottom-up",'Bottom-Up'!H26,'Top-Down'!H44) -> 0 | I18: =IF($B$5="Bottom-up",'Bottom-Up'!I26,'Top-Down'!I44) -> 0 | K18: =IF($B$5="Bottom-up",'Bottom-Up'!K26,'Top-Down'!K44) -> 0 | L18: =IF($B$5="Bottom-up",'Bottom-Up'!L26,'Top-Down'!L44) -> 0 | M18: =IF($B$5="Bottom-up",'Bottom-Up'!M26,'Top-Down'!M44) -> 0 | N18: =IF($B$5="Bottom-up",'Bottom-Up'!N26,'Top-Down'!N44) -> 0
A19: Total | B19: =SUM(B16:B18) -> 0 | C19: =SUM(C16:C18) -> 0 | D19: =SUM(D16:D18) -> 0 | E19: =SUM(E16:E18) -> 0 | F19: =SUM(F16:F18) -> 578550 | G19: =SUM(G16:G18) -> 578550 | H19: =SUM(H16:H18) -> 578550 | I19: =SUM(I16:I18) -> 578550 | K19: =SUM(K16:K18) -> 7592400 | L19: =SUM(L16:L18) -> 12870600 | M19: =SUM(M16:M18) -> 21112800 | N19: =SUM(N16:N18) -> 35283000
Q22: Full Forecast - Annual (6 years)
R24: Annual Projections
R25: Year 1 | S25: Year 2 | T25: Year 3 | U25: Year 4 | V25: Year 5 | W25: Year 6
R26: =B15 -> 43831 | S26: =F15 -> 44197 | T26: =K15 -> 44562 | U26: =EDATE(T26,12) -> 44927 | V26: =EDATE(U26,12) -> 45292 | W26: =EDATE(V26,12) -> 45658
Q27: =A16 -> Wonderfoal | R27: =SUM(B16:E16) -> 0 | S27: =SUM(F16:I16) -> 2314200 | T27: =K16 -> 4628400 | U27: =L16 -> 6942600 | V27: =M16 -> 9256800 | W27: =N16 -> 11571000
Q28: =A17 -> NakotaStar | R28: =SUM(B17:E17) -> 0 | S28: =SUM(F17:I17) -> 0 | T28: =K17 -> 2964000 | U28: =L17 -> 5928000 | V28: =M17 -> 11856000 | W28: =N17 -> 23712000
Q29: =A18 -> Product 3 | R29: =SUM(B18:E18) -> 0 | S29: =SUM(F18:I18) -> 0 | T29: =K18 -> 0 | U29: =L18 -> 0 | V29: =M18 -> 0 | W29: =N18 -> 0
R30: =SUM(R27:R29) -> 0 | S30: =SUM(S27:S29) -> 2314200 | T30: =SUM(T27:T29) -> 7592400 | U30: =SUM(U27:U29) -> 12870600 | V30: =SUM(V27:V29) -> 21112800 | W30: =SUM(W27:W29) -> 35283000

Sheet Costs ->

Sheet COGS
A1: Projected Cost of Good Sold (COGS) | Q1: =CompanyName &" COGS Forecast - Top-down" -> WorkHorse Inc. COGS Forecast - Top-down
A2: ="COGS ("&SubHeader&")" -> COGS (USD)
Q3: First two years - Quarterly
A4: Note: On Working Capital tab, the preferred method can be selected from:
B5: Bottom-up
B6: Top-down
A8: COGS Projection - Top-down
A10: Top-down Assumptions - Expected Gross Margin
B11: Wonderfoal | C11: Notes on assumptions | F11: NakotaStar | G11: Notes on assumptions | J11: =Revenues!A18 -> Product 3 | K11: Notes on assumptions
A12: Expected Gross Margin | B12: =(('Bottom-Up'!B9)-('Bottom-Up'!B6*0.25))/'Bottom-Up'!B9 -> 0.56140351 | C12: Based on market comparables | F12: =(('Bottom-Up'!F9)-('Bottom-Up'!F6*0.25))/'Bottom-Up'!F9 -> 0.34210526 | G12: Based on market comparables
A14: Top-down COGS Estimate
B15: Quarterly COGS (years 1 and 2) | K15: Annual COGS (years 3 to 6)
B16: Year 1 | F16: Year 2 | K16: Year 3 | L16: Year 4 | M16: Year 5 | N16: Year 6
B17: =StartDate -> 43831 | C17: =EDATE(B17,3) -> 43922 | D17: =EDATE(C17,3) -> 44013 | E17: =EDATE(D17,3) -> 44105 | F17: =EDATE(E17,3) -> 44197 | G17: =EDATE(F17,3) -> 44287 | H17: =EDATE(G17,3) -> 44378 | I17: =EDATE(H17,3) -> 44470 | K17: =EDATE(I17,3) -> 44562 | L17: =EDATE(K17,12) -> 44927 | M17: =EDATE(L17,12) -> 45292 | N17: =EDATE(M17,12) -> 45658
A18: =B11 -> Wonderfoal | B18: =Revenues!B16*(1-COGS!$B$12) -> 0 | C18: =Revenues!C16*(1-COGS!$B$12) -> 0 | D18: =Revenues!D16*(1-COGS!$B$12) -> 0 | E18: =Revenues!E16*(1-COGS!$B$12) -> 0 | F18: =Revenues!F16*(1-COGS!$B$12) -> 253750 | G18: =Revenues!G16*(1-COGS!$B$12) -> 253750 | H18: =Revenues!H16*(1-COGS!$B$12) -> 253750 | I18: =Revenues!I16*(1-COGS!$B$12) -> 253750 | K18: =Revenues!K16*(1-COGS!$B$12) -> 2030000 | L18: =Revenues!L16*(1-COGS!$B$12) -> 3045000 | M18: =Revenues!M16*(1-COGS!$B$12) -> 4060000 | N18: =Revenues!N16*(1-COGS!$B$12) -> 5075000
A19: =F11 -> NakotaStar | B19: =Revenues!B17*(1-COGS!$F$12) -> 0 | C19: =Revenues!C17*(1-COGS!$F$12) -> 0 | D19: =Revenues!D17*(1-COGS!$F$12) -> 0 | E19: =Revenues!E17*(1-COGS!$F$12) -> 0 | F19: =Revenues!F17*(1-COGS!$F$12) -> 0 | G19: =Revenues!G17*(1-COGS!$F$12) -> 0 | H19: =Revenues!H17*(1-COGS!$F$12) -> 0 | I19: =Revenues!I17*(1-COGS!$F$12) -> 0 | K19: =Revenues!K17*(1-COGS!$F$12) -> 1950000 | L19: =Revenues!L17*(1-COGS!$F$12) -> 3900000 | M19: =Revenues!M17*(1-COGS!$F$12) -> 7800000 | N19: =Revenues!N17*(1-COGS!$F$12) -> 15600000
A20: =J11 -> Product 3 | B20: =Revenues!B18*(1-COGS!$F$12) -> 0 | C20: =Revenues!C18*(1-COGS!$J$12) -> 0 | D20: =Revenues!D18*(1-COGS!$J$12) -> 0 | E20: =Revenues!E18*(1-COGS!$J$12) -> 0 | F20: =Revenues!F18*(1-COGS!$J$12) -> 0 | G20: =Revenues!G18*(1-COGS!$J$12) -> 0 | H20: =Revenues!H18*(1-COGS!$J$12) -> 0 | I20: =Revenues!I18*(1-COGS!$J$12) -> 0 | K20: =Revenues!K18*(1-COGS!$J$12) -> 0 | L20: =Revenues!L18*(1-COGS!$J$12) -> 0 | M20: =Revenues!M18*(1-COGS!$J$12) -> 0 | N20: =Revenues!N18*(1-COGS!$J$12) -> 0
A21: Total | B21: =SUM(B18:B20) -> 0 | C21: =SUM(C18:C20) -> 0 | D21: =SUM(D18:D20) -> 0 | E21: =SUM(E18:E20) -> 0 | F21: =SUM(F18:F20) -> 253750 | G21: =SUM(G18:G20) -> 253750 | H21: =SUM(H18:H20) -> 253750 | I21: =SUM(I18:I20) -> 253750 | K21: =SUM(K18:K20) -> 3980000 | L21: =SUM(L18:L20) -> 6945000 | M21: =SUM(M18:M20) -> 11860000 | N21: =SUM(N18:N20) -> 20675000
Q22: Full Forecast - Annual (6 years)
A24: COGS Projection - Bottom-up | R24: Annual Projections
R25: Year 1 | S25: Year 2 | T25: Year 3 | U25: Year 4 | V25: Year 5 | W25: Year 6
A26: ="Bottom-up Assumptions - Unit Costs to Manufacture (in "&SubHeader&")" -> Bottom-up Assumptions - Unit Costs to Manufacture (in USD) | R26: =B17 -> 43831 | S26: =F17 -> 44197 | T26: =K17 -> 44562 | U26: =EDATE(T26,12) -> 44927 | V26: =EDATE(U26,12) -> 45292 | W26: =EDATE(V26,12) -> 45658
B27: ='Bottom-Up'!B5 -> Wonderfoal | C27: Notes on assumptions | F27: ='Bottom-Up'!F5 -> NakotaStar | G27: Notes on assumptions | J27: ='Bottom-Up'!J5 -> Product 3 | K27: Notes on assumptions | Q27: =A18 -> Wonderfoal | R27: =SUM(B18:E18) -> 0 | S27: =SUM(F18:I18) -> 1015000 | T27: =K18 -> 2030000 | U27: =L18 -> 3045000 | V27: =M18 -> 4060000 | W27: =N18 -> 5075000
A28: Solar Panels | B28: 45 | F28: 55 | Q28: =A19 -> NakotaStar | R28: =SUM(B19:E19) -> 0 | S28: =SUM(F19:I19) -> 0 | T28: =K19 -> 1950000 | U28: =L19 -> 3900000 | V28: =M19 -> 7800000 | W28: =N19 -> 15600000
A29: Battery | B29: 35 | F29: 45 | Q29: =A20 -> Product 3 | R29: =SUM(B20:E20) -> 0 | S29: =SUM(F20:I20) -> 0 | T29: =K20 -> 0 | U29: =L20 -> 0 | V29: =M20 -> 0 | W29: =N20 -> 0
A30: Circuitry and Hardware | B30: 15 | F30: 25 | R30: =SUM(R27:R29) -> 0 | S30: =SUM(S27:S29) -> 1015000 | T30: =SUM(T27:T29) -> 3980000 | U30: =SUM(U27:U29) -> 6945000 | V30: =SUM(V27:V29) -> 11860000 | W30: =SUM(W27:W29) -> 20675000
A31: Assembly | B31: 20 | F31: 20
A32: Enclosure | B32: 8 | F32: 8
A33: Shipping | B33: 4 | F33: 4
A38: Total COGS per unit | B38: =SUM(B28:B37) -> 127 | F38: =SUM(F28:F37) -> 157 | J38: =SUM(J28:J37) -> 0
A40: Year of estimate | B40: 2020 | F40: 2020
A41: CAGR of COGS | B41: 0.04 | C41: Based on market comparables | F41: 0.04 | G41: Based on market comparables
A45: Bottom-up COGS Estimate
B46: Quarterly COGS (years 1 and 2) | K46: Annual COGS (years 3 to 6)
B47: Year 1 | F47: Year 2 | K47: Year 3 | L47: Year 4 | M47: Year 5 | N47: Year 6
B48: =StartDate -> 43831 | C48: =EDATE(B48,3) -> 43922 | D48: =EDATE(C48,3) -> 44013 | E48: =EDATE(D48,3) -> 44105 | F48: =EDATE(E48,3) -> 44197 | G48: =EDATE(F48,3) -> 44287 | H48: =EDATE(G48,3) -> 44378 | I48: =EDATE(H48,3) -> 44470 | K48: =EDATE(I48,3) -> 44562 | L48: =EDATE(K48,12) -> 44927 | M48: =EDATE(L48,12) -> 45292 | N48: =EDATE(M48,12) -> 45658
A49: =B27 -> Wonderfoal | B49: ='Bottom-Up'!B15*COGS!$B38*((1+$B$41)^(YEAR(B48)-$B$40)) -> 0 | C49: ='Bottom-Up'!C15*COGS!$B38*((1+$B$41)^(YEAR(C48)-$B$40)) -> 0 | D49: ='Bottom-Up'!D15*COGS!$B38*((1+$B$41)^(YEAR(D48)-$B$40)) -> 0 | E49: ='Bottom-Up'!E15*COGS!$B38*((1+$B$41)^(YEAR(E48)-$B$40)) -> 0 | F49: ='Bottom-Up'!F15*COGS!$B38*((1+$B$41)^(YEAR(F48)-$B$40)) -> 231140 | G49: ='Bottom-Up'!G15*COGS!$B38*((1+$B$41)^(YEAR(G48)-$B$40)) -> 231140 | H49: ='Bottom-Up'!H15*COGS!$B38*((1+$B$41)^(YEAR(H48)-$B$40)) -> 231140 | I49: ='Bottom-Up'!I15*COGS!$B38*((1+$B$41)^(YEAR(I48)-$B$40)) -> 231140 | K49: ='Bottom-Up'!K15*COGS!$B38*((1+$B$41)^(YEAR(K48)-$B$40)) -> 1923084.8 | L49: ='Bottom-Up'!L15*COGS!$B38*((1+$B$41)^(YEAR(L48)-$B$40)) -> 3000012.3 | M49: ='Bottom-Up'!M15*COGS!$B38*((1+$B$41)^(YEAR(M48)-$B$40)) -> 4160017 | N49: ='Bottom-Up'!N15*COGS!$B38*((1+$B$41)^(YEAR(N48)-$B$40)) -> 5408022.2
A50: =F27 -> NakotaStar | B50: ='Bottom-Up'!B16*COGS!$F38*((1+$F$41)^(YEAR(B48)-$F$40)) -> 0 | C50: ='Bottom-Up'!C16*COGS!$F38*((1+$F$41)^(YEAR(C48)-$F$40)) -> 0 | D50: ='Bottom-Up'!D16*COGS!$F38*((1+$F$41)^(YEAR(D48)-$F$40)) -> 0 | E50: ='Bottom-Up'!E16*COGS!$F38*((1+$F$41)^(YEAR(E48)-$F$40)) -> 0 | F50: ='Bottom-Up'!F16*COGS!$F38*((1+$F$41)^(YEAR(F48)-$F$40)) -> 0 | G50: ='Bottom-Up'!G16*COGS!$F38*((1+$F$41)^(YEAR(G48)-$F$40)) -> 0 | H50: ='Bottom-Up'!H16*COGS!$F38*((1+$F$41)^(YEAR(H48)-$F$40)) -> 0 | I50: ='Bottom-Up'!I16*COGS!$F38*((1+$F$41)^(YEAR(I48)-$F$40)) -> 0 | K50: ='Bottom-Up'!K16*COGS!$F38*((1+$F$41)^(YEAR(K48)-$F$40)) -> 1698112 | L50: ='Bottom-Up'!L16*COGS!$F38*((1+$F$41)^(YEAR(L48)-$F$40)) -> 3532073 | M50: ='Bottom-Up'!M16*COGS!$F38*((1+$F$41)^(YEAR(M48)-$F$40)) -> 7346711.8 | N50: ='Bottom-Up'!N16*COGS!$F38*((1+$F$41)^(YEAR(N48)-$F$40)) -> 15281160
A51: =J27 -> Product 3 | B51: ='Bottom-Up'!B17*COGS!$J38*((1+$J$41)^(YEAR(B48)-$J$40)) -> 0 | C51: ='Bottom-Up'!C17*COGS!$J38*((1+$J$41)^(YEAR(C48)-$J$40)) -> 0 | D51: ='Bottom-Up'!D17*COGS!$J38*((1+$J$41)^(YEAR(D48)-$J$40)) -> 0 | E51: ='Bottom-Up'!E17*COGS!$J38*((1+$J$41)^(YEAR(E48)-$J$40)) -> 0 | F51: ='Bottom-Up'!F17*COGS!$J38*((1+$J$41)^(YEAR(F48)-$J$40)) -> 0 | G51: ='Bottom-Up'!G17*COGS!$J38*((1+$J$41)^(YEAR(G48)-$J$40)) -> 0 | H51: ='Bottom-Up'!H17*COGS!$J38*((1+$J$41)^(YEAR(H48)-$J$40)) -> 0 | I51: ='Bottom-Up'!I17*COGS!$J38*((1+$J$41)^(YEAR(I48)-$J$40)) -> 0 | K51: ='Bottom-Up'!K17*COGS!$J38*((1+$J$41)^(YEAR(K48)-$J$40)) -> 0 | L51: ='Bottom-Up'!L17*COGS!$J38*((1+$J$41)^(YEAR(L48)-$J$40)) -> 0 | M51: ='Bottom-Up'!M17*COGS!$J38*((1+$J$41)^(YEAR(M48)-$J$40)) -> 0 | N51: ='Bottom-Up'!N17*COGS!$J38*((1+$J$41)^(YEAR(N48)-$J$40)) -> 0 | Q51: =CompanyName &" COGS Forecast - Bottom-up" -> WorkHorse Inc. COGS Forecast - Bottom-up
A52: Total | B52: =SUM(B49:B51) -> 0 | C52: =SUM(C49:C51) -> 0 | D52: =SUM(D49:D51) -> 0 | E52: =SUM(E49:E51) -> 0 | F52: =SUM(F49:F51) -> 231140 | G52: =SUM(G49:G51) -> 231140 | H52: =SUM(H49:H51) -> 231140 | I52: =SUM(I49:I51) -> 231140 | K52: =SUM(K49:K51) -> 3621196.8 | L52: =SUM(L49:L51) -> 6532085.2 | M52: =SUM(M49:M51) -> 11506729 | N52: =SUM(N49:N51) -> 20689183
Q53: First two years - Quarterly
Q71: Full Forecast - Annual (6 years)
R73: Annual Projections
R74: Year 1 | S74: Year 2 | T74: Year 3 | U74: Year 4 | V74: Year 5 | W74: Year 6
R75: =B48 -> 43831 | S75: =F48 -> 44197 | T75: =K48 -> 44562 | U75: =L48 -> 44927 | V75: =M48 -> 45292 | W75: =N48 -> 45658
Q76: =A49 -> Wonderfoal | R76: =SUM(B49:E49) -> 0 | S76: =SUM(F49:I49) -> 924560 | T76: =K49 -> 1923084.8 | U76: =L49 -> 3000012.3 | V76: =M49 -> 4160017 | W76: =N49 -> 5408022.2
Q77: =A50 -> NakotaStar | R77: =SUM(B50:E50) -> 0 | S77: =SUM(F50:I50) -> 0 | T77: =K50 -> 1698112 | U77: =L50 -> 3532073 | V77: =M50 -> 7346711.8 | W77: =N50 -> 15281160
Q78: =A51 -> Product 3 | R78: =SUM(B51:E51) -> 0 | S78: =SUM(F51:I51) -> 0 | T78: =K51 -> 0 | U78: =L51 -> 0 | V78: =M51 -> 0 | W78: =N51 -> 0
R79: =SUM(R76:R78) -> 0 | S79: =SUM(S76:S78) -> 924560 | T79: =SUM(T76:T78) -> 3621196.8 | U79: =SUM(U76:U78) -> 6532085.2 | V79: =SUM(V76:V78) -> 11506729 | W79: =SUM(W76:W78) -> 20689183

Sheet Payroll
A1: Projected Payroll Costs | Q1: =CompanyName &" Projected Payroll Charts" -> WorkHorse Inc. Projected Payroll Charts
A2: ="Payroll ("&SubHeader&")" -> Payroll (USD)
Q3: First two years - Quarterly
A4: ="Assumptions - Annual Payroll Needs (costs in "&SubHeader&")" -> Assumptions - Annual Payroll Needs (costs in USD)
B5: Founders (first year) | C5: Notes on assumptions | F5: Founders (2021 onwards) | G5: Notes on assumptions | J5: Engineers | K5: Notes on assumptions
A6: Gross Pay | B6: 25000 | F6: 85000 | G6: Assumed that investors will go along with this | J6: 80000
A7: Employer Taxes | B7: =B6*0.15 -> 3750 | F7: =F6*0.15 -> 12750 | J7: =J6*0.15 -> 12000
A8: Employment Insurance | B8: =B6*0.05 -> 1250 | F8: =F6*0.05 -> 4250 | J8: =J6*0.05 -> 4000
A9: Pension | B9: =B6*0.02 -> 500 | F9: =F6*0.02 -> 1700 | J9: =J6*0.02 -> 1600
A10: Health Insurance | B10: =B6*0.07 -> 1750 | F10: =F6*0.07 -> 5950 | J10: =J6*0.07 -> 5600
A11: Other Benefits | B11: =B6*0.1 -> 2500 | C11: hiring costs and other benefits added here | F11: =F6*0.1 -> 8500 | J11: =J6*0.1 -> 8000
A12: Annual cost per person | B12: =SUM(B6:B11) -> 34750 | F12: =SUM(F6:F11) -> 118150 | J12: =SUM(J6:J11) -> 111200
B15: Sales | C15: Notes on assumptions | F15: Admin | G15: Notes on assumptions | J15: Finance | K15: Notes on assumptions
A16: Gross Pay | B16: 80000 | F16: 50000 | J16: 110000
A17: Employer Taxes | B17: =B16*0.15 -> 12000 | F17: =F16*0.15 -> 7500 | J17: =J16*0.15 -> 16500
A18: Employment Insurance | B18: =B16*0.05 -> 4000 | F18: =F16*0.05 -> 2500 | J18: =J16*0.05 -> 5500
A19: Pension | B19: =B16*0.02 -> 1600 | F19: =F16*0.02 -> 1000 | J19: =J16*0.02 -> 2200
A20: Health Insurance | B20: =B16*0.07 -> 5600 | F20: =F16*0.07 -> 3500 | J20: =J16*0.07 -> 7700
A21: Other Benefits | B21: =B16*0.1 -> 8000 | F21: =F16*0.1 -> 5000 | J21: =J16*0.1 -> 11000 | Q21: Full Forecast - Annual (6 years)
A22: Annual cost per person | B22: =SUM(B16:B21) -> 111200 | F22: =SUM(F16:F21) -> 69500 | J22: =SUM(J16:J21) -> 152900
R23: Annual Projections
R24: Year 1 | S24: Year 2 | T24: Year 3 | U24: Year 4 | V24: Year 5 | W24: Year 6
R25: =B42 -> 43831 | S25: =F42 -> 44197 | T25: =K42 -> 44562 | U25: =EDATE(T25,12) -> 44927 | V25: =EDATE(U25,12) -> 45292 | W25: =EDATE(V25,12) -> 45658
A26: Assumptions - Number of persons employed | Q26: =A43 -> Founders (first year) | R26: =SUM(B43:E43) -> 139000 | S26: =SUM(F43:I43) -> 0 | T26: =K43 -> 0 | U26: =L43 -> 0 | V26: =M43 -> 0 | W26: =N43 -> 0
B27: Count of Employees by Quarter (years 1 and 2) | K27: Count of Employees by year (years 3 to 6) | Q27: =A44 -> Founders (2021 onwards) | R27: =SUM(B44:E44) -> 0 | S27: =SUM(F44:I44) -> 472600 | T27: =K44 -> 472600 | U27: =L44 -> 472600 | V27: =M44 -> 472600 | W27: =N44 -> 472600
B28: Year 1 | F28: Year 2 | K28: Year 3 | L28: Year 4 | M28: Year 5 | N28: Year 6 | Q28: =A45 -> Engineers | R28: =SUM(B45:E45) -> 55600 | S28: =SUM(F45:I45) -> 417000 | T28: =K45 -> 667200 | U28: =L45 -> 889600 | V28: =M45 -> 1112000 | W28: =N45 -> 1334400
B29: =StartDate -> 43831 | C29: =EDATE(B29,3) -> 43922 | D29: =EDATE(C29,3) -> 44013 | E29: =EDATE(D29,3) -> 44105 | F29: =EDATE(E29,3) -> 44197 | G29: =EDATE(F29,3) -> 44287 | H29: =EDATE(G29,3) -> 44378 | I29: =EDATE(H29,3) -> 44470 | K29: =EDATE(I29,3) -> 44562 | L29: =EDATE(K29,12) -> 44927 | M29: =EDATE(L29,12) -> 45292 | N29: =EDATE(M29,12) -> 45658 | Q29: =A46 -> Sales | R29: =SUM(B46:E46) -> 27800 | S29: =SUM(F46:I46) -> 361400 | T29: =K46 -> 667200 | U29: =L46 -> 1223200 | V29: =M46 -> 1556800 | W29: =N46 -> 1668000
A30: =B5 -> Founders (first year) | B30: 4 | C30: 4 | D30: 4 | E30: 4 | Q30: =A47 -> Admin | R30: =SUM(B47:E47) -> 0 | S30: =SUM(F47:I47) -> 121625 | T30: =K47 -> 278000 | U30: =L47 -> 486500 | V30: =M47 -> 556000 | W30: =N47 -> 625500
A31: =F5 -> Founders (2021 onwards) | F31: 4 | G31: 4 | H31: 4 | I31: 4 | K31: 4 | L31: 4 | M31: 4 | N31: 4 | Q31: =A48 -> Finance | R31: =SUM(B48:E48) -> 0 | S31: =SUM(F48:I48) -> 114675 | T31: =K48 -> 305800 | U31: =L48 -> 458700 | V31: =M48 -> 458700 | W31: =N48 -> 458700
A32: =J5 -> Engineers | D32: 1 | E32: 1 | F32: 3 | G32: 3 | H32: 4 | I32: 5 | K32: 6 | L32: 8 | M32: 10 | N32: 12 | R32: =SUM(R26:R31) -> 222400 | S32: =SUM(S26:S31) -> 1487300 | T32: =SUM(T26:T31) -> 2390800 | U32: =SUM(U26:U31) -> 3530600 | V32: =SUM(V26:V31) -> 4156100 | W32: =SUM(W26:W31) -> 4559200
A33: =B15 -> Sales | E33: 1 | F33: 2 | G33: 3 | H33: 3 | I33: 5 | K33: 6 | L33: 11 | M33: 14 | N33: 15
A34: =F15 -> Admin | F34: 1 | G34: 1 | H34: 2 | I34: 3 | K34: 4 | L34: 7 | M34: 8 | N34: 9
A35: =J15 -> Finance | G35: 1 | H35: 1 | I35: 1 | K35: 2 | L35: 3 | M35: 3 | N35: 3
A36: Total | B36: =SUM(B30:B35) -> 4 | C36: =SUM(C30:C35) -> 4 | D36: =SUM(D30:D35) -> 5 | E36: =SUM(E30:E35) -> 6 | F36: =SUM(F30:F35) -> 10 | G36: =SUM(G30:G35) -> 12 | H36: =SUM(H30:H35) -> 14 | I36: =SUM(I30:I35) -> 18 | K36: =SUM(K30:K35) -> 22 | L36: =SUM(L30:L35) -> 33 | M36: =SUM(M30:M35) -> 39 | N36: =SUM(N30:N35) -> 43
A39: Total Payroll Costs
B40: Quarterly Payroll Costs (years 1 and 2) | K40: Annual Payroll Costs (years 3 to 6)
B41: Year 1 | F41: Year 2 | K41: Year 3 | L41: Year 4 | M41: Year 5 | N41: Year 6
B42: =StartDate -> 43831 | C42: =EDATE(B42,3) -> 43922 | D42: =EDATE(C42,3) -> 44013 | E42: =EDATE(D42,3) -> 44105 | F42: =EDATE(E42,3) -> 44197 | G42: =EDATE(F42,3) -> 44287 | H42: =EDATE(G42,3) -> 44378 | I42: =EDATE(H42,3) -> 44470 | K42: =EDATE(I42,3) -> 44562 | L42: =EDATE(K42,12) -> 44927 | M42: =EDATE(L42,12) -> 45292 | N42: =EDATE(M42,12) -> 45658
A43: =A30 -> Founders (first year) | B43: =$B$12*B30/4 -> 34750 | C43: =$B$12*C30/4 -> 34750 | D43: =$B$12*D30/4 -> 34750 | E43: =$B$12*E30/4 -> 34750 | F43: =$B$12*F30/4 -> 0 | G43: =$B$12*G30/4 -> 0 | H43: =$B$12*H30/4 -> 0 | I43: =$B$12*I30/4 -> 0 | K43: =$B$12*K30 -> 0 | L43: =$B$12*L30 -> 0 | M43: =$B$12*M30 -> 0 | N43: =$B$12*N30 -> 0
A44: =A31 -> Founders (2021 onwards) | B44: =$F$12*B31/4 -> 0 | C44: =$F$12*C31/4 -> 0 | D44: =$F$12*D31/4 -> 0 | E44: =$F$12*E31/4 -> 0 | F44: =$F$12*F31/4 -> 118150 | G44: =$F$12*G31/4 -> 118150 | H44: =$F$12*H31/4 -> 118150 | I44: =$F$12*I31/4 -> 118150 | K44: =$F$12*K31 -> 472600 | L44: =$F$12*L31 -> 472600 | M44: =$F$12*M31 -> 472600 | N44: =$F$12*N31 -> 472600
A45: =A32 -> Engineers | B45: =$J$12*B32/4 -> 0 | C45: =$J$12*C32/4 -> 0 | D45: =$J$12*D32/4 -> 27800 | E45: =$J$12*E32/4 -> 27800 | F45: =$J$12*F32/4 -> 83400 | G45: =$J$12*G32/4 -> 83400 | H45: =$J$12*H32/4 -> 111200 | I45: =$J$12*I32/4 -> 139000 | K45: =$J$12*K32 -> 667200 | L45: =$J$12*L32 -> 889600 | M45: =$J$12*M32 -> 1112000 | N45: =$J$12*N32 -> 1334400
A46: =A33 -> Sales | B46: =$B$22*B33/4 -> 0 | C46: =$B$22*C33/4 -> 0 | D46: =$B$22*D33/4 -> 0 | E46: =$B$22*E33/4 -> 27800 | F46: =$B$22*F33/4 -> 55600 | G46: =$B$22*G33/4 -> 83400 | H46: =$B$22*H33/4 -> 83400 | I46: =$B$22*I33/4 -> 139000 | K46: =$B$22*K33 -> 667200 | L46: =$B$22*L33 -> 1223200 | M46: =$B$22*M33 -> 1556800 | N46: =$B$22*N33 -> 1668000
A47: =A34 -> Admin | B47: =$F$22*B34/4 -> 0 | C47: =$F$22*C34/4 -> 0 | D47: =$F$22*D34/4 -> 0 | E47: =$F$22*E34/4 -> 0 | F47: =$F$22*F34/4 -> 17375 | G47: =$F$22*G34/4 -> 17375 | H47: =$F$22*H34/4 -> 34750 | I47: =$F$22*I34/4 -> 52125 | K47: =$F$22*K34 -> 278000 | L47: =$F$22*L34 -> 486500 | M47: =$F$22*M34 -> 556000 | N47: =$F$22*N34 -> 625500
A48: =A35 -> Finance | B48: =$J$22*B35/4 -> 0 | C48: =$J$22*C35/4 -> 0 | D48: =$J$22*D35/4 -> 0 | E48: =$J$22*E35/4 -> 0 | F48: =$J$22*F35/4 -> 0 | G48: =$J$22*G35/4 -> 38225 | H48: =$J$22*H35/4 -> 38225 | I48: =$J$22*I35/4 -> 38225 | K48: =$J$22*K35 -> 305800 | L48: =$J$22*L35 -> 458700 | M48: =$J$22*M35 -> 458700 | N48: =$J$22*N35 -> 458700
A49: Total | B49: =SUM(B43:B48) -> 34750 | C49: =SUM(C43:C48) -> 34750 | D49: =SUM(D43:D48) -> 62550 | E49: =SUM(E43:E48) -> 90350 | F49: =SUM(F43:F48) -> 274525 | G49: =SUM(G43:G48) -> 340550 | H49: =SUM(H43:H48) -> 385725 | I49: =SUM(I43:I48) -> 486500 | K49: =SUM(K43:K48) -> 2390800 | L49: =SUM(L43:L48) -> 3530600 | M49: =SUM(M43:M48) -> 4156100 | N49: =SUM(N43:N48) -> 4559200

Sheet Other Operating Expenses
A1: Other Operating Expenses Projections | Q1: =CompanyName &" Projected Operating Costs Chart" -> WorkHorse Inc. Projected Operating Costs Chart
A2: ="Operating Expenses ("&SubHeader&")" -> Operating Expenses (USD)
Q3: First two years - Quarterly
A4: Assumptions - Costs and Growth Rates
B5: Annual Cost | C5: CAGR | D5: Notes on assumptions
A6: Professional Services | B6: 20000 | C6: 0.15 | D6: Accounting, Legal, etc.
A7: Office | B7: 25000 | C7: 0.1 | D7: Rent of Office and laboratory
A8: R&D Expenses | B8: 90000 | C8: 0.8 | D8: Excluding Capex. Reliance on innovation, projected rapid increase in R&D
A9: Sales and Marketing | B9: 30000 | C9: 0.8 | D9: Training, Materials, Advertising
A10: Travel | B10: 20000 | C10: 0.2 | D10: Economy fair only
A11: Administrative | B11: 5000 | C11: 0.1 | D11: Insurance, Office Supplies, etc.
A12: Other costs | B12: 7000 | C12: 0.1 | D12: All other costs
A15: Operating Expenses Projection
B16: Quarterly Operating Costs (years 1 and 2) | K16: Annual Operating Costs (years 3 to 6)
B17: Year 1 | F17: Year 2 | K17: Year 3 | L17: Year 4 | M17: Year 5 | N17: Year 6
B18: =StartDate -> 43831 | C18: =EDATE(B18,3) -> 43922 | D18: =EDATE(C18,3) -> 44013 | E18: =EDATE(D18,3) -> 44105 | F18: =EDATE(E18,3) -> 44197 | G18: =EDATE(F18,3) -> 44287 | H18: =EDATE(G18,3) -> 44378 | I18: =EDATE(H18,3) -> 44470 | K18: =EDATE(I18,3) -> 44562 | L18: =EDATE(K18,12) -> 44927 | M18: =EDATE(L18,12) -> 45292 | N18: =EDATE(M18,12) -> 45658
A19: Initial Startup costs | B19: 0 | C19: 0 | D19: 0 | E19: 0 | F19: 0 | G19: 0 | H19: 0 | I19: 0 | K19: 0 | L19: 0 | M19: 0 | N19: 0
A20: =A6 -> Professional Services | B20: =$B6*(1+$C6)^(YEAR(B$18)-YEAR($B$18))/4 -> 5000 | C20: =$B6*(1+$C6)^(YEAR(C$18)-YEAR($B$18))/4 -> 5000 | D20: =$B6*(1+$C6)^(YEAR(D$18)-YEAR($B$18))/4 -> 5000 | E20: =$B6*(1+$C6)^(YEAR(E$18)-YEAR($B$18))/4 -> 5000 | F20: =$B6*(1+$C6)^(YEAR(F$18)-YEAR($B$18))/4 -> 5750 | G20: =$B6*(1+$C6)^(YEAR(G$18)-YEAR($B$18))/4 -> 5750 | H20: =$B6*(1+$C6)^(YEAR(H$18)-YEAR($B$18))/4 -> 5750 | I20: =$B6*(1+$C6)^(YEAR(I$18)-YEAR($B$18))/4 -> 5750 | K20: =$B6*(1+$C6)^(YEAR(K$18)-YEAR($B$18)) -> 26450 | L20: =$B6*(1+$C6)^(YEAR(L$18)-YEAR($B$18)) -> 30417.5 | M20: =$B6*(1+$C6)^(YEAR(M$18)-YEAR($B$18)) -> 34980.125 | N20: =$B6*(1+$C6)^(YEAR(N$18)-YEAR($B$18)) -> 40227.144
A21: =A7 -> Office | B21: =$B7*(1+$C7)^(YEAR(B$18)-YEAR($B$18))/4 -> 6250 | C21: =$B7*(1+$C7)^(YEAR(C$18)-YEAR($B$18))/4 -> 6250 | D21: =$B7*(1+$C7)^(YEAR(D$18)-YEAR($B$18))/4 -> 6250 | E21: =$B7*(1+$C7)^(YEAR(E$18)-YEAR($B$18))/4 -> 6250 | F21: =$B7*(1+$C7)^(YEAR(F$18)-YEAR($B$18))/4 -> 6875 | G21: =$B7*(1+$C7)^(YEAR(G$18)-YEAR($B$18))/4 -> 6875 | H21: =$B7*(1+$C7)^(YEAR(H$18)-YEAR($B$18))/4 -> 6875 | I21: =$B7*(1+$C7)^(YEAR(I$18)-YEAR($B$18))/4 -> 6875 | K21: =$B7*(1+$C7)^(YEAR(K$18)-YEAR($B$18)) -> 30250 | L21: =$B7*(1+$C7)^(YEAR(L$18)-YEAR($B$18)) -> 33275 | M21: =$B7*(1+$C7)^(YEAR(M$18)-YEAR($B$18)) -> 36602.5 | N21: =$B7*(1+$C7)^(YEAR(N$18)-YEAR($B$18)) -> 40262.75 | Q21: Full Forecast - Annual (6 years)
A22: =A8 -> R&D Expenses | B22: =$B8*(1+$C8)^(YEAR(B$18)-YEAR($B$18))/4 -> 22500 | C22: =$B8*(1+$C8)^(YEAR(C$18)-YEAR($B$18))/4 -> 22500 | D22: =$B8*(1+$C8)^(YEAR(D$18)-YEAR($B$18))/4 -> 22500 | E22: =$B8*(1+$C8)^(YEAR(E$18)-YEAR($B$18))/4 -> 22500 | F22: =$B8*(1+$C8)^(YEAR(F$18)-YEAR($B$18))/4 -> 40500 | G22: =$B8*(1+$C8)^(YEAR(G$18)-YEAR($B$18))/4 -> 40500 | H22: =$B8*(1+$C8)^(YEAR(H$18)-YEAR($B$18))/4 -> 40500 | I22: =$B8*(1+$C8)^(YEAR(I$18)-YEAR($B$18))/4 -> 40500 | K22: =$B8*(1+$C8)^(YEAR(K$18)-YEAR($B$18)) -> 291600 | L22: =$B8*(1+$C8)^(YEAR(L$18)-YEAR($B$18)) -> 524880 | M22: =$B8*(1+$C8)^(YEAR(M$18)-YEAR($B$18)) -> 944784 | N22: =$B8*(1+$C8)^(YEAR(N$18)-YEAR($B$18)) -> 1700611.2
A23: =A9 -> Sales and Marketing | B23: =$B9*(1+$C9)^(YEAR(B$18)-YEAR($B$18))/4 -> 7500 | C23: =$B9*(1+$C9)^(YEAR(C$18)-YEAR($B$18))/4 -> 7500 | D23: =$B9*(1+$C9)^(YEAR(D$18)-YEAR($B$18))/4 -> 7500 | E23: =$B9*(1+$C9)^(YEAR(E$18)-YEAR($B$18))/4 -> 7500 | F23: =$B9*(1+$C9)^(YEAR(F$18)-YEAR($B$18))/4 -> 13500 | G23: =$B9*(1+$C9)^(YEAR(G$18)-YEAR($B$18))/4 -> 13500 | H23: =$B9*(1+$C9)^(YEAR(H$18)-YEAR($B$18))/4 -> 13500 | I23: =$B9*(1+$C9)^(YEAR(I$18)-YEAR($B$18))/4 -> 13500 | K23: =$B9*(1+$C9)^(YEAR(K$18)-YEAR($B$18)) -> 97200 | L23: =$B9*(1+$C9)^(YEAR(L$18)-YEAR($B$18)) -> 174960 | M23: =$B9*(1+$C9)^(YEAR(M$18)-YEAR($B$18)) -> 314928 | N23: =$B9*(1+$C9)^(YEAR(N$18)-YEAR($B$18)) -> 566870.4 | R23: Annual Projections
A24: =A10 -> Travel | B24: =$B10*(1+$C10)^(YEAR(B$18)-YEAR($B$18))/4 -> 5000 | C24: =$B10*(1+$C10)^(YEAR(C$18)-YEAR($B$18))/4 -> 5000 | D24: =$B10*(1+$C10)^(YEAR(D$18)-YEAR($B$18))/4 -> 5000 | E24: =$B10*(1+$C10)^(YEAR(E$18)-YEAR($B$18))/4 -> 5000 | F24: =$B10*(1+$C10)^(YEAR(F$18)-YEAR($B$18))/4 -> 6000 | G24: =$B10*(1+$C10)^(YEAR(G$18)-YEAR($B$18))/4 -> 6000 | H24: =$B10*(1+$C10)^(YEAR(H$18)-YEAR($B$18))/4 -> 6000 | I24: =$B10*(1+$C10)^(YEAR(I$18)-YEAR($B$18))/4 -> 6000 | K24: =$B10*(1+$C10)^(YEAR(K$18)-YEAR($B$18)) -> 28800 | L24: =$B10*(1+$C10)^(YEAR(L$18)-YEAR($B$18)) -> 34560 | M24: =$B10*(1+$C10)^(YEAR(M$18)-YEAR($B$18)) -> 41472 | N24: =$B10*(1+$C10)^(YEAR(N$18)-YEAR($B$18)) -> 49766.4 | R24: Year 1 | S24: Year 2 | T24: Year 3 | U24: Year 4 | V24: Year 5 | W24: Year 6
A25: =A11 -> Administrative | B25: =$B11*(1+$C11)^(YEAR(B$18)-YEAR($B$18))/4 -> 1250 | C25: =$B11*(1+$C11)^(YEAR(C$18)-YEAR($B$18))/4 -> 1250 | D25: =$B11*(1+$C11)^(YEAR(D$18)-YEAR($B$18))/4 -> 1250 | E25: =$B11*(1+$C11)^(YEAR(E$18)-YEAR($B$18))/4 -> 1250 | F25: =$B11*(1+$C11)^(YEAR(F$18)-YEAR($B$18))/4 -> 1375 | G25: =$B11*(1+$C11)^(YEAR(G$18)-YEAR($B$18))/4 -> 1375 | H25: =$B11*(1+$C11)^(YEAR(H$18)-YEAR($B$18))/4 -> 1375 | I25: =$B11*(1+$C11)^(YEAR(I$18)-YEAR($B$18))/4 -> 1375 | K25: =$B11*(1+$C11)^(YEAR(K$18)-YEAR($B$18)) -> 6050 | L25: =$B11*(1+$C11)^(YEAR(L$18)-YEAR($B$18)) -> 6655 | M25: =$B11*(1+$C11)^(YEAR(M$18)-YEAR($B$18)) -> 7320.5 | N25: =$B11*(1+$C11)^(YEAR(N$18)-YEAR($B$18)) -> 8052.55 | R25: =B18 -> 43831 | S25: =F18 -> 44197 | T25: =K18 -> 44562 | U25: =L18 -> 44927 | V25: =M18 -> 45292 | W25: =N18 -> 45658
A26: =A12 -> Other costs | B26: =$B12*(1+$C12)^(YEAR(B$18)-YEAR($B$18))/4 -> 1750 | C26: =$B12*(1+$C12)^(YEAR(C$18)-YEAR($B$18))/4 -> 1750 | D26: =$B12*(1+$C12)^(YEAR(D$18)-YEAR($B$18))/4 -> 1750 | E26: =$B12*(1+$C12)^(YEAR(E$18)-YEAR($B$18))/4 -> 1750 | F26: =$B12*(1+$C12)^(YEAR(F$18)-YEAR($B$18))/4 -> 1925 | G26: =$B12*(1+$C12)^(YEAR(G$18)-YEAR($B$18))/4 -> 1925 | H26: =$B12*(1+$C12)^(YEAR(H$18)-YEAR($B$18))/4 -> 1925 | I26: =$B12*(1+$C12)^(YEAR(I$18)-YEAR($B$18))/4 -> 1925 | K26: =$B12*(1+$C12)^(YEAR(K$18)-YEAR($B$18)) -> 8470 | L26: =$B12*(1+$C12)^(YEAR(L$18)-YEAR($B$18)) -> 9317 | M26: =$B12*(1+$C12)^(YEAR(M$18)-YEAR($B$18)) -> 10248.7 | N26: =$B12*(1+$C12)^(YEAR(N$18)-YEAR($B$18)) -> 11273.57 | Q26: =A19 -> Initial Startup costs | R26: =SUM(B19:E19) -> 0 | S26: =SUM(F19:I19) -> 0 | T26: =K19 -> 0 | U26: =L19 -> 0 | V26: =M19 -> 0 | W26: =N19 -> 0
A27: Total | B27: =SUM(B19:B26) -> 49250 | C27: =SUM(C19:C26) -> 49250 | D27: =SUM(D19:D26) -> 49250 | E27: =SUM(E19:E26) -> 49250 | F27: =SUM(F19:F26) -> 75925 | G27: =SUM(G19:G26) -> 75925 | H27: =SUM(H19:H26) -> 75925 | I27: =SUM(I19:I26) -> 75925 | K27: =SUM(K19:K26) -> 488820 | L27: =SUM(L19:L26) -> 814064.5 | M27: =SUM(M19:M26) -> 1390335.8 | N27: =SUM(N19:N26) -> 2417064 | Q27: =A20 -> Professional Services | R27: =SUM(B20:E20) -> 20000 | S27: =SUM(F20:I20) -> 23000 | T27: =K20 -> 26450 | U27: =L20 -> 30417.5 | V27: =M20 -> 34980.125 | W27: =N20 -> 40227.144
Q28: =A21 -> Office | R28: =SUM(B21:E21) -> 25000 | S28: =SUM(F21:I21) -> 27500 | T28: =K21 -> 30250 | U28: =L21 -> 33275 | V28: =M21 -> 36602.5 | W28: =N21 -> 40262.75
Q29: =A22 -> R&D Expenses | R29: =SUM(B22:E22) -> 90000 | S29: =SUM(F22:I22) -> 162000 | T29: =K22 -> 291600 | U29: =L22 -> 524880 | V29: =M22 -> 944784 | W29: =N22 -> 1700611.2
A30: Other Expenses | Q30: =A23 -> Sales and Marketing | R30: =SUM(B23:E23) -> 30000 | S30: =SUM(F23:I23) -> 54000 | T30: =K23 -> 97200 | U30: =L23 -> 174960 | V30: =M23 -> 314928 | W30: =N23 -> 566870.4
A31: Corporate Tax Rate | B31: 0.25 | C31: Assumption: Blended U.S. federal 21% + Michigan state (manufacturing place) ~4% | Q31: =A24 -> Travel | R31: =SUM(B24:E24) -> 20000 | S31: =SUM(F24:I24) -> 24000 | T31: =K24 -> 28800 | U31: =L24 -> 34560 | V31: =M24 -> 41472 | W31: =N24 -> 49766.4
A32: Tax on Profit over | B32: 100000 | C32: per year | Q32: =A25 -> Administrative | R32: =SUM(B25:E25) -> 5000 | S32: =SUM(F25:I25) -> 5500 | T32: =K25 -> 6050 | U32: =L25 -> 6655 | V32: =M25 -> 7320.5 | W32: =N25 -> 8052.55
Q33: =A26 -> Other costs | R33: =SUM(B26:E26) -> 7000 | S33: =SUM(F26:I26) -> 7700 | T33: =K26 -> 8470 | U33: =L26 -> 9317 | V33: =M26 -> 10248.7 | W33: =N26 -> 11273.57
Q34: =A27 -> Total | R34: =SUM(R26:R33) -> 197000 | S34: =SUM(S26:S33) -> 303700 | T34: =SUM(T26:T33) -> 488820 | U34: =SUM(U26:U33) -> 814064.5 | V34: =SUM(V26:V33) -> 1390335.8 | W34: =SUM(W26:W33) -> 2417064

Sheet Capital Expenses
A1: Capital Expenditure Projections | Q1: =CompanyName &" Projected Capital Expenditure Annualised" -> WorkHorse Inc. Projected Capital Expenditure Annualised | Z1: =CompanyName &" Projected Capital Expenditure Charts" -> WorkHorse Inc. Projected Capital Expenditure Charts
A2: ="Capital Expenditure ("&SubHeader&")" -> Capital Expenditure (USD)
A4: Capital Expenses - Items, value, and ownership length
B5: Cost | C5: Date of Purchase | D5: Ownership length (years) | E5: Value at end of ownership | F5: Notes on assumptions
A6: Lab Tools | B6: 6000 | C6: 44075 | D6: 7
A7: Product Testing Unit | B7: 20000 | C7: 44136 | D7: 6 | E7: 5000
A8: Office Furniture | B8: 3000 | C8: 44136 | D8: 5
A9: Company Vehicle | B9: 35000 | C9: 44348 | D9: 5 | E9: 5000
A10: High Cap. Testing Unit | B10: 55000 | C10: 44378 | D10: 6 | E10: 13000
A11: Office Furniture | B11: 8000 | C11: 44409 | D11: 5
A12: Storage Racks | B12: 3000 | C12: 44652 | D12: 5
A13: New Lab Tools | B13: 15000 | C13: 45017 | D13: 7
A14: Company Vehicle | B14: 45000 | C14: 45901 | D14: 5 | E14: 7000
A19: Capital Expenditure - Impact on Income Statement (Depreciation & Amortization) | Q19: =A19 -> Capital Expenditure - Impact on Income Statement (Depreciation & Amortization)
B20: Quarterly CapEx (years 1 and 2) | K20: Annual CapEx (years 3 to 6) | Q20: Full Forecast - Annual (6 years)
B21: Year 1 | F21: Year 2 | K21: Year 3 | L21: Year 4 | M21: Year 5 | N21: Year 6 | R21: Annual Projections
B22: =StartDate -> 43831 | C22: =EDATE(B22,3) -> 43922 | D22: =EDATE(C22,3) -> 44013 | E22: =EDATE(D22,3) -> 44105 | F22: =EDATE(E22,3) -> 44197 | G22: =EDATE(F22,3) -> 44287 | H22: =EDATE(G22,3) -> 44378 | I22: =EDATE(H22,3) -> 44470 | K22: =EDATE(I22,3) -> 44562 | L22: =EDATE(K22,12) -> 44927 | M22: =EDATE(L22,12) -> 45292 | N22: =EDATE(M22,12) -> 45658 | R22: Year 1 | S22: Year 2 | T22: Year 3 | U22: Year 4 | V22: Year 5 | W22: Year 6
A23: =A41 -> Lab Tools | B23: =IF(B59>0,$B6/$D6/4,0) -> 0 | C23: =IF(C59>0,$B6/$D6/4,0) -> 0 | D23: =IF(D59>0,$B6/$D6/4,0) -> 214.28571 | E23: =IF(E59>0,$B6/$D6/4,0) -> 214.28571 | F23: =IF(F59>0,$B6/$D6/4,0) -> 214.28571 | G23: =IF(G59>0,$B6/$D6/4,0) -> 214.28571 | H23: =IF(H59>0,$B6/$D6/4,0) -> 214.28571 | I23: =IF(I59>0,$B6/$D6/4,0) -> 214.28571 | K23: =IF(K59>0,$B6/$D6,0) -> 857.14286 | L23: =IF(L59>0,$B6/$D6,0) -> 857.14286 | M23: =IF(M59>0,$B6/$D6,0) -> 857.14286 | N23: =IF(N59>0,$B6/$D6,0) -> 857.14286 | R23: =B22 -> 43831 | S23: =F22 -> 44197 | T23: =K22 -> 44562 | U23: =L22 -> 44927 | V23: =M22 -> 45292 | W23: =N22 -> 45658
A24: =A42 -> Product Testing Unit | B24: =IF(B60>0,$B7/$D7/4,0) -> 0 | C24: =IF(C60>0,$B7/$D7/4,0) -> 0 | D24: =IF(D60>0,$B7/$D7/4,0) -> 0 | E24: =IF(E60>0,$B7/$D7/4,0) -> 833.33333 | F24: =IF(F60>0,$B7/$D7/4,0) -> 833.33333 | G24: =IF(G60>0,$B7/$D7/4,0) -> 833.33333 | H24: =IF(H60>0,$B7/$D7/4,0) -> 833.33333 | I24: =IF(I60>0,$B7/$D7/4,0) -> 833.33333 | K24: =IF(K60>0,$B7/$D7,0) -> 3333.3333 | L24: =IF(L60>0,$B7/$D7,0) -> 3333.3333 | M24: =IF(M60>0,$B7/$D7,0) -> 3333.3333 | N24: =IF(N60>0,$B7/$D7,0) -> 3333.3333 | Q24: =A23 -> Lab Tools | R24: =SUM(B23:E23) -> 428.57143 | S24: =SUM(F23:I23) -> 857.14286 | T24: =K23 -> 857.14286 | U24: =L23 -> 857.14286 | V24: =M23 -> 857.14286 | W24: =N23 -> 857.14286
A25: =A43 -> Office Furniture | B25: =IF(B61>0,$B8/$D8/4,0) -> 0 | C25: =IF(C61>0,$B8/$D8/4,0) -> 0 | D25: =IF(D61>0,$B8/$D8/4,0) -> 0 | E25: =IF(E61>0,$B8/$D8/4,0) -> 150 | F25: =IF(F61>0,$B8/$D8/4,0) -> 150 | G25: =IF(G61>0,$B8/$D8/4,0) -> 150 | H25: =IF(H61>0,$B8/$D8/4,0) -> 150 | I25: =IF(I61>0,$B8/$D8/4,0) -> 150 | K25: =IF(K61>0,$B8/$D8,0) -> 600 | L25: =IF(L61>0,$B8/$D8,0) -> 600 | M25: =IF(M61>0,$B8/$D8,0) -> 600 | N25: =IF(N61>0,$B8/$D8,0) -> 600 | Q25: =A24 -> Product Testing Unit | R25: =SUM(B24:E24) -> 833.33333 | S25: =SUM(F24:I24) -> 3333.3333 | T25: =K24 -> 3333.3333 | U25: =L24 -> 3333.3333 | V25: =M24 -> 3333.3333 | W25: =N24 -> 3333.3333
A26: =A44 -> Company Vehicle | B26: =IF(B62>0,$B9/$D9/4,0) -> 0 | C26: =IF(C62>0,$B9/$D9/4,0) -> 0 | D26: =IF(D62>0,$B9/$D9/4,0) -> 0 | E26: =IF(E62>0,$B9/$D9/4,0) -> 0 | F26: =IF(F62>0,$B9/$D9/4,0) -> 0 | G26: =IF(G62>0,$B9/$D9/4,0) -> 1750 | H26: =IF(H62>0,$B9/$D9/4,0) -> 1750 | I26: =IF(I62>0,$B9/$D9/4,0) -> 1750 | K26: =IF(K62>0,$B9/$D9,0) -> 7000 | L26: =IF(L62>0,$B9/$D9,0) -> 7000 | M26: =IF(M62>0,$B9/$D9,0) -> 7000 | N26: =IF(N62>0,$B9/$D9,0) -> 7000 | Q26: =A25 -> Office Furniture | R26: =SUM(B25:E25) -> 150 | S26: =SUM(F25:I25) -> 600 | T26: =K25 -> 600 | U26: =L25 -> 600 | V26: =M25 -> 600 | W26: =N25 -> 600
A27: =A45 -> High Cap. Testing Unit | B27: =IF(B63>0,$B10/$D10/4,0) -> 0 | C27: =IF(C63>0,$B10/$D10/4,0) -> 0 | D27: =IF(D63>0,$B10/$D10/4,0) -> 0 | E27: =IF(E63>0,$B10/$D10/4,0) -> 0 | F27: =IF(F63>0,$B10/$D10/4,0) -> 0 | G27: =IF(G63>0,$B10/$D10/4,0) -> 0 | H27: =IF(H63>0,$B10/$D10/4,0) -> 2291.6667 | I27: =IF(I63>0,$B10/$D10/4,0) -> 2291.6667 | K27: =IF(K63>0,$B10/$D10,0) -> 9166.6667 | L27: =IF(L63>0,$B10/$D10,0) -> 9166.6667 | M27: =IF(M63>0,$B10/$D10,0) -> 9166.6667 | N27: =IF(N63>0,$B10/$D10,0) -> 9166.6667 | Q27: =A26 -> Company Vehicle | R27: =SUM(B26:E26) -> 0 | S27: =SUM(F26:I26) -> 5250 | T27: =K26 -> 7000 | U27: =L26 -> 7000 | V27: =M26 -> 7000 | W27: =N26 -> 7000
A28: =A46 -> Office Furniture | B28: =IF(B64>0,$B11/$D11/4,0) -> 0 | C28: =IF(C64>0,$B11/$D11/4,0) -> 0 | D28: =IF(D64>0,$B11/$D11/4,0) -> 0 | E28: =IF(E64>0,$B11/$D11/4,0) -> 0 | F28: =IF(F64>0,$B11/$D11/4,0) -> 0 | G28: =IF(G64>0,$B11/$D11/4,0) -> 0 | H28: =IF(H64>0,$B11/$D11/4,0) -> 400 | I28: =IF(I64>0,$B11/$D11/4,0) -> 400 | K28: =IF(K64>0,$B11/$D11,0) -> 1600 | L28: =IF(L64>0,$B11/$D11,0) -> 1600 | M28: =IF(M64>0,$B11/$D11,0) -> 1600 | N28: =IF(N64>0,$B11/$D11,0) -> 1600 | Q28: =A27 -> High Cap. Testing Unit | R28: =SUM(B27:E27) -> 0 | S28: =SUM(F27:I27) -> 4583.3333 | T28: =K27 -> 9166.6667 | U28: =L27 -> 9166.6667 | V28: =M27 -> 9166.6667 | W28: =N27 -> 9166.6667
A29: =A47 -> Storage Racks | B29: =IF(B65>0,$B12/$D12/4,0) -> 0 | C29: =IF(C65>0,$B12/$D12/4,0) -> 0 | D29: =IF(D65>0,$B12/$D12/4,0) -> 0 | E29: =IF(E65>0,$B12/$D12/4,0) -> 0 | F29: =IF(F65>0,$B12/$D12/4,0) -> 0 | G29: =IF(G65>0,$B12/$D12/4,0) -> 0 | H29: =IF(H65>0,$B12/$D12/4,0) -> 0 | I29: =IF(I65>0,$B12/$D12/4,0) -> 0 | K29: =IF(K65>0,$B12/$D12,0) -> 600 | L29: =IF(L65>0,$B12/$D12,0) -> 600 | M29: =IF(M65>0,$B12/$D12,0) -> 600 | N29: =IF(N65>0,$B12/$D12,0) -> 600 | Q29: =A28 -> Office Furniture | R29: =SUM(B28:E28) -> 0 | S29: =SUM(F28:I28) -> 800 | T29: =K28 -> 1600 | U29: =L28 -> 1600 | V29: =M28 -> 1600 | W29: =N28 -> 1600
A30: =A48 -> New Lab Tools | B30: =IF(B66>0,$B13/$D13/4,0) -> 0 | C30: =IF(C66>0,$B13/$D13/4,0) -> 0 | D30: =IF(D66>0,$B13/$D13/4,0) -> 0 | E30: =IF(E66>0,$B13/$D13/4,0) -> 0 | F30: =IF(F66>0,$B13/$D13/4,0) -> 0 | G30: =IF(G66>0,$B13/$D13/4,0) -> 0 | H30: =IF(H66>0,$B13/$D13/4,0) -> 0 | I30: =IF(I66>0,$B13/$D13/4,0) -> 0 | K30: =IF(K66>0,$B13/$D13,0) -> 0 | L30: =IF(L66>0,$B13/$D13,0) -> 2142.8571 | M30: =IF(M66>0,$B13/$D13,0) -> 2142.8571 | N30: =IF(N66>0,$B13/$D13,0) -> 2142.8571 | Q30: =A29 -> Storage Racks | R30: =SUM(B29:E29) -> 0 | S30: =SUM(F29:I29) -> 0 | T30: =K29 -> 600 | U30: =L29 -> 600 | V30: =M29 -> 600 | W30: =N29 -> 600
A31: =A49 -> Company Vehicle | B31: =IF(B67>0,$B14/$D14/4,0) -> 0 | C31: =IF(C67>0,$B14/$D14/4,0) -> 0 | D31: =IF(D67>0,$B14/$D14/4,0) -> 0 | E31: =IF(E67>0,$B14/$D14/4,0) -> 0 | F31: =IF(F67>0,$B14/$D14/4,0) -> 0 | G31: =IF(G67>0,$B14/$D14/4,0) -> 0 | H31: =IF(H67>0,$B14/$D14/4,0) -> 0 | I31: =IF(I67>0,$B14/$D14/4,0) -> 0 | K31: =IF(K67>0,$B14/$D14,0) -> 0 | L31: =IF(L67>0,$B14/$D14,0) -> 0 | M31: =IF(M67>0,$B14/$D14,0) -> 0 | N31: =IF(N67>0,$B14/$D14,0) -> 9000 | Q31: =A30 -> New Lab Tools | R31: =SUM(B30:E30) -> 0 | S31: =SUM(F30:I30) -> 0 | T31: =K30 -> 0 | U31: =L30 -> 2142.8571 | V31: =M30 -> 2142.8571 | W31: =N30 -> 2142.8571
A32: =A50 -> Empty | B32: =IF(B68>0,$B15/$D15/4,0) -> 0 | C32: =IF(C68>0,$B15/$D15/4,0) -> 0 | D32: =IF(D68>0,$B15/$D15/4,0) -> 0 | E32: =IF(E68>0,$B15/$D15/4,0) -> 0 | F32: =IF(F68>0,$B15/$D15/4,0) -> 0 | G32: =IF(G68>0,$B15/$D15/4,0) -> 0 | H32: =IF(H68>0,$B15/$D15/4,0) -> 0 | I32: =IF(I68>0,$B15/$D15/4,0) -> 0 | K32: =IF(K68>0,$B15/$D15,0) -> 0 | L32: =IF(L68>0,$B15/$D15,0) -> 0 | M32: =IF(M68>0,$B15/$D15,0) -> 0 | N32: =IF(N68>0,$B15/$D15,0) -> 0 | Q32: =A31 -> Company Vehicle | R32: =SUM(B31:E31) -> 0 | S32: =SUM(F31:I31) -> 0 | T32: =K31 -> 0 | U32: =L31 -> 0 | V32: =M31 -> 0 | W32: =N31 -> 9000
A33: =A51 -> Empty | B33: =IF(B69>0,$B16/$D16/4,0) -> 0 | C33: =IF(C69>0,$B16/$D16/4,0) -> 0 | D33: =IF(D69>0,$B16/$D16/4,0) -> 0 | E33: =IF(E69>0,$B16/$D16/4,0) -> 0 | F33: =IF(F69>0,$B16/$D16/4,0) -> 0 | G33: =IF(G69>0,$B16/$D16/4,0) -> 0 | H33: =IF(H69>0,$B16/$D16/4,0) -> 0 | I33: =IF(I69>0,$B16/$D16/4,0) -> 0 | K33: =IF(K69>0,$B16/$D16,0) -> 0 | L33: =IF(L69>0,$B16/$D16,0) -> 0 | M33: =IF(M69>0,$B16/$D16,0) -> 0 | N33: =IF(N69>0,$B16/$D16,0) -> 0 | Q33: =A32 -> Empty | R33: =SUM(B32:E32) -> 0 | S33: =SUM(F32:I32) -> 0 | T33: =K32 -> 0 | U33: =L32 -> 0 | V33: =M32 -> 0 | W33: =N32 -> 0
A34: Total | B34: =SUM(B23:B33) -> 0 | C34: =SUM(C23:C33) -> 0 | D34: =SUM(D23:D33) -> 214.28571 | E34: =SUM(E23:E33) -> 1197.619 | F34: =SUM(F23:F33) -> 1197.619 | G34: =SUM(G23:G33) -> 2947.619 | H34: =SUM(H23:H33) -> 5639.2857 | I34: =SUM(I23:I33) -> 5639.2857 | K34: =SUM(K23:K33) -> 23157.143 | L34: =SUM(L23:L33) -> 25300 | M34: =SUM(M23:M33) -> 25300 | N34: =SUM(N23:N33) -> 34300 | R34: =SUM(R24:R33) -> 1411.9048 | S34: =SUM(S24:S33) -> 15423.81 | T34: =SUM(T24:T33) -> 23157.143 | U34: =SUM(U24:U33) -> 25300 | V34: =SUM(V24:V33) -> 25300 | W34: =SUM(W24:W33) -> 34300
A37: Capital Expenditure - Impact on Cash Flow | Q37: =A37 -> Capital Expenditure - Impact on Cash Flow
B38: Quarterly Cash Flow from CapEx (years 1 and 2) | K38: Annual Cash Flow from CapEx (years 3 to 6) | Q38: Full Forecast - Annual (6 years)
B39: Year 1 | F39: Year 2 | K39: Year 3 | L39: Year 4 | M39: Year 5 | N39: Year 6 | R39: Annual Projections
B40: =StartDate -> 43831 | C40: =EDATE(B40,3) -> 43922 | D40: =EDATE(C40,3) -> 44013 | E40: =EDATE(D40,3) -> 44105 | F40: =EDATE(E40,3) -> 44197 | G40: =EDATE(F40,3) -> 44287 | H40: =EDATE(G40,3) -> 44378 | I40: =EDATE(H40,3) -> 44470 | K40: =EDATE(I40,3) -> 44562 | L40: =EDATE(K40,12) -> 44927 | M40: =EDATE(L40,12) -> 45292 | N40: =EDATE(M40,12) -> 45658 | R40: Year 1 | S40: Year 2 | T40: Year 3 | U40: Year 4 | V40: Year 5 | W40: Year 6
A41: =A6 -> Lab Tools | B41: =IF(B$40=$C6,$B6,IF(B$40=EDATE($C6,12*$D6),$E6*-1,IF($C6>B$40,IF($C6<C$40,$B6,0),IF(EDATE($C6,12*$D6)>C$40,0,IF(EDATE($C6,12*$D6)>B$40,IF(EDATE($C6,12*$D6)<C$40,$E6*-1,0),0))))) -> 0 | C41: =IF(C$40=$C6,$B6,IF(C$40=EDATE($C6,12*$D6),$E6*-1,IF($C6>C$40,IF($C6<D$40,$B6,0),IF(EDATE($C6,12*$D6)>D$40,0,IF(EDATE($C6,12*$D6)>C$40,IF(EDATE($C6,12*$D6)<D$40,$E6*-1,0),0))))) -> 0 | D41: =IF(D$40=$C6,$B6,IF(D$40=EDATE($C6,12*$D6),$E6*-1,IF($C6>D$40,IF($C6<E$40,$B6,0),IF(EDATE($C6,12*$D6)>E$40,0,IF(EDATE($C6,12*$D6)>D$40,IF(EDATE($C6,12*$D6)<E$40,$E6*-1,0),0))))) -> 6000 | E41: =IF(E$40=$C6,$B6,IF(E$40=EDATE($C6,12*$D6),$E6*-1,IF($C6>E$40,IF($C6<F$40,$B6,0),IF(EDATE($C6,12*$D6)>F$40,0,IF(EDATE($C6,12*$D6)>E$40,IF(EDATE($C6,12*$D6)<F$40,$E6*-1,0),0))))) -> 0 | F41: =IF(F$40=$C6,$B6,IF(F$40=EDATE($C6,12*$D6),$E6*-1,IF($C6>F$40,IF($C6<G$40,$B6,0),IF(EDATE($C6,12*$D6)>G$40,0,IF(EDATE($C6,12*$D6)>F$40,IF(EDATE($C6,12*$D6)<G$40,$E6*-1,0),0))))) -> 0 | G41: =IF(G$40=$C6,$B6,IF(G$40=EDATE($C6,12*$D6),$E6*-1,IF($C6>G$40,IF($C6<H$40,$B6,0),IF(EDATE($C6,12*$D6)>H$40,0,IF(EDATE($C6,12*$D6)>G$40,IF(EDATE($C6,12*$D6)<H$40,$E6*-1,0),0))))) -> 0 | H41: =IF(H$40=$C6,$B6,IF(H$40=EDATE($C6,12*$D6),$E6*-1,IF($C6>H$40,IF($C6<I$40,$B6,0),IF(EDATE($C6,12*$D6)>I$40,0,IF(EDATE($C6,12*$D6)>H$40,IF(EDATE($C6,12*$D6)<I$40,$E6*-1,0),0))))) -> 0 | I41: =IF(I$40=$C6,$B6,IF(I$40=EDATE($C6,12*$D6),$E6*-1,IF($C6>I$40,IF($C6<K$40,$B6,0),IF(EDATE($C6,12*$D6)>K$40,0,IF(EDATE($C6,12*$D6)>I$40,IF(EDATE($C6,12*$D6)<K$40,$E6*-1,0),0))))) -> 0 | K41: =IF(K$40=$C6,$B6,IF(K$40=EDATE($C6,12*$D6),$E6*-1,IF($C6>K$40,IF($C6<L$40,$B6,0),IF(EDATE($C6,12*$D6)>L$40,0,IF(EDATE($C6,12*$D6)>K$40,IF(EDATE($C6,12*$D6)<L$40,$E6*-1,0),0))))) -> 0 | L41: =IF(L$40=$C6,$B6,IF(L$40=EDATE($C6,12*$D6),$E6*-1,IF($C6>L$40,IF($C6<M$40,$B6,0),IF(EDATE($C6,12*$D6)>M$40,0,IF(EDATE($C6,12*$D6)>L$40,IF(EDATE($C6,12*$D6)<M$40,$E6*-1,0),0))))) -> 0 | M41: =IF(M$40=$C6,$B6,IF(M$40=EDATE($C6,12*$D6),$E6*-1,IF($C6>M$40,IF($C6<N$40,$B6,0),IF(EDATE($C6,12*$D6)>N$40,0,IF(EDATE($C6,12*$D6)>M$40,IF(EDATE($C6,12*$D6)<N$40,$E6*-1,0),0))))) -> 0 | N41: =IF(N$40=$C6,$B6,IF(N$40=EDATE($C6,12*$D6),$E6*-1,IF($C6>N$40,IF($C6<EDATE(N$40,12),$B6,0),IF(EDATE($C6,12*$D6)>EDATE(N$40,12),0,IF(EDATE($C6,12*$D6)>N$40,IF(EDATE($C6,12*$D6)<EDATE(N$40,12),$E6*-1,0),0))))) -> 0 | R41: =B40 -> 43831 | S41: =F40 -> 44197 | T41: =K40 -> 44562 | U41: =L40 -> 44927 | V41: =M40 -> 45292 | W41: =N40 -> 45658
A42: =A7 -> Product Testing Unit | B42: =IF(B$40=$C7,$B7,IF(B$40=EDATE($C7,12*$D7),$E7*-1,IF($C7>B$40,IF($C7<C$40,$B7,0),IF(EDATE($C7,12*$D7)>C$40,0,IF(EDATE($C7,12*$D7)>B$40,IF(EDATE($C7,12*$D7)<C$40,$E7*-1,0),0))))) -> 0 | C42: =IF(C$40=$C7,$B7,IF(C$40=EDATE($C7,12*$D7),$E7*-1,IF($C7>C$40,IF($C7<D$40,$B7,0),IF(EDATE($C7,12*$D7)>D$40,0,IF(EDATE($C7,12*$D7)>C$40,IF(EDATE($C7,12*$D7)<D$40,$E7*-1,0),0))))) -> 0 | D42: =IF(D$40=$C7,$B7,IF(D$40=EDATE($C7,12*$D7),$E7*-1,IF($C7>D$40,IF($C7<E$40,$B7,0),IF(EDATE($C7,12*$D7)>E$40,0,IF(EDATE($C7,12*$D7)>D$40,IF(EDATE($C7,12*$D7)<E$40,$E7*-1,0),0))))) -> 0 | E42: =IF(E$40=$C7,$B7,IF(E$40=EDATE($C7,12*$D7),$E7*-1,IF($C7>E$40,IF($C7<F$40,$B7,0),IF(EDATE($C7,12*$D7)>F$40,0,IF(EDATE($C7,12*$D7)>E$40,IF(EDATE($C7,12*$D7)<F$40,$E7*-1,0),0))))) -> 20000 | F42: =IF(F$40=$C7,$B7,IF(F$40=EDATE($C7,12*$D7),$E7*-1,IF($C7>F$40,IF($C7<G$40,$B7,0),IF(EDATE($C7,12*$D7)>G$40,0,IF(EDATE($C7,12*$D7)>F$40,IF(EDATE($C7,12*$D7)<G$40,$E7*-1,0),0))))) -> 0 | G42: =IF(G$40=$C7,$B7,IF(G$40=EDATE($C7,12*$D7),$E7*-1,IF($C7>G$40,IF($C7<H$40,$B7,0),IF(EDATE($C7,12*$D7)>H$40,0,IF(EDATE($C7,12*$D7)>G$40,IF(EDATE($C7,12*$D7)<H$40,$E7*-1,0),0))))) -> 0 | H42: =IF(H$40=$C7,$B7,IF(H$40=EDATE($C7,12*$D7),$E7*-1,IF($C7>H$40,IF($C7<I$40,$B7,0),IF(EDATE($C7,12*$D7)>I$40,0,IF(EDATE($C7,12*$D7)>H$40,IF(EDATE($C7,12*$D7)<I$40,$E7*-1,0),0))))) -> 0 | I42: =IF(I$40=$C7,$B7,IF(I$40=EDATE($C7,12*$D7),$E7*-1,IF($C7>I$40,IF($C7<K$40,$B7,0),IF(EDATE($C7,12*$D7)>K$40,0,IF(EDATE($C7,12*$D7)>I$40,IF(EDATE($C7,12*$D7)<K$40,$E7*-1,0),0))))) -> 0 | K42: =IF(K$40=$C7,$B7,IF(K$40=EDATE($C7,12*$D7),$E7*-1,IF($C7>K$40,IF($C7<L$40,$B7,0),IF(EDATE($C7,12*$D7)>L$40,0,IF(EDATE($C7,12*$D7)>K$40,IF(EDATE($C7,12*$D7)<L$40,$E7*-1,0),0))))) -> 0 | L42: =IF(L$40=$C7,$B7,IF(L$40=EDATE($C7,12*$D7),$E7*-1,IF($C7>L$40,IF($C7<M$40,$B7,0),IF(EDATE($C7,12*$D7)>M$40,0,IF(EDATE($C7,12*$D7)>L$40,IF(EDATE($C7,12*$D7)<M$40,$E7*-1,0),0))))) -> 0 | M42: =IF(M$40=$C7,$B7,IF(M$40=EDATE($C7,12*$D7),$E7*-1,IF($C7>M$40,IF($C7<N$40,$B7,0),IF(EDATE($C7,12*$D7)>N$40,0,IF(EDATE($C7,12*$D7)>M$40,IF(EDATE($C7,12*$D7)<N$40,$E7*-1,0),0))))) -> 0 | N42: =IF(N$40=$C7,$B7,IF(N$40=EDATE($C7,12*$D7),$E7*-1,IF($C7>N$40,IF($C7<EDATE(N$40,12),$B7,0),IF(EDATE($C7,12*$D7)>EDATE(N$40,12),0,IF(EDATE($C7,12*$D7)>N$40,IF(EDATE($C7,12*$D7)<EDATE(N$40,12),$E7*-1,0),0))))) -> 0 | Q42: =A41 -> Lab Tools | R42: =SUM(B41:E41) -> 6000 | S42: =SUM(F41:I41) -> 0 | T42: =K41 -> 0 | U42: =L41 -> 0 | V42: =M41 -> 0 | W42: =N41 -> 0
A43: =A8 -> Office Furniture | B43: =IF(B$40=$C8,$B8,IF(B$40=EDATE($C8,12*$D8),$E8*-1,IF($C8>B$40,IF($C8<C$40,$B8,0),IF(EDATE($C8,12*$D8)>C$40,0,IF(EDATE($C8,12*$D8)>B$40,IF(EDATE($C8,12*$D8)<C$40,$E8*-1,0),0))))) -> 0 | C43: =IF(C$40=$C8,$B8,IF(C$40=EDATE($C8,12*$D8),$E8*-1,IF($C8>C$40,IF($C8<D$40,$B8,0),IF(EDATE($C8,12*$D8)>D$40,0,IF(EDATE($C8,12*$D8)>C$40,IF(EDATE($C8,12*$D8)<D$40,$E8*-1,0),0))))) -> 0 | D43: =IF(D$40=$C8,$B8,IF(D$40=EDATE($C8,12*$D8),$E8*-1,IF($C8>D$40,IF($C8<E$40,$B8,0),IF(EDATE($C8,12*$D8)>E$40,0,IF(EDATE($C8,12*$D8)>D$40,IF(EDATE($C8,12*$D8)<E$40,$E8*-1,0),0))))) -> 0 | E43: =IF(E$40=$C8,$B8,IF(E$40=EDATE($C8,12*$D8),$E8*-1,IF($C8>E$40,IF($C8<F$40,$B8,0),IF(EDATE($C8,12*$D8)>F$40,0,IF(EDATE($C8,12*$D8)>E$40,IF(EDATE($C8,12*$D8)<F$40,$E8*-1,0),0))))) -> 3000 | F43: =IF(F$40=$C8,$B8,IF(F$40=EDATE($C8,12*$D8),$E8*-1,IF($C8>F$40,IF($C8<G$40,$B8,0),IF(EDATE($C8,12*$D8)>G$40,0,IF(EDATE($C8,12*$D8)>F$40,IF(EDATE($C8,12*$D8)<G$40,$E8*-1,0),0))))) -> 0 | G43: =IF(G$40=$C8,$B8,IF(G$40=EDATE($C8,12*$D8),$E8*-1,IF($C8>G$40,IF($C8<H$40,$B8,0),IF(EDATE($C8,12*$D8)>H$40,0,IF(EDATE($C8,12*$D8)>G$40,IF(EDATE($C8,12*$D8)<H$40,$E8*-1,0),0))))) -> 0 | H43: =IF(H$40=$C8,$B8,IF(H$40=EDATE($C8,12*$D8),$E8*-1,IF($C8>H$40,IF($C8<I$40,$B8,0),IF(EDATE($C8,12*$D8)>I$40,0,IF(EDATE($C8,12*$D8)>H$40,IF(EDATE($C8,12*$D8)<I$40,$E8*-1,0),0))))) -> 0 | I43: =IF(I$40=$C8,$B8,IF(I$40=EDATE($C8,12*$D8),$E8*-1,IF($C8>I$40,IF($C8<K$40,$B8,0),IF(EDATE($C8,12*$D8)>K$40,0,IF(EDATE($C8,12*$D8)>I$40,IF(EDATE($C8,12*$D8)<K$40,$E8*-1,0),0))))) -> 0 | K43: =IF(K$40=$C8,$B8,IF(K$40=EDATE($C8,12*$D8),$E8*-1,IF($C8>K$40,IF($C8<L$40,$B8,0),IF(EDATE($C8,12*$D8)>L$40,0,IF(EDATE($C8,12*$D8)>K$40,IF(EDATE($C8,12*$D8)<L$40,$E8*-1,0),0))))) -> 0 | L43: =IF(L$40=$C8,$B8,IF(L$40=EDATE($C8,12*$D8),$E8*-1,IF($C8>L$40,IF($C8<M$40,$B8,0),IF(EDATE($C8,12*$D8)>M$40,0,IF(EDATE($C8,12*$D8)>L$40,IF(EDATE($C8,12*$D8)<M$40,$E8*-1,0),0))))) -> 0 | M43: =IF(M$40=$C8,$B8,IF(M$40=EDATE($C8,12*$D8),$E8*-1,IF($C8>M$40,IF($C8<N$40,$B8,0),IF(EDATE($C8,12*$D8)>N$40,0,IF(EDATE($C8,12*$D8)>M$40,IF(EDATE($C8,12*$D8)<N$40,$E8*-1,0),0))))) -> 0 | N43: =IF(N$40=$C8,$B8,IF(N$40=EDATE($C8,12*$D8),$E8*-1,IF($C8>N$40,IF($C8<EDATE(N$40,12),$B8,0),IF(EDATE($C8,12*$D8)>EDATE(N$40,12),0,IF(EDATE($C8,12*$D8)>N$40,IF(EDATE($C8,12*$D8)<EDATE(N$40,12),$E8*-1,0),0))))) -> 0 | Q43: =A42 -> Product Testing Unit | R43: =SUM(B42:E42) -> 20000 | S43: =SUM(F42:I42) -> 0 | T43: =K42 -> 0 | U43: =L42 -> 0 | V43: =M42 -> 0 | W43: =N42 -> 0
A44: =A9 -> Company Vehicle | B44: =IF(B$40=$C9,$B9,IF(B$40=EDATE($C9,12*$D9),$E9*-1,IF($C9>B$40,IF($C9<C$40,$B9,0),IF(EDATE($C9,12*$D9)>C$40,0,IF(EDATE($C9,12*$D9)>B$40,IF(EDATE($C9,12*$D9)<C$40,$E9*-1,0),0))))) -> 0 | C44: =IF(C$40=$C9,$B9,IF(C$40=EDATE($C9,12*$D9),$E9*-1,IF($C9>C$40,IF($C9<D$40,$B9,0),IF(EDATE($C9,12*$D9)>D$40,0,IF(EDATE($C9,12*$D9)>C$40,IF(EDATE($C9,12*$D9)<D$40,$E9*-1,0),0))))) -> 0 | D44: =IF(D$40=$C9,$B9,IF(D$40=EDATE($C9,12*$D9),$E9*-1,IF($C9>D$40,IF($C9<E$40,$B9,0),IF(EDATE($C9,12*$D9)>E$40,0,IF(EDATE($C9,12*$D9)>D$40,IF(EDATE($C9,12*$D9)<E$40,$E9*-1,0),0))))) -> 0 | E44: =IF(E$40=$C9,$B9,IF(E$40=EDATE($C9,12*$D9),$E9*-1,IF($C9>E$40,IF($C9<F$40,$B9,0),IF(EDATE($C9,12*$D9)>F$40,0,IF(EDATE($C9,12*$D9)>E$40,IF(EDATE($C9,12*$D9)<F$40,$E9*-1,0),0))))) -> 0 | F44: =IF(F$40=$C9,$B9,IF(F$40=EDATE($C9,12*$D9),$E9*-1,IF($C9>F$40,IF($C9<G$40,$B9,0),IF(EDATE($C9,12*$D9)>G$40,0,IF(EDATE($C9,12*$D9)>F$40,IF(EDATE($C9,12*$D9)<G$40,$E9*-1,0),0))))) -> 0 | G44: =IF(G$40=$C9,$B9,IF(G$40=EDATE($C9,12*$D9),$E9*-1,IF($C9>G$40,IF($C9<H$40,$B9,0),IF(EDATE($C9,12*$D9)>H$40,0,IF(EDATE($C9,12*$D9)>G$40,IF(EDATE($C9,12*$D9)<H$40,$E9*-1,0),0))))) -> 35000 | H44: =IF(H$40=$C9,$B9,IF(H$40=EDATE($C9,12*$D9),$E9*-1,IF($C9>H$40,IF($C9<I$40,$B9,0),IF(EDATE($C9,12*$D9)>I$40,0,IF(EDATE($C9,12*$D9)>H$40,IF(EDATE($C9,12*$D9)<I$40,$E9*-1,0),0))))) -> 0 | I44: =IF(I$40=$C9,$B9,IF(I$40=EDATE($C9,12*$D9),$E9*-1,IF($C9>I$40,IF($C9<K$40,$B9,0),IF(EDATE($C9,12*$D9)>K$40,0,IF(EDATE($C9,12*$D9)>I$40,IF(EDATE($C9,12*$D9)<K$40,$E9*-1,0),0))))) -> 0 | K44: =IF(K$40=$C9,$B9,IF(K$40=EDATE($C9,12*$D9),$E9*-1,IF($C9>K$40,IF($C9<L$40,$B9,0),IF(EDATE($C9,12*$D9)>L$40,0,IF(EDATE($C9,12*$D9)>K$40,IF(EDATE($C9,12*$D9)<L$40,$E9*-1,0),0))))) -> 0 | L44: =IF(L$40=$C9,$B9,IF(L$40=EDATE($C9,12*$D9),$E9*-1,IF($C9>L$40,IF($C9<M$40,$B9,0),IF(EDATE($C9,12*$D9)>M$40,0,IF(EDATE($C9,12*$D9)>L$40,IF(EDATE($C9,12*$D9)<M$40,$E9*-1,0),0))))) -> 0 | M44: =IF(M$40=$C9,$B9,IF(M$40=EDATE($C9,12*$D9),$E9*-1,IF($C9>M$40,IF($C9<N$40,$B9,0),IF(EDATE($C9,12*$D9)>N$40,0,IF(EDATE($C9,12*$D9)>M$40,IF(EDATE($C9,12*$D9)<N$40,$E9*-1,0),0))))) -> 0 | N44: =IF(N$40=$C9,$B9,IF(N$40=EDATE($C9,12*$D9),$E9*-1,IF($C9>N$40,IF($C9<EDATE(N$40,12),$B9,0),IF(EDATE($C9,12*$D9)>EDATE(N$40,12),0,IF(EDATE($C9,12*$D9)>N$40,IF(EDATE($C9,12*$D9)<EDATE(N$40,12),$E9*-1,0),0))))) -> 0 | Q44: =A43 -> Office Furniture | R44: =SUM(B43:E43) -> 3000 | S44: =SUM(F43:I43) -> 0 | T44: =K43 -> 0 | U44: =L43 -> 0 | V44: =M43 -> 0 | W44: =N43 -> 0
A45: =A10 -> High Cap. Testing Unit | B45: =IF(B$40=$C10,$B10,IF(B$40=EDATE($C10,12*$D10),$E10*-1,IF($C10>B$40,IF($C10<C$40,$B10,0),IF(EDATE($C10,12*$D10)>C$40,0,IF(EDATE($C10,12*$D10)>B$40,IF(EDATE($C10,12*$D10)<C$40,$E10*-1,0),0))))) -> 0 | C45: =IF(C$40=$C10,$B10,IF(C$40=EDATE($C10,12*$D10),$E10*-1,IF($C10>C$40,IF($C10<D$40,$B10,0),IF(EDATE($C10,12*$D10)>D$40,0,IF(EDATE($C10,12*$D10)>C$40,IF(EDATE($C10,12*$D10)<D$40,$E10*-1,0),0))))) -> 0 | D45: =IF(D$40=$C10,$B10,IF(D$40=EDATE($C10,12*$D10),$E10*-1,IF($C10>D$40,IF($C10<E$40,$B10,0),IF(EDATE($C10,12*$D10)>E$40,0,IF(EDATE($C10,12*$D10)>D$40,IF(EDATE($C10,12*$D10)<E$40,$E10*-1,0),0))))) -> 0 | E45: =IF(E$40=$C10,$B10,IF(E$40=EDATE($C10,12*$D10),$E10*-1,IF($C10>E$40,IF($C10<F$40,$B10,0),IF(EDATE($C10,12*$D10)>F$40,0,IF(EDATE($C10,12*$D10)>E$40,IF(EDATE($C10,12*$D10)<F$40,$E10*-1,0),0))))) -> 0 | F45: =IF(F$40=$C10,$B10,IF(F$40=EDATE($C10,12*$D10),$E10*-1,IF($C10>F$40,IF($C10<G$40,$B10,0),IF(EDATE($C10,12*$D10)>G$40,0,IF(EDATE($C10,12*$D10)>F$40,IF(EDATE($C10,12*$D10)<G$40,$E10*-1,0),0))))) -> 0 | G45: =IF(G$40=$C10,$B10,IF(G$40=EDATE($C10,12*$D10),$E10*-1,IF($C10>G$40,IF($C10<H$40,$B10,0),IF(EDATE($C10,12*$D10)>H$40,0,IF(EDATE($C10,12*$D10)>G$40,IF(EDATE($C10,12*$D10)<H$40,$E10*-1,0),0))))) -> 0 | H45: =IF(H$40=$C10,$B10,IF(H$40=EDATE($C10,12*$D10),$E10*-1,IF($C10>H$40,IF($C10<I$40,$B10,0),IF(EDATE($C10,12*$D10)>I$40,0,IF(EDATE($C10,12*$D10)>H$40,IF(EDATE($C10,12*$D10)<I$40,$E10*-1,0),0))))) -> 55000 | I45: =IF(I$40=$C10,$B10,IF(I$40=EDATE($C10,12*$D10),$E10*-1,IF($C10>I$40,IF($C10<K$40,$B10,0),IF(EDATE($C10,12*$D10)>K$40,0,IF(EDATE($C10,12*$D10)>I$40,IF(EDATE($C10,12*$D10)<K$40,$E10*-1,0),0))))) -> 0 | K45: =IF(K$40=$C10,$B10,IF(K$40=EDATE($C10,12*$D10),$E10*-1,IF($C10>K$40,IF($C10<L$40,$B10,0),IF(EDATE($C10,12*$D10)>L$40,0,IF(EDATE($C10,12*$D10)>K$40,IF(EDATE($C10,12*$D10)<L$40,$E10*-1,0),0))))) -> 0 | L45: =IF(L$40=$C10,$B10,IF(L$40=EDATE($C10,12*$D10),$E10*-1,IF($C10>L$40,IF($C10<M$40,$B10,0),IF(EDATE($C10,12*$D10)>M$40,0,IF(EDATE($C10,12*$D10)>L$40,IF(EDATE($C10,12*$D10)<M$40,$E10*-1,0),0))))) -> 0 | M45: =IF(M$40=$C10,$B10,IF(M$40=EDATE($C10,12*$D10),$E10*-1,IF($C10>M$40,IF($C10<N$40,$B10,0),IF(EDATE($C10,12*$D10)>N$40,0,IF(EDATE($C10,12*$D10)>M$40,IF(EDATE($C10,12*$D10)<N$40,$E10*-1,0),0))))) -> 0 | N45: =IF(N$40=$C10,$B10,IF(N$40=EDATE($C10,12*$D10),$E10*-1,IF($C10>N$40,IF($C10<EDATE(N$40,12),$B10,0),IF(EDATE($C10,12*$D10)>EDATE(N$40,12),0,IF(EDATE($C10,12*$D10)>N$40,IF(EDATE($C10,12*$D10)<EDATE(N$40,12),$E10*-1,0),0))))) -> 0 | Q45: =A44 -> Company Vehicle | R45: =SUM(B44:E44) -> 0 | S45: =SUM(F44:I44) -> 35000 | T45: =K44 -> 0 | U45: =L44 -> 0 | V45: =M44 -> 0 | W45: =N44 -> 0
A46: =A11 -> Office Furniture | B46: =IF(B$40=$C11,$B11,IF(B$40=EDATE($C11,12*$D11),$E11*-1,IF($C11>B$40,IF($C11<C$40,$B11,0),IF(EDATE($C11,12*$D11)>C$40,0,IF(EDATE($C11,12*$D11)>B$40,IF(EDATE($C11,12*$D11)<C$40,$E11*-1,0),0))))) -> 0 | C46: =IF(C$40=$C11,$B11,IF(C$40=EDATE($C11,12*$D11),$E11*-1,IF($C11>C$40,IF($C11<D$40,$B11,0),IF(EDATE($C11,12*$D11)>D$40,0,IF(EDATE($C11,12*$D11)>C$40,IF(EDATE($C11,12*$D11)<D$40,$E11*-1,0),0))))) -> 0 | D46: =IF(D$40=$C11,$B11,IF(D$40=EDATE($C11,12*$D11),$E11*-1,IF($C11>D$40,IF($C11<E$40,$B11,0),IF(EDATE($C11,12*$D11)>E$40,0,IF(EDATE($C11,12*$D11)>D$40,IF(EDATE($C11,12*$D11)<E$40,$E11*-1,0),0))))) -> 0 | E46: =IF(E$40=$C11,$B11,IF(E$40=EDATE($C11,12*$D11),$E11*-1,IF($C11>E$40,IF($C11<F$40,$B11,0),IF(EDATE($C11,12*$D11)>F$40,0,IF(EDATE($C11,12*$D11)>E$40,IF(EDATE($C11,12*$D11)<F$40,$E11*-1,0),0))))) -> 0 | F46: =IF(F$40=$C11,$B11,IF(F$40=EDATE($C11,12*$D11),$E11*-1,IF($C11>F$40,IF($C11<G$40,$B11,0),IF(EDATE($C11,12*$D11)>G$40,0,IF(EDATE($C11,12*$D11)>F$40,IF(EDATE($C11,12*$D11)<G$40,$E11*-1,0),0))))) -> 0 | G46: =IF(G$40=$C11,$B11,IF(G$40=EDATE($C11,12*$D11),$E11*-1,IF($C11>G$40,IF($C11<H$40,$B11,0),IF(EDATE($C11,12*$D11)>H$40,0,IF(EDATE($C11,12*$D11)>G$40,IF(EDATE($C11,12*$D11)<H$40,$E11*-1,0),0))))) -> 0 | H46: =IF(H$40=$C11,$B11,IF(H$40=EDATE($C11,12*$D11),$E11*-1,IF($C11>H$40,IF($C11<I$40,$B11,0),IF(EDATE($C11,12*$D11)>I$40,0,IF(EDATE($C11,12*$D11)>H$40,IF(EDATE($C11,12*$D11)<I$40,$E11*-1,0),0))))) -> 8000 | I46: =IF(I$40=$C11,$B11,IF(I$40=EDATE($C11,12*$D11),$E11*-1,IF($C11>I$40,IF($C11<K$40,$B11,0),IF(EDATE($C11,12*$D11)>K$40,0,IF(EDATE($C11,12*$D11)>I$40,IF(EDATE($C11,12*$D11)<K$40,$E11*-1,0),0))))) -> 0 | K46: =IF(K$40=$C11,$B11,IF(K$40=EDATE($C11,12*$D11),$E11*-1,IF($C11>K$40,IF($C11<L$40,$B11,0),IF(EDATE($C11,12*$D11)>L$40,0,IF(EDATE($C11,12*$D11)>K$40,IF(EDATE($C11,12*$D11)<L$40,$E11*-1,0),0))))) -> 0 | L46: =IF(L$40=$C11,$B11,IF(L$40=EDATE($C11,12*$D11),$E11*-1,IF($C11>L$40,IF($C11<M$40,$B11,0),IF(EDATE($C11,12*$D11)>M$40,0,IF(EDATE($C11,12*$D11)>L$40,IF(EDATE($C11,12*$D11)<M$40,$E11*-1,0),0))))) -> 0 | M46: =IF(M$40=$C11,$B11,IF(M$40=EDATE($C11,12*$D11),$E11*-1,IF($C11>M$40,IF($C11<N$40,$B11,0),IF(EDATE($C11,12*$D11)>N$40,0,IF(EDATE($C11,12*$D11)>M$40,IF(EDATE($C11,12*$D11)<N$40,$E11*-1,0),0))))) -> 0 | N46: =IF(N$40=$C11,$B11,IF(N$40=EDATE($C11,12*$D11),$E11*-1,IF($C11>N$40,IF($C11<EDATE(N$40,12),$B11,0),IF(EDATE($C11,12*$D11)>EDATE(N$40,12),0,IF(EDATE($C11,12*$D11)>N$40,IF(EDATE($C11,12*$D11)<EDATE(N$40,12),$E11*-1,0),0))))) -> 0 | Q46: =A45 -> High Cap. Testing Unit | R46: =SUM(B45:E45) -> 0 | S46: =SUM(F45:I45) -> 55000 | T46: =K45 -> 0 | U46: =L45 -> 0 | V46: =M45 -> 0 | W46: =N45 -> 0
A47: =A12 -> Storage Racks | B47: =IF(B$40=$C12,$B12,IF(B$40=EDATE($C12,12*$D12),$E12*-1,IF($C12>B$40,IF($C12<C$40,$B12,0),IF(EDATE($C12,12*$D12)>C$40,0,IF(EDATE($C12,12*$D12)>B$40,IF(EDATE($C12,12*$D12)<C$40,$E12*-1,0),0))))) -> 0 | C47: =IF(C$40=$C12,$B12,IF(C$40=EDATE($C12,12*$D12),$E12*-1,IF($C12>C$40,IF($C12<D$40,$B12,0),IF(EDATE($C12,12*$D12)>D$40,0,IF(EDATE($C12,12*$D12)>C$40,IF(EDATE($C12,12*$D12)<D$40,$E12*-1,0),0))))) -> 0 | D47: =IF(D$40=$C12,$B12,IF(D$40=EDATE($C12,12*$D12),$E12*-1,IF($C12>D$40,IF($C12<E$40,$B12,0),IF(EDATE($C12,12*$D12)>E$40,0,IF(EDATE($C12,12*$D12)>D$40,IF(EDATE($C12,12*$D12)<E$40,$E12*-1,0),0))))) -> 0 | E47: =IF(E$40=$C12,$B12,IF(E$40=EDATE($C12,12*$D12),$E12*-1,IF($C12>E$40,IF($C12<F$40,$B12,0),IF(EDATE($C12,12*$D12)>F$40,0,IF(EDATE($C12,12*$D12)>E$40,IF(EDATE($C12,12*$D12)<F$40,$E12*-1,0),0))))) -> 0 | F47: =IF(F$40=$C12,$B12,IF(F$40=EDATE($C12,12*$D12),$E12*-1,IF($C12>F$40,IF($C12<G$40,$B12,0),IF(EDATE($C12,12*$D12)>G$40,0,IF(EDATE($C12,12*$D12)>F$40,IF(EDATE($C12,12*$D12)<G$40,$E12*-1,0),0))))) -> 0 | G47: =IF(G$40=$C12,$B12,IF(G$40=EDATE($C12,12*$D12),$E12*-1,IF($C12>G$40,IF($C12<H$40,$B12,0),IF(EDATE($C12,12*$D12)>H$40,0,IF(EDATE($C12,12*$D12)>G$40,IF(EDATE($C12,12*$D12)<H$40,$E12*-1,0),0))))) -> 0 | H47: =IF(H$40=$C12,$B12,IF(H$40=EDATE($C12,12*$D12),$E12*-1,IF($C12>H$40,IF($C12<I$40,$B12,0),IF(EDATE($C12,12*$D12)>I$40,0,IF(EDATE($C12,12*$D12)>H$40,IF(EDATE($C12,12*$D12)<I$40,$E12*-1,0),0))))) -> 0 | I47: =IF(I$40=$C12,$B12,IF(I$40=EDATE($C12,12*$D12),$E12*-1,IF($C12>I$40,IF($C12<K$40,$B12,0),IF(EDATE($C12,12*$D12)>K$40,0,IF(EDATE($C12,12*$D12)>I$40,IF(EDATE($C12,12*$D12)<K$40,$E12*-1,0),0))))) -> 0 | K47: =IF(K$40=$C12,$B12,IF(K$40=EDATE($C12,12*$D12),$E12*-1,IF($C12>K$40,IF($C12<L$40,$B12,0),IF(EDATE($C12,12*$D12)>L$40,0,IF(EDATE($C12,12*$D12)>K$40,IF(EDATE($C12,12*$D12)<L$40,$E12*-1,0),0))))) -> 3000 | L47: =IF(L$40=$C12,$B12,IF(L$40=EDATE($C12,12*$D12),$E12*-1,IF($C12>L$40,IF($C12<M$40,$B12,0),IF(EDATE($C12,12*$D12)>M$40,0,IF(EDATE($C12,12*$D12)>L$40,IF(EDATE($C12,12*$D12)<M$40,$E12*-1,0),0))))) -> 0 | M47: =IF(M$40=$C12,$B12,IF(M$40=EDATE($C12,12*$D12),$E12*-1,IF($C12>M$40,IF($C12<N$40,$B12,0),IF(EDATE($C12,12*$D12)>N$40,0,IF(EDATE($C12,12*$D12)>M$40,IF(EDATE($C12,12*$D12)<N$40,$E12*-1,0),0))))) -> 0 | N47: =IF(N$40=$C12,$B12,IF(N$40=EDATE($C12,12*$D12),$E12*-1,IF($C12>N$40,IF($C12<EDATE(N$40,12),$B12,0),IF(EDATE($C12,12*$D12)>EDATE(N$40,12),0,IF(EDATE($C12,12*$D12)>N$40,IF(EDATE($C12,12*$D12)<EDATE(N$40,12),$E12*-1,0),0))))) -> 0 | Q47: =A46 -> Office Furniture | R47: =SUM(B46:E46) -> 0 | S47: =SUM(F46:I46) -> 8000 | T47: =K46 -> 0 | U47: =L46 -> 0 | V47: =M46 -> 0 | W47: =N46 -> 0
A48: =A13 -> New Lab Tools | B48: =IF(B$40=$C13,$B13,IF(B$40=EDATE($C13,12*$D13),$E13*-1,IF($C13>B$40,IF($C13<C$40,$B13,0),IF(EDATE($C13,12*$D13)>C$40,0,IF(EDATE($C13,12*$D13)>B$40,IF(EDATE($C13,12*$D13)<C$40,$E13*-1,0),0))))) -> 0 | C48: =IF(C$40=$C13,$B13,IF(C$40=EDATE($C13,12*$D13),$E13*-1,IF($C13>C$40,IF($C13<D$40,$B13,0),IF(EDATE($C13,12*$D13)>D$40,0,IF(EDATE($C13,12*$D13)>C$40,IF(EDATE($C13,12*$D13)<D$40,$E13*-1,0),0))))) -> 0 | D48: =IF(D$40=$C13,$B13,IF(D$40=EDATE($C13,12*$D13),$E13*-1,IF($C13>D$40,IF($C13<E$40,$B13,0),IF(EDATE($C13,12*$D13)>E$40,0,IF(EDATE($C13,12*$D13)>D$40,IF(EDATE($C13,12*$D13)<E$40,$E13*-1,0),0))))) -> 0 | E48: =IF(E$40=$C13,$B13,IF(E$40=EDATE($C13,12*$D13),$E13*-1,IF($C13>E$40,IF($C13<F$40,$B13,0),IF(EDATE($C13,12*$D13)>F$40,0,IF(EDATE($C13,12*$D13)>E$40,IF(EDATE($C13,12*$D13)<F$40,$E13*-1,0),0))))) -> 0 | F48: =IF(F$40=$C13,$B13,IF(F$40=EDATE($C13,12*$D13),$E13*-1,IF($C13>F$40,IF($C13<G$40,$B13,0),IF(EDATE($C13,12*$D13)>G$40,0,IF(EDATE($C13,12*$D13)>F$40,IF(EDATE($C13,12*$D13)<G$40,$E13*-1,0),0))))) -> 0 | G48: =IF(G$40=$C13,$B13,IF(G$40=EDATE($C13,12*$D13),$E13*-1,IF($C13>G$40,IF($C13<H$40,$B13,0),IF(EDATE($C13,12*$D13)>H$40,0,IF(EDATE($C13,12*$D13)>G$40,IF(EDATE($C13,12*$D13)<H$40,$E13*-1,0),0))))) -> 0 | H48: =IF(H$40=$C13,$B13,IF(H$40=EDATE($C13,12*$D13),$E13*-1,IF($C13>H$40,IF($C13<I$40,$B13,0),IF(EDATE($C13,12*$D13)>I$40,0,IF(EDATE($C13,12*$D13)>H$40,IF(EDATE($C13,12*$D13)<I$40,$E13*-1,0),0))))) -> 0 | I48: =IF(I$40=$C13,$B13,IF(I$40=EDATE($C13,12*$D13),$E13*-1,IF($C13>I$40,IF($C13<K$40,$B13,0),IF(EDATE($C13,12*$D13)>K$40,0,IF(EDATE($C13,12*$D13)>I$40,IF(EDATE($C13,12*$D13)<K$40,$E13*-1,0),0))))) -> 0 | K48: =IF(K$40=$C13,$B13,IF(K$40=EDATE($C13,12*$D13),$E13*-1,IF($C13>K$40,IF($C13<L$40,$B13,0),IF(EDATE($C13,12*$D13)>L$40,0,IF(EDATE($C13,12*$D13)>K$40,IF(EDATE($C13,12*$D13)<L$40,$E13*-1,0),0))))) -> 0 | L48: =IF(L$40=$C13,$B13,IF(L$40=EDATE($C13,12*$D13),$E13*-1,IF($C13>L$40,IF($C13<M$40,$B13,0),IF(EDATE($C13,12*$D13)>M$40,0,IF(EDATE($C13,12*$D13)>L$40,IF(EDATE($C13,12*$D13)<M$40,$E13*-1,0),0))))) -> 15000 | M48: =IF(M$40=$C13,$B13,IF(M$40=EDATE($C13,12*$D13),$E13*-1,IF($C13>M$40,IF($C13<N$40,$B13,0),IF(EDATE($C13,12*$D13)>N$40,0,IF(EDATE($C13,12*$D13)>M$40,IF(EDATE($C13,12*$D13)<N$40,$E13*-1,0),0))))) -> 0 | N48: =IF(N$40=$C13,$B13,IF(N$40=EDATE($C13,12*$D13),$E13*-1,IF($C13>N$40,IF($C13<EDATE(N$40,12),$B13,0),IF(EDATE($C13,12*$D13)>EDATE(N$40,12),0,IF(EDATE($C13,12*$D13)>N$40,IF(EDATE($C13,12*$D13)<EDATE(N$40,12),$E13*-1,0),0))))) -> 0 | Q48: =A47 -> Storage Racks | R48: =SUM(B47:E47) -> 0 | S48: =SUM(F47:I47) -> 0 | T48: =K47 -> 3000 | U48: =L47 -> 0 | V48: =M47 -> 0 | W48: =N47 -> 0
A49: =A14 -> Company Vehicle | B49: =IF(B$40=$C14,$B14,IF(B$40=EDATE($C14,12*$D14),$E14*-1,IF($C14>B$40,IF($C14<C$40,$B14,0),IF(EDATE($C14,12*$D14)>C$40,0,IF(EDATE($C14,12*$D14)>B$40,IF(EDATE($C14,12*$D14)<C$40,$E14*-1,0),0))))) -> 0 | C49: =IF(C$40=$C14,$B14,IF(C$40=EDATE($C14,12*$D14),$E14*-1,IF($C14>C$40,IF($C14<D$40,$B14,0),IF(EDATE($C14,12*$D14)>D$40,0,IF(EDATE($C14,12*$D14)>C$40,IF(EDATE($C14,12*$D14)<D$40,$E14*-1,0),0))))) -> 0 | D49: =IF(D$40=$C14,$B14,IF(D$40=EDATE($C14,12*$D14),$E14*-1,IF($C14>D$40,IF($C14<E$40,$B14,0),IF(EDATE($C14,12*$D14)>E$40,0,IF(EDATE($C14,12*$D14)>D$40,IF(EDATE($C14,12*$D14)<E$40,$E14*-1,0),0))))) -> 0 | E49: =IF(E$40=$C14,$B14,IF(E$40=EDATE($C14,12*$D14),$E14*-1,IF($C14>E$40,IF($C14<F$40,$B14,0),IF(EDATE($C14,12*$D14)>F$40,0,IF(EDATE($C14,12*$D14)>E$40,IF(EDATE($C14,12*$D14)<F$40,$E14*-1,0),0))))) -> 0 | F49: =IF(F$40=$C14,$B14,IF(F$40=EDATE($C14,12*$D14),$E14*-1,IF($C14>F$40,IF($C14<G$40,$B14,0),IF(EDATE($C14,12*$D14)>G$40,0,IF(EDATE($C14,12*$D14)>F$40,IF(EDATE($C14,12*$D14)<G$40,$E14*-1,0),0))))) -> 0 | G49: =IF(G$40=$C14,$B14,IF(G$40=EDATE($C14,12*$D14),$E14*-1,IF($C14>G$40,IF($C14<H$40,$B14,0),IF(EDATE($C14,12*$D14)>H$40,0,IF(EDATE($C14,12*$D14)>G$40,IF(EDATE($C14,12*$D14)<H$40,$E14*-1,0),0))))) -> 0 | H49: =IF(H$40=$C14,$B14,IF(H$40=EDATE($C14,12*$D14),$E14*-1,IF($C14>H$40,IF($C14<I$40,$B14,0),IF(EDATE($C14,12*$D14)>I$40,0,IF(EDATE($C14,12*$D14)>H$40,IF(EDATE($C14,12*$D14)<I$40,$E14*-1,0),0))))) -> 0 | I49: =IF(I$40=$C14,$B14,IF(I$40=EDATE($C14,12*$D14),$E14*-1,IF($C14>I$40,IF($C14<K$40,$B14,0),IF(EDATE($C14,12*$D14)>K$40,0,IF(EDATE($C14,12*$D14)>I$40,IF(EDATE($C14,12*$D14)<K$40,$E14*-1,0),0))))) -> 0 | K49: =IF(K$40=$C14,$B14,IF(K$40=EDATE($C14,12*$D14),$E14*-1,IF($C14>K$40,IF($C14<L$40,$B14,0),IF(EDATE($C14,12*$D14)>L$40,0,IF(EDATE($C14,12*$D14)>K$40,IF(EDATE($C14,12*$D14)<L$40,$E14*-1,0),0))))) -> 0 | L49: =IF(L$40=$C14,$B14,IF(L$40=EDATE($C14,12*$D14),$E14*-1,IF($C14>L$40,IF($C14<M$40,$B14,0),IF(EDATE($C14,12*$D14)>M$40,0,IF(EDATE($C14,12*$D14)>L$40,IF(EDATE($C14,12*$D14)<M$40,$E14*-1,0),0))))) -> 0 | M49: =IF(M$40=$C14,$B14,IF(M$40=EDATE($C14,12*$D14),$E14*-1,IF($C14>M$40,IF($C14<N$40,$B14,0),IF(EDATE($C14,12*$D14)>N$40,0,IF(EDATE($C14,12*$D14)>M$40,IF(EDATE($C14,12*$D14)<N$40,$E14*-1,0),0))))) -> 0 | N49: =IF(N$40=$C14,$B14,IF(N$40=EDATE($C14,12*$D14),$E14*-1,IF($C14>N$40,IF($C14<EDATE(N$40,12),$B14,0),IF(EDATE($C14,12*$D14)>EDATE(N$40,12),0,IF(EDATE($C14,12*$D14)>N$40,IF(EDATE($C14,12*$D14)<EDATE(N$40,12),$E14*-1,0),0))))) -> 45000 | Q49: =A48 -> New Lab Tools | R49: =SUM(B48:E48) -> 0 | S49: =SUM(F48:I48) -> 0 | T49: =K48 -> 0 | U49: =L48 -> 15000 | V49: =M48 -> 0 | W49: =N48 -> 0
A50: Empty | B50: =IF(B$40=$C15,$B15,IF(B$40=EDATE($C15,12*$D15),$E15*-1,IF($C15>B$40,IF($C15<C$40,$B15,0),IF(EDATE($C15,12*$D15)>C$40,0,IF(EDATE($C15,12*$D15)>B$40,IF(EDATE($C15,12*$D15)<C$40,$E15*-1,0),0))))) -> 0 | C50: =IF(C$40=$C15,$B15,IF(C$40=EDATE($C15,12*$D15),$E15*-1,IF($C15>C$40,IF($C15<D$40,$B15,0),IF(EDATE($C15,12*$D15)>D$40,0,IF(EDATE($C15,12*$D15)>C$40,IF(EDATE($C15,12*$D15)<D$40,$E15*-1,0),0))))) -> 0 | D50: =IF(D$40=$C15,$B15,IF(D$40=EDATE($C15,12*$D15),$E15*-1,IF($C15>D$40,IF($C15<E$40,$B15,0),IF(EDATE($C15,12*$D15)>E$40,0,IF(EDATE($C15,12*$D15)>D$40,IF(EDATE($C15,12*$D15)<E$40,$E15*-1,0),0))))) -> 0 | E50: =IF(E$40=$C15,$B15,IF(E$40=EDATE($C15,12*$D15),$E15*-1,IF($C15>E$40,IF($C15<F$40,$B15,0),IF(EDATE($C15,12*$D15)>F$40,0,IF(EDATE($C15,12*$D15)>E$40,IF(EDATE($C15,12*$D15)<F$40,$E15*-1,0),0))))) -> 0 | F50: =IF(F$40=$C15,$B15,IF(F$40=EDATE($C15,12*$D15),$E15*-1,IF($C15>F$40,IF($C15<G$40,$B15,0),IF(EDATE($C15,12*$D15)>G$40,0,IF(EDATE($C15,12*$D15)>F$40,IF(EDATE($C15,12*$D15)<G$40,$E15*-1,0),0))))) -> 0 | G50: =IF(G$40=$C15,$B15,IF(G$40=EDATE($C15,12*$D15),$E15*-1,IF($C15>G$40,IF($C15<H$40,$B15,0),IF(EDATE($C15,12*$D15)>H$40,0,IF(EDATE($C15,12*$D15)>G$40,IF(EDATE($C15,12*$D15)<H$40,$E15*-1,0),0))))) -> 0 | H50: =IF(H$40=$C15,$B15,IF(H$40=EDATE($C15,12*$D15),$E15*-1,IF($C15>H$40,IF($C15<I$40,$B15,0),IF(EDATE($C15,12*$D15)>I$40,0,IF(EDATE($C15,12*$D15)>H$40,IF(EDATE($C15,12*$D15)<I$40,$E15*-1,0),0))))) -> 0 | I50: =IF(I$40=$C15,$B15,IF(I$40=EDATE($C15,12*$D15),$E15*-1,IF($C15>I$40,IF($C15<K$40,$B15,0),IF(EDATE($C15,12*$D15)>K$40,0,IF(EDATE($C15,12*$D15)>I$40,IF(EDATE($C15,12*$D15)<K$40,$E15*-1,0),0))))) -> 0 | K50: =IF(K$40=$C15,$B15,IF(K$40=EDATE($C15,12*$D15),$E15*-1,IF($C15>K$40,IF($C15<L$40,$B15,0),IF(EDATE($C15,12*$D15)>L$40,0,IF(EDATE($C15,12*$D15)>K$40,IF(EDATE($C15,12*$D15)<L$40,$E15*-1,0),0))))) -> 0 | L50: =IF(L$40=$C15,$B15,IF(L$40=EDATE($C15,12*$D15),$E15*-1,IF($C15>L$40,IF($C15<M$40,$B15,0),IF(EDATE($C15,12*$D15)>M$40,0,IF(EDATE($C15,12*$D15)>L$40,IF(EDATE($C15,12*$D15)<M$40,$E15*-1,0),0))))) -> 0 | M50: =IF(M$40=$C15,$B15,IF(M$40=EDATE($C15,12*$D15),$E15*-1,IF($C15>M$40,IF($C15<N$40,$B15,0),IF(EDATE($C15,12*$D15)>N$40,0,IF(EDATE($C15,12*$D15)>M$40,IF(EDATE($C15,12*$D15)<N$40,$E15*-1,0),0))))) -> 0 | N50: =IF(N$40=$C15,$B15,IF(N$40=EDATE($C15,12*$D15),$E15*-1,IF($C15>N$40,IF($C15<EDATE(N$40,12),$B15,0),IF(EDATE($C15,12*$D15)>EDATE(N$40,12),0,IF(EDATE($C15,12*$D15)>N$40,IF(EDATE($C15,12*$D15)<EDATE(N$40,12),$E15*-1,0),0))))) -> 0 | Q50: =A49 -> Company Vehicle | R50: =SUM(B49:E49) -> 0 | S50: =SUM(F49:I49) -> 0 | T50: =K49 -> 0 | U50: =L49 -> 0 | V50: =M49 -> 0 | W50: =N49 -> 45000
A51: Empty | B51: =IF(B$40=$C16,$B16,IF(B$40=EDATE($C16,12*$D16),$E16*-1,IF($C16>B$40,IF($C16<C$40,$B16,0),IF(EDATE($C16,12*$D16)>C$40,0,IF(EDATE($C16,12*$D16)>B$40,IF(EDATE($C16,12*$D16)<C$40,$E16*-1,0),0))))) -> 0 | C51: =IF(C$40=$C16,$B16,IF(C$40=EDATE($C16,12*$D16),$E16*-1,IF($C16>C$40,IF($C16<D$40,$B16,0),IF(EDATE($C16,12*$D16)>D$40,0,IF(EDATE($C16,12*$D16)>C$40,IF(EDATE($C16,12*$D16)<D$40,$E16*-1,0),0))))) -> 0 | D51: =IF(D$40=$C16,$B16,IF(D$40=EDATE($C16,12*$D16),$E16*-1,IF($C16>D$40,IF($C16<E$40,$B16,0),IF(EDATE($C16,12*$D16)>E$40,0,IF(EDATE($C16,12*$D16)>D$40,IF(EDATE($C16,12*$D16)<E$40,$E16*-1,0),0))))) -> 0 | E51: =IF(E$40=$C16,$B16,IF(E$40=EDATE($C16,12*$D16),$E16*-1,IF($C16>E$40,IF($C16<F$40,$B16,0),IF(EDATE($C16,12*$D16)>F$40,0,IF(EDATE($C16,12*$D16)>E$40,IF(EDATE($C16,12*$D16)<F$40,$E16*-1,0),0))))) -> 0 | F51: =IF(F$40=$C16,$B16,IF(F$40=EDATE($C16,12*$D16),$E16*-1,IF($C16>F$40,IF($C16<G$40,$B16,0),IF(EDATE($C16,12*$D16)>G$40,0,IF(EDATE($C16,12*$D16)>F$40,IF(EDATE($C16,12*$D16)<G$40,$E16*-1,0),0))))) -> 0 | G51: =IF(G$40=$C16,$B16,IF(G$40=EDATE($C16,12*$D16),$E16*-1,IF($C16>G$40,IF($C16<H$40,$B16,0),IF(EDATE($C16,12*$D16)>H$40,0,IF(EDATE($C16,12*$D16)>G$40,IF(EDATE($C16,12*$D16)<H$40,$E16*-1,0),0))))) -> 0 | H51: =IF(H$40=$C16,$B16,IF(H$40=EDATE($C16,12*$D16),$E16*-1,IF($C16>H$40,IF($C16<I$40,$B16,0),IF(EDATE($C16,12*$D16)>I$40,0,IF(EDATE($C16,12*$D16)>H$40,IF(EDATE($C16,12*$D16)<I$40,$E16*-1,0),0))))) -> 0 | I51: =IF(I$40=$C16,$B16,IF(I$40=EDATE($C16,12*$D16),$E16*-1,IF($C16>I$40,IF($C16<K$40,$B16,0),IF(EDATE($C16,12*$D16)>K$40,0,IF(EDATE($C16,12*$D16)>I$40,IF(EDATE($C16,12*$D16)<K$40,$E16*-1,0),0))))) -> 0 | K51: =IF(K$40=$C16,$B16,IF(K$40=EDATE($C16,12*$D16),$E16*-1,IF($C16>K$40,IF($C16<L$40,$B16,0),IF(EDATE($C16,12*$D16)>L$40,0,IF(EDATE($C16,12*$D16)>K$40,IF(EDATE($C16,12*$D16)<L$40,$E16*-1,0),0))))) -> 0 | L51: =IF(L$40=$C16,$B16,IF(L$40=EDATE($C16,12*$D16),$E16*-1,IF($C16>L$40,IF($C16<M$40,$B16,0),IF(EDATE($C16,12*$D16)>M$40,0,IF(EDATE($C16,12*$D16)>L$40,IF(EDATE($C16,12*$D16)<M$40,$E16*-1,0),0))))) -> 0 | M51: =IF(M$40=$C16,$B16,IF(M$40=EDATE($C16,12*$D16),$E16*-1,IF($C16>M$40,IF($C16<N$40,$B16,0),IF(EDATE($C16,12*$D16)>N$40,0,IF(EDATE($C16,12*$D16)>M$40,IF(EDATE($C16,12*$D16)<N$40,$E16*-1,0),0))))) -> 0 | N51: =IF(N$40=$C16,$B16,IF(N$40=EDATE($C16,12*$D16),$E16*-1,IF($C16>N$40,IF($C16<EDATE(N$40,12),$B16,0),IF(EDATE($C16,12*$D16)>EDATE(N$40,12),0,IF(EDATE($C16,12*$D16)>N$40,IF(EDATE($C16,12*$D16)<EDATE(N$40,12),$E16*-1,0),0))))) -> 0 | Q51: =A50 -> Empty | R51: =SUM(B50:E50) -> 0 | S51: =SUM(F50:I50) -> 0 | T51: =K50 -> 0 | U51: =L50 -> 0 | V51: =M50 -> 0 | W51: =N50 -> 0
A52: Total | B52: =SUM(B41:B51) -> 0 | C52: =SUM(C41:C51) -> 0 | D52: =SUM(D41:D51) -> 6000 | E52: =SUM(E41:E51) -> 23000 | F52: =SUM(F41:F51) -> 0 | G52: =SUM(G41:G51) -> 35000 | H52: =SUM(H41:H51) -> 63000 | I52: =SUM(I41:I51) -> 0 | K52: =SUM(K41:K51) -> 3000 | L52: =SUM(L41:L51) -> 15000 | M52: =SUM(M41:M51) -> 0 | N52: =SUM(N41:N51) -> 45000 | R52: =SUM(R42:R51) -> 29000 | S52: =SUM(S42:S51) -> 98000 | T52: =SUM(T42:T51) -> 3000 | U52: =SUM(U42:U51) -> 15000 | V52: =SUM(V42:V51) -> 0 | W52: =SUM(W42:W51) -> 45000
A55: Capital Asset Value - Impact on Balance Sheet | Q55: =A55 -> Capital Asset Value - Impact on Balance Sheet
B56: Quarterly Balance Sheet impact from CapEx (years 1 and 2) | K56: Annual Balance Sheet impact from CapEx (years 3 to 6) | Q56: Full Forecast - Annual (6 years)
B57: Year 1 | F57: Year 2 | K57: Year 3 | L57: Year 4 | M57: Year 5 | N57: Year 6 | R57: Annual Projections
B58: =StartDate -> 43831 | C58: =EDATE(B58,3) -> 43922 | D58: =EDATE(C58,3) -> 44013 | E58: =EDATE(D58,3) -> 44105 | F58: =EDATE(E58,3) -> 44197 | G58: =EDATE(F58,3) -> 44287 | H58: =EDATE(G58,3) -> 44378 | I58: =EDATE(H58,3) -> 44470 | K58: =EDATE(I58,3) -> 44562 | L58: =EDATE(K58,12) -> 44927 | M58: =EDATE(L58,12) -> 45292 | N58: =EDATE(M58,12) -> 45658 | R58: Year 1 | S58: Year 2 | T58: Year 3 | U58: Year 4 | V58: Year 5 | W58: Year 6
A59: =A23 -> Lab Tools | B59: =B41 -> 0 | C59: =IF(ROUND(B59,1)>0,B59-B23,C41) -> 0 | D59: =IF(ROUND(C59,1)>0,C59-C23,D41) -> 6000 | E59: =IF(ROUND(D59,1)>0,D59-D23,E41) -> 5785.7143 | F59: =IF(ROUND(E59,1)>0,E59-E23,F41) -> 5571.4286 | G59: =IF(ROUND(F59,1)>0,F59-F23,G41) -> 5357.1429 | H59: =IF(ROUND(G59,1)>0,G59-G23,H41) -> 5142.8571 | I59: =IF(ROUND(H59,1)>0,H59-H23,I41) -> 4928.5714 | K59: =IF(ROUND(I59,1)>0,I59-I23,K41) -> 4714.2857 | L59: =IF(ROUND(K59,1)>0,K59-K23,L41) -> 3857.1429 | M59: =IF(ROUND(L59,1)>0,L59-L23,M41) -> 3000 | N59: =IF(ROUND(M59,1)>0,M59-M23,N41) -> 2142.8571 | R59: =B58 -> 43831 | S59: =F58 -> 44197 | T59: =K58 -> 44562 | U59: =L58 -> 44927 | V59: =M58 -> 45292 | W59: =N58 -> 45658
A60: =A24 -> Product Testing Unit | B60: =B42 -> 0 | C60: =IF(ROUND(B60,1)>0,B60-B24,C42) -> 0 | D60: =IF(ROUND(C60,1)>0,C60-C24,D42) -> 0 | E60: =IF(ROUND(D60,1)>0,D60-D24,E42) -> 20000 | F60: =IF(ROUND(E60,1)>0,E60-E24,F42) -> 19166.667 | G60: =IF(ROUND(F60,1)>0,F60-F24,G42) -> 18333.333 | H60: =IF(ROUND(G60,1)>0,G60-G24,H42) -> 17500 | I60: =IF(ROUND(H60,1)>0,H60-H24,I42) -> 16666.667 | K60: =IF(ROUND(I60,1)>0,I60-I24,K42) -> 15833.333 | L60: =IF(ROUND(K60,1)>0,K60-K24,L42) -> 12500 | M60: =IF(ROUND(L60,1)>0,L60-L24,M42) -> 9166.6667 | N60: =IF(ROUND(M60,1)>0,M60-M24,N42) -> 5833.3333 | Q60: =A59 -> Lab Tools | R60: =SUM(B59:E59) -> 11785.714 | S60: =SUM(F59:I59) -> 21000 | T60: =K59 -> 4714.2857 | U60: =L59 -> 3857.1429 | V60: =M59 -> 3000 | W60: =N59 -> 2142.8571
A61: =A25 -> Office Furniture | B61: =B43 -> 0 | C61: =IF(ROUND(B61,1)>0,B61-B25,C43) -> 0 | D61: =IF(ROUND(C61,1)>0,C61-C25,D43) -> 0 | E61: =IF(ROUND(D61,1)>0,D61-D25,E43) -> 3000 | F61: =IF(ROUND(E61,1)>0,E61-E25,F43) -> 2850 | G61: =IF(ROUND(F61,1)>0,F61-F25,G43) -> 2700 | H61: =IF(ROUND(G61,1)>0,G61-G25,H43) -> 2550 | I61: =IF(ROUND(H61,1)>0,H61-H25,I43) -> 2400 | K61: =IF(ROUND(I61,1)>0,I61-I25,K43) -> 2250 | L61: =IF(ROUND(K61,1)>0,K61-K25,L43) -> 1650 | M61: =IF(ROUND(L61,1)>0,L61-L25,M43) -> 1050 | N61: =IF(ROUND(M61,1)>0,M61-M25,N43) -> 450 | Q61: =A60 -> Product Testing Unit | R61: =SUM(B60:E60) -> 20000 | S61: =SUM(F60:I60) -> 71666.667 | T61: =K60 -> 15833.333 | U61: =L60 -> 12500 | V61: =M60 -> 9166.6667 | W61: =N60 -> 5833.3333
A62: =A26 -> Company Vehicle | B62: =B44 -> 0 | C62: =IF(ROUND(B62,1)>0,B62-B26,C44) -> 0 | D62: =IF(ROUND(C62,1)>0,C62-C26,D44) -> 0 | E62: =IF(ROUND(D62,1)>0,D62-D26,E44) -> 0 | F62: =IF(ROUND(E62,1)>0,E62-E26,F44) -> 0 | G62: =IF(ROUND(F62,1)>0,F62-F26,G44) -> 35000 | H62: =IF(ROUND(G62,1)>0,G62-G26,H44) -> 33250 | I62: =IF(ROUND(H62,1)>0,H62-H26,I44) -> 31500 | K62: =IF(ROUND(I62,1)>0,I62-I26,K44) -> 29750 | L62: =IF(ROUND(K62,1)>0,K62-K26,L44) -> 22750 | M62: =IF(ROUND(L62,1)>0,L62-L26,M44) -> 15750 | N62: =IF(ROUND(M62,1)>0,M62-M26,N44) -> 8750 | Q62: =A61 -> Office Furniture | R62: =SUM(B61:E61) -> 3000 | S62: =SUM(F61:I61) -> 10500 | T62: =K61 -> 2250 | U62: =L61 -> 1650 | V62: =M61 -> 1050 | W62: =N61 -> 450
A63: =A27 -> High Cap. Testing Unit | B63: =B45 -> 0 | C63: =IF(ROUND(B63,1)>0,B63-B27,C45) -> 0 | D63: =IF(ROUND(C63,1)>0,C63-C27,D45) -> 0 | E63: =IF(ROUND(D63,1)>0,D63-D27,E45) -> 0 | F63: =IF(ROUND(E63,1)>0,E63-E27,F45) -> 0 | G63: =IF(ROUND(F63,1)>0,F63-F27,G45) -> 0 | H63: =IF(ROUND(G63,1)>0,G63-G27,H45) -> 55000 | I63: =IF(ROUND(H63,1)>0,H63-H27,I45) -> 52708.333 | K63: =IF(ROUND(I63,1)>0,I63-I27,K45) -> 50416.667 | L63: =IF(ROUND(K63,1)>0,K63-K27,L45) -> 41250 | M63: =IF(ROUND(L63,1)>0,L63-L27,M45) -> 32083.333 | N63: =IF(ROUND(M63,1)>0,M63-M27,N45) -> 22916.667 | Q63: =A62 -> Company Vehicle | R63: =SUM(B62:E62) -> 0 | S63: =SUM(F62:I62) -> 99750 | T63: =K62 -> 29750 | U63: =L62 -> 22750 | V63: =M62 -> 15750 | W63: =N62 -> 8750
A64: =A28 -> Office Furniture | B64: =B46 -> 0 | C64: =IF(ROUND(B64,1)>0,B64-B28,C46) -> 0 | D64: =IF(ROUND(C64,1)>0,C64-C28,D46) -> 0 | E64: =IF(ROUND(D64,1)>0,D64-D28,E46) -> 0 | F64: =IF(ROUND(E64,1)>0,E64-E28,F46) -> 0 | G64: =IF(ROUND(F64,1)>0,F64-F28,G46) -> 0 | H64: =IF(ROUND(G64,1)>0,G64-G28,H46) -> 8000 | I64: =IF(ROUND(H64,1)>0,H64-H28,I46) -> 7600 | K64: =IF(ROUND(I64,1)>0,I64-I28,K46) -> 7200 | L64: =IF(ROUND(K64,1)>0,K64-K28,L46) -> 5600 | M64: =IF(ROUND(L64,1)>0,L64-L28,M46) -> 4000 | N64: =IF(ROUND(M64,1)>0,M64-M28,N46) -> 2400 | Q64: =A63 -> High Cap. Testing Unit | R64: =SUM(B63:E63) -> 0 | S64: =SUM(F63:I63) -> 107708.33 | T64: =K63 -> 50416.667 | U64: =L63 -> 41250 | V64: =M63 -> 32083.333 | W64: =N63 -> 22916.667
A65: =A29 -> Storage Racks | B65: =B47 -> 0 | C65: =IF(ROUND(B65,1)>0,B65-B29,C47) -> 0 | D65: =IF(ROUND(C65,1)>0,C65-C29,D47) -> 0 | E65: =IF(ROUND(D65,1)>0,D65-D29,E47) -> 0 | F65: =IF(ROUND(E65,1)>0,E65-E29,F47) -> 0 | G65: =IF(ROUND(F65,1)>0,F65-F29,G47) -> 0 | H65: =IF(ROUND(G65,1)>0,G65-G29,H47) -> 0 | I65: =IF(ROUND(H65,1)>0,H65-H29,I47) -> 0 | K65: =IF(ROUND(I65,1)>0,I65-I29,K47) -> 3000 | L65: =IF(ROUND(K65,1)>0,K65-K29,L47) -> 2400 | M65: =IF(ROUND(L65,1)>0,L65-L29,M47) -> 1800 | N65: =IF(ROUND(M65,1)>0,M65-M29,N47) -> 1200 | Q65: =A64 -> Office Furniture | R65: =SUM(B64:E64) -> 0 | S65: =SUM(F64:I64) -> 15600 | T65: =K64 -> 7200 | U65: =L64 -> 5600 | V65: =M64 -> 4000 | W65: =N64 -> 2400
A66: =A30 -> New Lab Tools | B66: =B48 -> 0 | C66: =IF(ROUND(B66,1)>0,B66-B30,C48) -> 0 | D66: =IF(ROUND(C66,1)>0,C66-C30,D48) -> 0 | E66: =IF(ROUND(D66,1)>0,D66-D30,E48) -> 0 | F66: =IF(ROUND(E66,1)>0,E66-E30,F48) -> 0 | G66: =IF(ROUND(F66,1)>0,F66-F30,G48) -> 0 | H66: =IF(ROUND(G66,1)>0,G66-G30,H48) -> 0 | I66: =IF(ROUND(H66,1)>0,H66-H30,I48) -> 0 | K66: =IF(ROUND(I66,1)>0,I66-I30,K48) -> 0 | L66: =IF(ROUND(K66,1)>0,K66-K30,L48) -> 15000 | M66: =IF(ROUND(L66,1)>0,L66-L30,M48) -> 12857.143 | N66: =IF(ROUND(M66,1)>0,M66-M30,N48) -> 10714.286 | Q66: =A65 -> Storage Racks | R66: =SUM(B65:E65) -> 0 | S66: =SUM(F65:I65) -> 0 | T66: =K65 -> 3000 | U66: =L65 -> 2400 | V66: =M65 -> 1800 | W66: =N65 -> 1200
A67: =A31 -> Company Vehicle | B67: =B49 -> 0 | C67: =IF(ROUND(B67,1)>0,B67-B31,C49) -> 0 | D67: =IF(ROUND(C67,1)>0,C67-C31,D49) -> 0 | E67: =IF(ROUND(D67,1)>0,D67-D31,E49) -> 0 | F67: =IF(ROUND(E67,1)>0,E67-E31,F49) -> 0 | G67: =IF(ROUND(F67,1)>0,F67-F31,G49) -> 0 | H67: =IF(ROUND(G67,1)>0,G67-G31,H49) -> 0 | I67: =IF(ROUND(H67,1)>0,H67-H31,I49) -> 0 | K67: =IF(ROUND(I67,1)>0,I67-I31,K49) -> 0 | L67: =IF(ROUND(K67,1)>0,K67-K31,L49) -> 0 | M67: =IF(ROUND(L67,1)>0,L67-L31,M49) -> 0 | N67: =IF(ROUND(M67,1)>0,M67-M31,N49) -> 45000 | Q67: =A66 -> New Lab Tools | R67: =SUM(B66:E66) -> 0 | S67: =SUM(F66:I66) -> 0 | T67: =K66 -> 0 | U67: =L66 -> 15000 | V67: =M66 -> 12857.143 | W67: =N66 -> 10714.286
A68: =A32 -> Empty | B68: =B50 -> 0 | C68: =IF(ROUND(B68,1)>0,B68-B32,C50) -> 0 | D68: =IF(ROUND(C68,1)>0,C68-C32,D50) -> 0 | E68: =IF(ROUND(D68,1)>0,D68-D32,E50) -> 0 | F68: =IF(ROUND(E68,1)>0,E68-E32,F50) -> 0 | G68: =IF(ROUND(F68,1)>0,F68-F32,G50) -> 0 | H68: =IF(ROUND(G68,1)>0,G68-G32,H50) -> 0 | I68: =IF(ROUND(H68,1)>0,H68-H32,I50) -> 0 | K68: =IF(ROUND(I68,1)>0,I68-I32,K50) -> 0 | L68: =IF(ROUND(K68,1)>0,K68-K32,L50) -> 0 | M68: =IF(ROUND(L68,1)>0,L68-L32,M50) -> 0 | N68: =IF(ROUND(M68,1)>0,M68-M32,N50) -> 0 | Q68: =A67 -> Company Vehicle | R68: =SUM(B67:E67) -> 0 | S68: =SUM(F67:I67) -> 0 | T68: =K67 -> 0 | U68: =L67 -> 0 | V68: =M67 -> 0 | W68: =N67 -> 45000
A69: =A33 -> Empty | B69: =B51 -> 0 | C69: =IF(ROUND(B69,1)>0,B69-B33,C51) -> 0 | D69: =IF(ROUND(C69,1)>0,C69-C33,D51) -> 0 | E69: =IF(ROUND(D69,1)>0,D69-D33,E51) -> 0 | F69: =IF(ROUND(E69,1)>0,E69-E33,F51) -> 0 | G69: =IF(ROUND(F69,1)>0,F69-F33,G51) -> 0 | H69: =IF(ROUND(G69,1)>0,G69-G33,H51) -> 0 | I69: =IF(ROUND(H69,1)>0,H69-H33,I51) -> 0 | K69: =IF(ROUND(I69,1)>0,I69-I33,K51) -> 0 | L69: =IF(ROUND(K69,1)>0,K69-K33,L51) -> 0 | M69: =IF(ROUND(L69,1)>0,L69-L33,M51) -> 0 | N69: =IF(ROUND(M69,1)>0,M69-M33,N51) -> 0 | Q69: =A68 -> Empty | R69: =SUM(B68:E68) -> 0 | S69: =SUM(F68:I68) -> 0 | T69: =K68 -> 0 | U69: =L68 -> 0 | V69: =M68 -> 0 | W69: =N68 -> 0
A70: Total | B70: =SUM(B59:B69) -> 0 | C70: =SUM(C59:C69) -> 0 | D70: =SUM(D59:D69) -> 6000 | E70: =SUM(E59:E69) -> 28785.714 | F70: =SUM(F59:F69) -> 27588.095 | G70: =SUM(G59:G69) -> 61390.476 | H70: =SUM(H59:H69) -> 121442.86 | I70: =SUM(I59:I69) -> 115803.57 | K70: =SUM(K59:K69) -> 113164.29 | L70: =SUM(L59:L69) -> 105007.14 | M70: =SUM(M59:M69) -> 79707.143 | N70: =SUM(N59:N69) -> 99407.143 | R70: =SUM(R60:R69) -> 34785.714 | S70: =SUM(S60:S69) -> 326225 | T70: =SUM(T60:T69) -> 113164.29 | U70: =SUM(U60:U69) -> 105007.14 | V70: =SUM(V60:V69) -> 79707.143 | W70: =SUM(W60:W69) -> 99407.143

Sheet Total Expenses
A1: Total Expenses Projections | Q1: =CompanyName &" Projected Expenses Chart" -> WorkHorse Inc. Projected Expenses Chart
A2: ="Expenses ("&SubHeader&")" -> Expenses (USD)
Q3: First two years - Quarterly
A5: Total Expenses
B6: =A5&" by Quarter (years 1 and 2)" -> Total Expenses by Quarter (years 1 and 2) | K6: ="Annual "&A5&" (years 3 to 6)" -> Annual Total Expenses (years 3 to 6)
B7: Year 1 | F7: Year 2 | K7: Year 3 | L7: Year 4 | M7: Year 5 | N7: Year 6
B8: =StartDate -> 43831 | C8: =EDATE(B8,3) -> 43922 | D8: =EDATE(C8,3) -> 44013 | E8: =EDATE(D8,3) -> 44105 | F8: =EDATE(E8,3) -> 44197 | G8: =EDATE(F8,3) -> 44287 | H8: =EDATE(G8,3) -> 44378 | I8: =EDATE(H8,3) -> 44470 | K8: =EDATE(I8,3) -> 44562 | L8: =EDATE(K8,12) -> 44927 | M8: =EDATE(L8,12) -> 45292 | N8: =EDATE(M8,12) -> 45658
A9: COGS | B9: ='Working Capital'!B19 -> 0 | C9: ='Working Capital'!C19 -> 0 | D9: ='Working Capital'!D19 -> 0 | E9: ='Working Capital'!E19 -> 0 | F9: ='Working Capital'!F19 -> 231140 | G9: ='Working Capital'!G19 -> 231140 | H9: ='Working Capital'!H19 -> 231140 | I9: ='Working Capital'!I19 -> 231140 | K9: ='Working Capital'!K19 -> 3621196.8 | L9: ='Working Capital'!L19 -> 6532085.2 | M9: ='Working Capital'!M19 -> 11506729 | N9: ='Working Capital'!N19 -> 20689183
A10: Operating Expenses | B10: =Payroll!B49+'Other Operating Expenses'!B27 -> 84000 | C10: =Payroll!C49+'Other Operating Expenses'!C27 -> 84000 | D10: =Payroll!D49+'Other Operating Expenses'!D27 -> 111800 | E10: =Payroll!E49+'Other Operating Expenses'!E27 -> 139600 | F10: =Payroll!F49+'Other Operating Expenses'!F27 -> 350450 | G10: =Payroll!G49+'Other Operating Expenses'!G27 -> 416475 | H10: =Payroll!H49+'Other Operating Expenses'!H27 -> 461650 | I10: =Payroll!I49+'Other Operating Expenses'!I27 -> 562425 | K10: =Payroll!K49+'Other Operating Expenses'!K27 -> 2879620 | L10: =Payroll!L49+'Other Operating Expenses'!L27 -> 4344664.5 | M10: =Payroll!M49+'Other Operating Expenses'!M27 -> 5546435.8 | N10: =Payroll!N49+'Other Operating Expenses'!N27 -> 6976264
A11: Depreciation and Amortization | B11: ='Capital Expenses'!B34 -> 0 | C11: ='Capital Expenses'!C34 -> 0 | D11: ='Capital Expenses'!D34 -> 214.28571 | E11: ='Capital Expenses'!E34 -> 1197.619 | F11: ='Capital Expenses'!F34 -> 1197.619 | G11: ='Capital Expenses'!G34 -> 2947.619 | H11: ='Capital Expenses'!H34 -> 5639.2857 | I11: ='Capital Expenses'!I34 -> 5639.2857 | K11: ='Capital Expenses'!K34 -> 23157.143 | L11: ='Capital Expenses'!L34 -> 25300 | M11: ='Capital Expenses'!M34 -> 25300 | N11: ='Capital Expenses'!N34 -> 34300
A12: Total | B12: =SUM(B9:B11) -> 84000 | C12: =SUM(C9:C11) -> 84000 | D12: =SUM(D9:D11) -> 112014.29 | E12: =SUM(E9:E11) -> 140797.62 | F12: =SUM(F9:F11) -> 582787.62 | G12: =SUM(G9:G11) -> 650562.62 | H12: =SUM(H9:H11) -> 698429.29 | I12: =SUM(I9:I11) -> 799204.29 | K12: =SUM(K9:K11) -> 6523973.9 | L12: =SUM(L9:L11) -> 10902050 | M12: =SUM(M9:M11) -> 17078465 | N12: =SUM(N9:N11) -> 27699747
Q20: Full Forecast - Annual (6 years)
R22: Annual Projections
R23: Year 1 | S23: Year 2 | T23: Year 3 | U23: Year 4 | V23: Year 5 | W23: Year 6
R24: =B8 -> 43831 | S24: =F8 -> 44197 | T24: =K8 -> 44562 | U24: =L8 -> 44927 | V24: =M8 -> 45292 | W24: =N8 -> 45658
Q25: =A9 -> COGS | R25: =SUM(B9:E9) -> 0 | S25: =SUM(F9:I9) -> 924560 | T25: =K9 -> 3621196.8 | U25: =L9 -> 6532085.2 | V25: =M9 -> 11506729 | W25: =N9 -> 20689183
Q26: =A10 -> Operating Expenses | R26: =SUM(B10:E10) -> 419400 | S26: =SUM(F10:I10) -> 1791000 | T26: =K10 -> 2879620 | U26: =L10 -> 4344664.5 | V26: =M10 -> 5546435.8 | W26: =N10 -> 6976264
Q27: =A11 -> Depreciation and Amortization | R27: =SUM(B11:E11) -> 1411.9048 | S27: =SUM(F11:I11) -> 15423.81 | T27: =K11 -> 23157.143 | U27: =L11 -> 25300 | V27: =M11 -> 25300 | W27: =N11 -> 34300
R28: =SUM(R25:R27) -> 420811.9 | S28: =SUM(S25:S27) -> 2730983.8 | T28: =SUM(T25:T27) -> 6523973.9 | U28: =SUM(U25:U27) -> 10902050 | V28: =SUM(V25:V27) -> 17078465 | W28: =SUM(W25:W27) -> 27699747

Sheet Working Capital
A1: Working Capital Projections
A2: ="Working Capital ("&SubHeader&")" -> Working Capital (USD)
A4: Assumptions
A5: COGS method choice | B5: Bottom-up
A8: Inputs and Assumptions
B9: Quarterly (years 1 and 2) | K9: Annual (years 3 to 6)
B10: Year 1 | F10: Year 2 | K10: Year 3 | L10: Year 4 | M10: Year 5 | N10: Year 6
B11: =StartDate -> 43831 | C11: =EDATE(B11,3) -> 43922 | D11: =EDATE(C11,3) -> 44013 | E11: =EDATE(D11,3) -> 44105 | F11: =EDATE(E11,3) -> 44197 | G11: =EDATE(F11,3) -> 44287 | H11: =EDATE(G11,3) -> 44378 | I11: =EDATE(H11,3) -> 44470 | K11: =EDATE(I11,3) -> 44562 | L11: =EDATE(K11,12) -> 44927 | M11: =EDATE(L11,12) -> 45292 | N11: =EDATE(M11,12) -> 45658
A12: Assumptions
A13: Account Receivable (collection period in days) | F13: 90 | G13: 90 | H13: 90 | I13: 90 | K13: 90 | L13: 90 | M13: 90 | N13: 90
A14: Inventories (days outstanding) | F14: 60 | G14: 60 | H14: 60 | I14: 60 | K14: 60 | L14: 60 | M14: 60 | N14: 60
A15: Accounts Payable (days outstanding) | F15: 15 | G15: 15 | H15: 15 | I15: 15 | K15: 15 | L15: 15 | M15: 15 | N15: 15
A16: Accrued Liabilities (as % of cost of sales)
A17: Costs and Revenues (previously calculated)
A18: Revenues | B18: =Revenues!B19 -> 0 | C18: =Revenues!C19 -> 0 | D18: =Revenues!D19 -> 0 | E18: =Revenues!E19 -> 0 | F18: =Revenues!F19 -> 578550 | G18: =Revenues!G19 -> 578550 | H18: =Revenues!H19 -> 578550 | I18: =Revenues!I19 -> 578550 | K18: =Revenues!K19 -> 7592400 | L18: =Revenues!L19 -> 12870600 | M18: =Revenues!M19 -> 21112800 | N18: =Revenues!N19 -> 35283000
A19: Cost of Good Sold | B19: =IF($B$5="Bottom-up",COGS!B52,COGS!B21) -> 0 | C19: =IF($B$5="Bottom-up",COGS!C52,COGS!C21) -> 0 | D19: =IF($B$5="Bottom-up",COGS!D52,COGS!D21) -> 0 | E19: =IF($B$5="Bottom-up",COGS!E52,COGS!E21) -> 0 | F19: =IF($B$5="Bottom-up",COGS!F52,COGS!F21) -> 231140 | G19: =IF($B$5="Bottom-up",COGS!G52,COGS!G21) -> 231140 | H19: =IF($B$5="Bottom-up",COGS!H52,COGS!H21) -> 231140 | I19: =IF($B$5="Bottom-up",COGS!I52,COGS!I21) -> 231140 | K19: =IF($B$5="Bottom-up",COGS!K52,COGS!K21) -> 3621196.8 | L19: =IF($B$5="Bottom-up",COGS!L52,COGS!L21) -> 6532085.2 | M19: =IF($B$5="Bottom-up",COGS!M52,COGS!M21) -> 11506729 | N19: =IF($B$5="Bottom-up",COGS!N52,COGS!N21) -> 20689183
A22: Working Capital Balances
B23: Quarterly (years 1 and 2) | K23: Annual (years 3 to 6)
B24: Year 1 | F24: Year 2 | K24: Year 3 | L24: Year 4 | M24: Year 5 | N24: Year 6
B25: =StartDate -> 43831 | C25: =EDATE(B25,3) -> 43922 | D25: =EDATE(C25,3) -> 44013 | E25: =EDATE(D25,3) -> 44105 | F25: =EDATE(E25,3) -> 44197 | G25: =EDATE(F25,3) -> 44287 | H25: =EDATE(G25,3) -> 44378 | I25: =EDATE(H25,3) -> 44470 | K25: =EDATE(I25,3) -> 44562 | L25: =EDATE(K25,12) -> 44927 | M25: =EDATE(L25,12) -> 45292 | N25: =EDATE(M25,12) -> 45658
A26: Non-Cash Current Assets
A27: Accounts Receivable | B27: =B18*B13/(365/4) -> 0 | C27: =C18*C13/(365/4) -> 0 | D27: =D18*D13/(365/4) -> 0 | E27: =E18*E13/(365/4) -> 0 | F27: =F18*F13/(365/4) -> 570624.66 | G27: =G18*G13/(365/4) -> 570624.66 | H27: =H18*H13/(365/4) -> 570624.66 | I27: =I18*I13/(365/4) -> 570624.66 | K27: =K18*K13/365 -> 1872098.6 | L27: =L18*L13/365 -> 3173572.6 | M27: =M18*M13/365 -> 5205895.9 | N27: =N18*N13/365 -> 8699917.8
A28: Inventories | B28: =B19*B14/(365/4) -> 0 | C28: =C19*C14/(365/4) -> 0 | D28: =D19*D14/(365/4) -> 0 | E28: =E19*E14/(365/4) -> 0 | F28: =F19*F14/(365/4) -> 151982.47 | G28: =G19*G14/(365/4) -> 151982.47 | H28: =H19*H14/(365/4) -> 151982.47 | I28: =I19*I14/(365/4) -> 151982.47 | K28: =K19*K14/365 -> 595265.23 | L28: =L19*L14/365 -> 1073767.4 | M28: =M19*M14/365 -> 1891517.1 | N28: =N19*N14/365 -> 3400961.5
A29: Total | B29: =SUM(B27:B28) -> 0 | C29: =SUM(C27:C28) -> 0 | D29: =SUM(D27:D28) -> 0 | E29: =SUM(E27:E28) -> 0 | F29: =SUM(F27:F28) -> 722607.12 | G29: =SUM(G27:G28) -> 722607.12 | H29: =SUM(H27:H28) -> 722607.12 | I29: =SUM(I27:I28) -> 722607.12 | K29: =SUM(K27:K28) -> 2467363.9 | L29: =SUM(L27:L28) -> 4247340 | M29: =SUM(M27:M28) -> 7097413 | N29: =SUM(N27:N28) -> 12100879
A31: Non-Debt Current Liabilities
A32: Accounts Payable | B32: =B19*B15/(365/4) -> 0 | C32: =C19*C15/(365/4) -> 0 | D32: =D19*D15/(365/4) -> 0 | E32: =E19*E15/(365/4) -> 0 | F32: =F19*F15/(365/4) -> 37995.616 | G32: =G19*G15/(365/4) -> 37995.616 | H32: =H19*H15/(365/4) -> 37995.616 | I32: =I19*I15/(365/4) -> 37995.616 | K32: =K19*K15/365 -> 148816.31 | L32: =L19*L15/365 -> 268441.86 | M32: =M19*M15/365 -> 472879.27 | N32: =N19*N15/365 -> 850240.38
A33: Total | B33: =SUM(B32:B32) -> 0 | C33: =SUM(C32:C32) -> 0 | D33: =SUM(D32:D32) -> 0 | E33: =SUM(E32:E32) -> 0 | F33: =SUM(F32:F32) -> 37995.616 | G33: =SUM(G32:G32) -> 37995.616 | H33: =SUM(H32:H32) -> 37995.616 | I33: =SUM(I32:I32) -> 37995.616 | K33: =SUM(K32:K32) -> 148816.31 | L33: =SUM(L32:L32) -> 268441.86 | M33: =SUM(M32:M32) -> 472879.27 | N33: =SUM(N32:N32) -> 850240.38
A35: Net Working Capital / (Deficit) | B35: =B29-B33 -> 0 | C35: =C29-C33 -> 0 | D35: =D29-D33 -> 0 | E35: =E29-E33 -> 0 | F35: =F29-F33 -> 684611.51 | G35: =G29-G33 -> 684611.51 | H35: =H29-H33 -> 684611.51 | I35: =I29-I33 -> 684611.51 | K35: =K29-K33 -> 2318547.6 | L35: =L29-L33 -> 3978898.2 | M35: =M29-M33 -> 6624533.7 | N35: =N29-N33 -> 11250639
A36: Change in Net Working Capital | B36: =B35 -> 0 | C36: =B35-C35 -> 0 | D36: =C35-D35 -> 0 | E36: =D35-E35 -> 0 | F36: =E35-F35 -> -684611.51 | G36: =F35-G35 -> 0 | H36: =G35-H35 -> 0 | I36: =H35-I35 -> 0 | K36: =I35-K35 -> -1633936 | L36: =K35-L35 -> -1660350.6 | M36: =L35-M35 -> -2645635.5 | N36: =M35-N35 -> -4626105.3
A38: Cash Flows by Individual Accounts
A39: Account Receivable | B39: =B27 -> 0 | C39: =B27-C27 -> 0 | D39: =C27-D27 -> 0 | E39: =D27-E27 -> 0 | F39: =E27-F27 -> -570624.66 | G39: =F27-G27 -> 0 | H39: =G27-H27 -> 0 | I39: =H27-I27 -> 0 | K39: =I27-K27 -> -1301474 | L39: =K27-L27 -> -1301474 | M39: =L27-M27 -> -2032323.3 | N39: =M27-N27 -> -3494021.9
A40: Inventories | B40: =B28 -> 0 | C40: =B28-C28 -> 0 | D40: =C28-D28 -> 0 | E40: =D28-E28 -> 0 | F40: =E28-F28 -> -151982.47 | G40: =F28-G28 -> 0 | H40: =G28-H28 -> 0 | I40: =H28-I28 -> 0 | K40: =I28-K28 -> -443282.76 | L40: =K28-L28 -> -478502.21 | M40: =L28-M28 -> -817749.62 | N40: =M28-N28 -> -1509444.5
A41: Accounts Payable | B41: =B32 -> 0 | C41: =C32-B32 -> 0 | D41: =D32-C32 -> 0 | E41: =E32-D32 -> 0 | F41: =F32-E32 -> 37995.616 | G41: =G32-F32 -> 0 | H41: =H32-G32 -> 0 | I41: =I32-H32 -> 0 | K41: =K32-I32 -> 110820.69 | L41: =L32-K32 -> 119625.55 | M41: =M32-L32 -> 204437.41 | N41: =N32-M32 -> 377361.12
A42: (Increase) / Decrease in Net Working Capital | B42: =SUM(B39:B41) -> 0 | C42: =SUM(C39:C41) -> 0 | D42: =SUM(D39:D41) -> 0 | E42: =SUM(E39:E41) -> 0 | F42: =SUM(F39:F41) -> -684611.51 | G42: =SUM(G39:G41) -> 0 | H42: =SUM(H39:H41) -> 0 | I42: =SUM(I39:I41) -> 0 | K42: =SUM(K39:K41) -> -1633936 | L42: =SUM(L39:L41) -> -1660350.6 | M42: =SUM(M39:M41) -> -2645635.5 | N42: =SUM(N39:N41) -> -4626105.3

Sheet Financing
A1: Financing: Fundraising and Debt
A2: ="Financing Income and Costs ("&SubHeader&")" -> Financing Income and Costs (USD)
A4: Equity Fundraising
B5: Amount Raised | C5: Date | D5: Notes
A6: Round 1 | B6: 500000 | C6: 43831 | D6: Seed Round. For positive cash flow. From friends and family
A7: Round 2 | B7: 2000000 | C7: 43983 | D7: Series A. Cash burn on marketing activities
A8: Round 3 | B8: 500000 | C8: 44927 | D8: Series B. Scale NokotaStar, Expand to EU
A9: Round 4
A10: Round 5
A11: Round 6
A12: Round 7
A13: Investor 8
A16: Debt
B17: Amount of Loan | C17: Monthly payments | D17: Start date of Loan | E17: Length of Loan (years) | F17: Notes
A18: Loan 1
A19: Loan 2
A20: Loan 3
A21: Loan 4
A22: Loan 5
A25: Income from Equity Fundraising
B26: =A25&" by Quarter (years 1 and 2)" -> Income from Equity Fundraising by Quarter (years 1 and 2) | K26: ="Annual "&A25&" (years 3 to 6)" -> Annual Income from Equity Fundraising (years 3 to 6)
B27: Year 1 | F27: Year 2 | K27: Year 3 | L27: Year 4 | M27: Year 5 | N27: Year 6
B28: =StartDate -> 43831 | C28: =EDATE(B28,3) -> 43922 | D28: =EDATE(C28,3) -> 44013 | E28: =EDATE(D28,3) -> 44105 | F28: =EDATE(E28,3) -> 44197 | G28: =EDATE(F28,3) -> 44287 | H28: =EDATE(G28,3) -> 44378 | I28: =EDATE(H28,3) -> 44470 | K28: =EDATE(I28,3) -> 44562 | L28: =EDATE(K28,12) -> 44927 | M28: =EDATE(L28,12) -> 45292 | N28: =EDATE(M28,12) -> 45658
A29: =A6 -> Round 1 | B29: =IF(B$28=$C6,$B6,IF($C6<C$28,$B6,0)) -> 500000 | C29: =IF(C$28=$C6,$B6,IF($C6>C$28,IF($C6<D$28,$B6,0),0)) -> 0 | D29: =IF(D$28=$C6,$B6,IF($C6>D$28,IF($C6<E$28,$B6,0),0)) -> 0 | E29: =IF(E$28=$C6,$B6,IF($C6>E$28,IF($C6<F$28,$B6,0),0)) -> 0 | F29: =IF(F$28=$C6,$B6,IF($C6>F$28,IF($C6<G$28,$B6,0),0)) -> 0 | G29: =IF(G$28=$C6,$B6,IF($C6>G$28,IF($C6<H$28,$B6,0),0)) -> 0 | H29: =IF(H$28=$C6,$B6,IF($C6>H$28,IF($C6<I$28,$B6,0),0)) -> 0 | I29: =IF(I$28=$C6,$B6,IF($C6>I$28,IF($C6<K$28,$B6,0),0)) -> 0 | K29: =IF(K$28=$C6,$B6,IF($C6>K$28,IF($C6<L$28,$B6,0),0)) -> 0 | L29: =IF(L$28=$C6,$B6,IF($C6>L$28,IF($C6<M$28,$B6,0),0)) -> 0 | M29: =IF(M$28=$C6,$B6,IF($C6>M$28,IF($C6<N$28,$B6,0),0)) -> 0 | N29: =IF(N$28=$C6,$B6,IF($C6>N$28,IF($C6<O$28,$B6,0),0)) -> 0
A30: =A7 -> Round 2 | B30: =IF(B$28=$C7,$B7,IF($C7<C$28,$B7,0)) -> 0 | C30: =IF(C$28=$C7,$B7,IF($C7>C$28,IF($C7<D$28,$B7,0),0)) -> 2000000 | D30: =IF(D$28=$C7,$B7,IF($C7>D$28,IF($C7<E$28,$B7,0),0)) -> 0 | E30: =IF(E$28=$C7,$B7,IF($C7>E$28,IF($C7<F$28,$B7,0),0)) -> 0 | F30: =IF(F$28=$C7,$B7,IF($C7>F$28,IF($C7<G$28,$B7,0),0)) -> 0 | G30: =IF(G$28=$C7,$B7,IF($C7>G$28,IF($C7<H$28,$B7,0),0)) -> 0 | H30: =IF(H$28=$C7,$B7,IF($C7>H$28,IF($C7<I$28,$B7,0),0)) -> 0 | I30: =IF(I$28=$C7,$B7,IF($C7>I$28,IF($C7<K$28,$B7,0),0)) -> 0 | K30: =IF(K$28=$C7,$B7,IF($C7>K$28,IF($C7<L$28,$B7,0),0)) -> 0 | L30: =IF(L$28=$C7,$B7,IF($C7>L$28,IF($C7<M$28,$B7,0),0)) -> 0 | M30: =IF(M$28=$C7,$B7,IF($C7>M$28,IF($C7<N$28,$B7,0),0)) -> 0 | N30: =IF(N$28=$C7,$B7,IF($C7>N$28,IF($C7<O$28,$B7,0),0)) -> 0
A31: =A8 -> Round 3 | B31: =IF(B$28=$C8,$B8,IF($C8<C$28,$B8,0)) -> 0 | C31: =IF(C$28=$C8,$B8,IF($C8>C$28,IF($C8<D$28,$B8,0),0)) -> 0 | D31: =IF(D$28=$C8,$B8,IF($C8>D$28,IF($C8<E$28,$B8,0),0)) -> 0 | E31: =IF(E$28=$C8,$B8,IF($C8>E$28,IF($C8<F$28,$B8,0),0)) -> 0 | F31: =IF(F$28=$C8,$B8,IF($C8>F$28,IF($C8<G$28,$B8,0),0)) -> 0 | G31: =IF(G$28=$C8,$B8,IF($C8>G$28,IF($C8<H$28,$B8,0),0)) -> 0 | H31: =IF(H$28=$C8,$B8,IF($C8>H$28,IF($C8<I$28,$B8,0),0)) -> 0 | I31: =IF(I$28=$C8,$B8,IF($C8>I$28,IF($C8<K$28,$B8,0),0)) -> 0 | K31: =IF(K$28=$C8,$B8,IF($C8>K$28,IF($C8<L$28,$B8,0),0)) -> 0 | L31: =IF(L$28=$C8,$B8,IF($C8>L$28,IF($C8<M$28,$B8,0),0)) -> 500000 | M31: =IF(M$28=$C8,$B8,IF($C8>M$28,IF($C8<N$28,$B8,0),0)) -> 0 | N31: =IF(N$28=$C8,$B8,IF($C8>N$28,IF($C8<O$28,$B8,0),0)) -> 0
A32: =A9 -> Round 4 | B32: =IF(B$28=$C9,$B9,IF($C9<C$28,$B9,0)) -> 0 | C32: =IF(C$28=$C9,$B9,IF($C9>C$28,IF($C9<D$28,$B9,0),0)) -> 0 | D32: =IF(D$28=$C9,$B9,IF($C9>D$28,IF($C9<E$28,$B9,0),0)) -> 0 | E32: =IF(E$28=$C9,$B9,IF($C9>E$28,IF($C9<F$28,$B9,0),0)) -> 0 | F32: =IF(F$28=$C9,$B9,IF($C9>F$28,IF($C9<G$28,$B9,0),0)) -> 0 | G32: =IF(G$28=$C9,$B9,IF($C9>G$28,IF($C9<H$28,$B9,0),0)) -> 0 | H32: =IF(H$28=$C9,$B9,IF($C9>H$28,IF($C9<I$28,$B9,0),0)) -> 0 | I32: =IF(I$28=$C9,$B9,IF($C9>I$28,IF($C9<K$28,$B9,0),0)) -> 0 | K32: =IF(K$28=$C9,$B9,IF($C9>K$28,IF($C9<L$28,$B9,0),0)) -> 0 | L32: =IF(L$28=$C9,$B9,IF($C9>L$28,IF($C9<M$28,$B9,0),0)) -> 0 | M32: =IF(M$28=$C9,$B9,IF($C9>M$28,IF($C9<N$28,$B9,0),0)) -> 0 | N32: =IF(N$28=$C9,$B9,IF($C9>N$28,IF($C9<O$28,$B9,0),0)) -> 0
A33: =A10 -> Round 5 | B33: =IF(B$28=$C10,$B10,IF($C10<C$28,$B10,0)) -> 0 | C33: =IF(C$28=$C10,$B10,IF($C10>C$28,IF($C10<D$28,$B10,0),0)) -> 0 | D33: =IF(D$28=$C10,$B10,IF($C10>D$28,IF($C10<E$28,$B10,0),0)) -> 0 | E33: =IF(E$28=$C10,$B10,IF($C10>E$28,IF($C10<F$28,$B10,0),0)) -> 0 | F33: =IF(F$28=$C10,$B10,IF($C10>F$28,IF($C10<G$28,$B10,0),0)) -> 0 | G33: =IF(G$28=$C10,$B10,IF($C10>G$28,IF($C10<H$28,$B10,0),0)) -> 0 | H33: =IF(H$28=$C10,$B10,IF($C10>H$28,IF($C10<I$28,$B10,0),0)) -> 0 | I33: =IF(I$28=$C10,$B10,IF($C10>I$28,IF($C10<K$28,$B10,0),0)) -> 0 | K33: =IF(K$28=$C10,$B10,IF($C10>K$28,IF($C10<L$28,$B10,0),0)) -> 0 | L33: =IF(L$28=$C10,$B10,IF($C10>L$28,IF($C10<M$28,$B10,0),0)) -> 0 | M33: =IF(M$28=$C10,$B10,IF($C10>M$28,IF($C10<N$28,$B10,0),0)) -> 0 | N33: =IF(N$28=$C10,$B10,IF($C10>N$28,IF($C10<O$28,$B10,0),0)) -> 0
A34: =A11 -> Round 6 | B34: =IF(B$28=$C11,$B11,IF($C11<C$28,$B11,0)) -> 0 | C34: =IF(C$28=$C11,$B11,IF($C11>C$28,IF($C11<D$28,$B11,0),0)) -> 0 | D34: =IF(D$28=$C11,$B11,IF($C11>D$28,IF($C11<E$28,$B11,0),0)) -> 0 | E34: =IF(E$28=$C11,$B11,IF($C11>E$28,IF($C11<F$28,$B11,0),0)) -> 0 | F34: =IF(F$28=$C11,$B11,IF($C11>F$28,IF($C11<G$28,$B11,0),0)) -> 0 | G34: =IF(G$28=$C11,$B11,IF($C11>G$28,IF($C11<H$28,$B11,0),0)) -> 0 | H34: =IF(H$28=$C11,$B11,IF($C11>H$28,IF($C11<I$28,$B11,0),0)) -> 0 | I34: =IF(I$28=$C11,$B11,IF($C11>I$28,IF($C11<K$28,$B11,0),0)) -> 0 | K34: =IF(K$28=$C11,$B11,IF($C11>K$28,IF($C11<L$28,$B11,0),0)) -> 0 | L34: =IF(L$28=$C11,$B11,IF($C11>L$28,IF($C11<M$28,$B11,0),0)) -> 0 | M34: =IF(M$28=$C11,$B11,IF($C11>M$28,IF($C11<N$28,$B11,0),0)) -> 0 | N34: =IF(N$28=$C11,$B11,IF($C11>N$28,IF($C11<O$28,$B11,0),0)) -> 0
A35: =A12 -> Round 7 | B35: =IF(B$28=$C12,$B12,IF($C12<C$28,$B12,0)) -> 0 | C35: =IF(C$28=$C12,$B12,IF($C12>C$28,IF($C12<D$28,$B12,0),0)) -> 0 | D35: =IF(D$28=$C12,$B12,IF($C12>D$28,IF($C12<E$28,$B12,0),0)) -> 0 | E35: =IF(E$28=$C12,$B12,IF($C12>E$28,IF($C12<F$28,$B12,0),0)) -> 0 | F35: =IF(F$28=$C12,$B12,IF($C12>F$28,IF($C12<G$28,$B12,0),0)) -> 0 | G35: =IF(G$28=$C12,$B12,IF($C12>G$28,IF($C12<H$28,$B12,0),0)) -> 0 | H35: =IF(H$28=$C12,$B12,IF($C12>H$28,IF($C12<I$28,$B12,0),0)) -> 0 | I35: =IF(I$28=$C12,$B12,IF($C12>I$28,IF($C12<K$28,$B12,0),0)) -> 0 | K35: =IF(K$28=$C12,$B12,IF($C12>K$28,IF($C12<L$28,$B12,0),0)) -> 0 | L35: =IF(L$28=$C12,$B12,IF($C12>L$28,IF($C12<M$28,$B12,0),0)) -> 0 | M35: =IF(M$28=$C12,$B12,IF($C12>M$28,IF($C12<N$28,$B12,0),0)) -> 0 | N35: =IF(N$28=$C12,$B12,IF($C12>N$28,IF($C12<O$28,$B12,0),0)) -> 0
A36: =A13 -> Investor 8 | B36: =IF(B$28=$C13,$B13,IF($C13<C$28,$B13,0)) -> 0 | C36: =IF(C$28=$C13,$B13,IF($C13>C$28,IF($C13<D$28,$B13,0),0)) -> 0 | D36: =IF(D$28=$C13,$B13,IF($C13>D$28,IF($C13<E$28,$B13,0),0)) -> 0 | E36: =IF(E$28=$C13,$B13,IF($C13>E$28,IF($C13<F$28,$B13,0),0)) -> 0 | F36: =IF(F$28=$C13,$B13,IF($C13>F$28,IF($C13<G$28,$B13,0),0)) -> 0 | G36: =IF(G$28=$C13,$B13,IF($C13>G$28,IF($C13<H$28,$B13,0),0)) -> 0 | H36: =IF(H$28=$C13,$B13,IF($C13>H$28,IF($C13<I$28,$B13,0),0)) -> 0 | I36: =IF(I$28=$C13,$B13,IF($C13>I$28,IF($C13<K$28,$B13,0),0)) -> 0 | K36: =IF(K$28=$C13,$B13,IF($C13>K$28,IF($C13<L$28,$B13,0),0)) -> 0 | L36: =IF(L$28=$C13,$B13,IF($C13>L$28,IF($C13<M$28,$B13,0),0)) -> 0 | M36: =IF(M$28=$C13,$B13,IF($C13>M$28,IF($C13<N$28,$B13,0),0)) -> 0 | N36: =IF(N$28=$C13,$B13,IF($C13>N$28,IF($C13<O$28,$B13,0),0)) -> 0
A37: Total | B37: =SUM(B29:B36) -> 500000 | C37: =SUM(C29:C36) -> 2000000 | D37: =SUM(D29:D36) -> 0 | E37: =SUM(E29:E36) -> 0 | F37: =SUM(F29:F36) -> 0 | G37: =SUM(G29:G36) -> 0 | H37: =SUM(H29:H36) -> 0 | I37: =SUM(I29:I36) -> 0 | K37: =SUM(K29:K36) -> 0 | L37: =SUM(L29:L36) -> 500000 | M37: =SUM(M29:M36) -> 0 | N37: =SUM(N29:N36) -> 0
A40: Change in Debt
B41: =A40&" by Quarter (years 1 and 2)" -> Change in Debt by Quarter (years 1 and 2) | K41: ="Annual "&A40&" (years 3 to 6)" -> Annual Change in Debt (years 3 to 6)
B42: Year 1 | F42: Year 2 | K42: Year 3 | L42: Year 4 | M42: Year 5 | N42: Year 6
B43: =StartDate -> 43831 | C43: =EDATE(B43,3) -> 43922 | D43: =EDATE(C43,3) -> 44013 | E43: =EDATE(D43,3) -> 44105 | F43: =EDATE(E43,3) -> 44197 | G43: =EDATE(F43,3) -> 44287 | H43: =EDATE(G43,3) -> 44378 | I43: =EDATE(H43,3) -> 44470 | K43: =EDATE(I43,3) -> 44562 | L43: =EDATE(K43,12) -> 44927 | M43: =EDATE(L43,12) -> 45292 | N43: =EDATE(M43,12) -> 45658
A44: =A18 -> Loan 1 | B44: =IF(B$43=$D18,$B18,IF($D18<C$43,$B18,0)) -> 0 | C44: =IF(C$43=$D18,$B18,IF(C$43=EDATE($D18,12*$E18),$B18*-1,IF($D18>C$43,IF($D18<D$43,$B18,0),IF(EDATE($D18,12*$E18)>D$43,0,IF(EDATE($D18,12*$E18)>C$43,IF(EDATE($D18,12*$E18)<D$43,$B18*-1,0),0))))) -> 0 | D44: =IF(D$43=$D18,$B18,IF(D$43=EDATE($D18,12*$E18),$B18*-1,IF($D18>D$43,IF($D18<E$43,$B18,0),IF(EDATE($D18,12*$E18)>E$43,0,IF(EDATE($D18,12*$E18)>D$43,IF(EDATE($D18,12*$E18)<E$43,$B18*-1,0),0))))) -> 0 | E44: =IF(E$43=$D18,$B18,IF(E$43=EDATE($D18,12*$E18),$B18*-1,IF($D18>E$43,IF($D18<F$43,$B18,0),IF(EDATE($D18,12*$E18)>F$43,0,IF(EDATE($D18,12*$E18)>E$43,IF(EDATE($D18,12*$E18)<F$43,$B18*-1,0),0))))) -> 0 | F44: =IF(F$43=$D18,$B18,IF(F$43=EDATE($D18,12*$E18),$B18*-1,IF($D18>F$43,IF($D18<G$43,$B18,0),IF(EDATE($D18,12*$E18)>G$43,0,IF(EDATE($D18,12*$E18)>F$43,IF(EDATE($D18,12*$E18)<G$43,$B18*-1,0),0))))) -> 0 | G44: =IF(G$43=$D18,$B18,IF(G$43=EDATE($D18,12*$E18),$B18*-1,IF($D18>G$43,IF($D18<H$43,$B18,0),IF(EDATE($D18,12*$E18)>H$43,0,IF(EDATE($D18,12*$E18)>G$43,IF(EDATE($D18,12*$E18)<H$43,$B18*-1,0),0))))) -> 0 | H44: =IF(H$43=$D18,$B18,IF(H$43=EDATE($D18,12*$E18),$B18*-1,IF($D18>H$43,IF($D18<I$43,$B18,0),IF(EDATE($D18,12*$E18)>I$43,0,IF(EDATE($D18,12*$E18)>H$43,IF(EDATE($D18,12*$E18)<I$43,$B18*-1,0),0))))) -> 0 | I44: =IF(I$43=$D18,$B18,IF(I$43=EDATE($D18,12*$E18),$B18*-1,IF($D18>I$43,IF($D18<K$43,$B18,0),IF(EDATE($D18,12*$E18)>K$43,0,IF(EDATE($D18,12*$E18)>I$43,IF(EDATE($D18,12*$E18)<K$43,$B18*-1,0),0))))) -> 0 | K44: =IF(K$43=$D18,$B18,IF(K$43=EDATE($D18,12*$E18),$B18*-1,IF($D18>K$43,IF($D18<L$43,$B18,0),IF(EDATE($D18,12*$E18)>L$43,0,IF(EDATE($D18,12*$E18)>K$43,IF(EDATE($D18,12*$E18)<L$43,$B18*-1,0),0))))) -> 0 | L44: =IF(L$43=$D18,$B18,IF(L$43=EDATE($D18,12*$E18),$B18*-1,IF($D18>L$43,IF($D18<M$43,$B18,0),IF(EDATE($D18,12*$E18)>M$43,0,IF(EDATE($D18,12*$E18)>L$43,IF(EDATE($D18,12*$E18)<M$43,$B18*-1,0),0))))) -> 0 | M44: =IF(M$43=$D18,$B18,IF(M$43=EDATE($D18,12*$E18),$B18*-1,IF($D18>M$43,IF($D18<N$43,$B18,0),IF(EDATE($D18,12*$E18)>N$43,0,IF(EDATE($D18,12*$E18)>M$43,IF(EDATE($D18,12*$E18)<N$43,$B18*-1,0),0))))) -> 0 | N44: =IF(N$43=$D18,$B18,IF(N$43=EDATE($D18,12*$E18),$B18*-1,IF($D18>N$43,IF($D18<O$43,$B18,0),IF(EDATE($D18,12*$E18)>O$43,0,IF(EDATE($D18,12*$E18)>N$43,IF(EDATE($D18,12*$E18)<O$43,$B18*-1,0),0))))) -> 0
A45: =A19 -> Loan 2 | B45: =IF(B$43=$D19,$B19,IF($D19<C$43,$B19,0)) -> 0 | C45: =IF(C$43=$D19,$B19,IF(C$43=EDATE($D19,12*$E19),$B19*-1,IF($D19>C$43,IF($D19<D$43,$B19,0),IF(EDATE($D19,12*$E19)>D$43,0,IF(EDATE($D19,12*$E19)>C$43,IF(EDATE($D19,12*$E19)<D$43,$B19*-1,0),0))))) -> 0 | D45: =IF(D$43=$D19,$B19,IF(D$43=EDATE($D19,12*$E19),$B19*-1,IF($D19>D$43,IF($D19<E$43,$B19,0),IF(EDATE($D19,12*$E19)>E$43,0,IF(EDATE($D19,12*$E19)>D$43,IF(EDATE($D19,12*$E19)<E$43,$B19*-1,0),0))))) -> 0 | E45: =IF(E$43=$D19,$B19,IF(E$43=EDATE($D19,12*$E19),$B19*-1,IF($D19>E$43,IF($D19<F$43,$B19,0),IF(EDATE($D19,12*$E19)>F$43,0,IF(EDATE($D19,12*$E19)>E$43,IF(EDATE($D19,12*$E19)<F$43,$B19*-1,0),0))))) -> 0 | F45: =IF(F$43=$D19,$B19,IF(F$43=EDATE($D19,12*$E19),$B19*-1,IF($D19>F$43,IF($D19<G$43,$B19,0),IF(EDATE($D19,12*$E19)>G$43,0,IF(EDATE($D19,12*$E19)>F$43,IF(EDATE($D19,12*$E19)<G$43,$B19*-1,0),0))))) -> 0 | G45: =IF(G$43=$D19,$B19,IF(G$43=EDATE($D19,12*$E19),$B19*-1,IF($D19>G$43,IF($D19<H$43,$B19,0),IF(EDATE($D19,12*$E19)>H$43,0,IF(EDATE($D19,12*$E19)>G$43,IF(EDATE($D19,12*$E19)<H$43,$B19*-1,0),0))))) -> 0 | H45: =IF(H$43=$D19,$B19,IF(H$43=EDATE($D19,12*$E19),$B19*-1,IF($D19>H$43,IF($D19<I$43,$B19,0),IF(EDATE($D19,12*$E19)>I$43,0,IF(EDATE($D19,12*$E19)>H$43,IF(EDATE($D19,12*$E19)<I$43,$B19*-1,0),0))))) -> 0 | I45: =IF(I$43=$D19,$B19,IF(I$43=EDATE($D19,12*$E19),$B19*-1,IF($D19>I$43,IF($D19<K$43,$B19,0),IF(EDATE($D19,12*$E19)>K$43,0,IF(EDATE($D19,12*$E19)>I$43,IF(EDATE($D19,12*$E19)<K$43,$B19*-1,0),0))))) -> 0 | K45: =IF(K$43=$D19,$B19,IF(K$43=EDATE($D19,12*$E19),$B19*-1,IF($D19>K$43,IF($D19<L$43,$B19,0),IF(EDATE($D19,12*$E19)>L$43,0,IF(EDATE($D19,12*$E19)>K$43,IF(EDATE($D19,12*$E19)<L$43,$B19*-1,0),0))))) -> 0 | L45: =IF(L$43=$D19,$B19,IF(L$43=EDATE($D19,12*$E19),$B19*-1,IF($D19>L$43,IF($D19<M$43,$B19,0),IF(EDATE($D19,12*$E19)>M$43,0,IF(EDATE($D19,12*$E19)>L$43,IF(EDATE($D19,12*$E19)<M$43,$B19*-1,0),0))))) -> 0 | M45: =IF(M$43=$D19,$B19,IF(M$43=EDATE($D19,12*$E19),$B19*-1,IF($D19>M$43,IF($D19<N$43,$B19,0),IF(EDATE($D19,12*$E19)>N$43,0,IF(EDATE($D19,12*$E19)>M$43,IF(EDATE($D19,12*$E19)<N$43,$B19*-1,0),0))))) -> 0 | N45: =IF(N$43=$D19,$B19,IF(N$43=EDATE($D19,12*$E19),$B19*-1,IF($D19>N$43,IF($D19<O$43,$B19,0),IF(EDATE($D19,12*$E19)>O$43,0,IF(EDATE($D19,12*$E19)>N$43,IF(EDATE($D19,12*$E19)<O$43,$B19*-1,0),0))))) -> 0
A46: =A20 -> Loan 3 | B46: =IF(B$43=$D20,$B20,IF($D20<C$43,$B20,0)) -> 0 | C46: =IF(C$43=$D20,$B20,IF(C$43=EDATE($D20,12*$E20),$B20*-1,IF($D20>C$43,IF($D20<D$43,$B20,0),IF(EDATE($D20,12*$E20)>D$43,0,IF(EDATE($D20,12*$E20)>C$43,IF(EDATE($D20,12*$E20)<D$43,$B20*-1,0),0))))) -> 0 | D46: =IF(D$43=$D20,$B20,IF(D$43=EDATE($D20,12*$E20),$B20*-1,IF($D20>D$43,IF($D20<E$43,$B20,0),IF(EDATE($D20,12*$E20)>E$43,0,IF(EDATE($D20,12*$E20)>D$43,IF(EDATE($D20,12*$E20)<E$43,$B20*-1,0),0))))) -> 0 | E46: =IF(E$43=$D20,$B20,IF(E$43=EDATE($D20,12*$E20),$B20*-1,IF($D20>E$43,IF($D20<F$43,$B20,0),IF(EDATE($D20,12*$E20)>F$43,0,IF(EDATE($D20,12*$E20)>E$43,IF(EDATE($D20,12*$E20)<F$43,$B20*-1,0),0))))) -> 0 | F46: =IF(F$43=$D20,$B20,IF(F$43=EDATE($D20,12*$E20),$B20*-1,IF($D20>F$43,IF($D20<G$43,$B20,0),IF(EDATE($D20,12*$E20)>G$43,0,IF(EDATE($D20,12*$E20)>F$43,IF(EDATE($D20,12*$E20)<G$43,$B20*-1,0),0))))) -> 0 | G46: =IF(G$43=$D20,$B20,IF(G$43=EDATE($D20,12*$E20),$B20*-1,IF($D20>G$43,IF($D20<H$43,$B20,0),IF(EDATE($D20,12*$E20)>H$43,0,IF(EDATE($D20,12*$E20)>G$43,IF(EDATE($D20,12*$E20)<H$43,$B20*-1,0),0))))) -> 0 | H46: =IF(H$43=$D20,$B20,IF(H$43=EDATE($D20,12*$E20),$B20*-1,IF($D20>H$43,IF($D20<I$43,$B20,0),IF(EDATE($D20,12*$E20)>I$43,0,IF(EDATE($D20,12*$E20)>H$43,IF(EDATE($D20,12*$E20)<I$43,$B20*-1,0),0))))) -> 0 | I46: =IF(I$43=$D20,$B20,IF(I$43=EDATE($D20,12*$E20),$B20*-1,IF($D20>I$43,IF($D20<K$43,$B20,0),IF(EDATE($D20,12*$E20)>K$43,0,IF(EDATE($D20,12*$E20)>I$43,IF(EDATE($D20,12*$E20)<K$43,$B20*-1,0),0))))) -> 0 | K46: =IF(K$43=$D20,$B20,IF(K$43=EDATE($D20,12*$E20),$B20*-1,IF($D20>K$43,IF($D20<L$43,$B20,0),IF(EDATE($D20,12*$E20)>L$43,0,IF(EDATE($D20,12*$E20)>K$43,IF(EDATE($D20,12*$E20)<L$43,$B20*-1,0),0))))) -> 0 | L46: =IF(L$43=$D20,$B20,IF(L$43=EDATE($D20,12*$E20),$B20*-1,IF($D20>L$43,IF($D20<M$43,$B20,0),IF(EDATE($D20,12*$E20)>M$43,0,IF(EDATE($D20,12*$E20)>L$43,IF(EDATE($D20,12*$E20)<M$43,$B20*-1,0),0))))) -> 0 | M46: =IF(M$43=$D20,$B20,IF(M$43=EDATE($D20,12*$E20),$B20*-1,IF($D20>M$43,IF($D20<N$43,$B20,0),IF(EDATE($D20,12*$E20)>N$43,0,IF(EDATE($D20,12*$E20)>M$43,IF(EDATE($D20,12*$E20)<N$43,$B20*-1,0),0))))) -> 0 | N46: =IF(N$43=$D20,$B20,IF(N$43=EDATE($D20,12*$E20),$B20*-1,IF($D20>N$43,IF($D20<O$43,$B20,0),IF(EDATE($D20,12*$E20)>O$43,0,IF(EDATE($D20,12*$E20)>N$43,IF(EDATE($D20,12*$E20)<O$43,$B20*-1,0),0))))) -> 0
A47: =A21 -> Loan 4 | B47: =IF(B$43=$D21,$B21,IF($D21<C$43,$B21,0)) -> 0 | C47: =IF(C$43=$D21,$B21,IF(C$43=EDATE($D21,12*$E21),$B21*-1,IF($D21>C$43,IF($D21<D$43,$B21,0),IF(EDATE($D21,12*$E21)>D$43,0,IF(EDATE($D21,12*$E21)>C$43,IF(EDATE($D21,12*$E21)<D$43,$B21*-1,0),0))))) -> 0 | D47: =IF(D$43=$D21,$B21,IF(D$43=EDATE($D21,12*$E21),$B21*-1,IF($D21>D$43,IF($D21<E$43,$B21,0),IF(EDATE($D21,12*$E21)>E$43,0,IF(EDATE($D21,12*$E21)>D$43,IF(EDATE($D21,12*$E21)<E$43,$B21*-1,0),0))))) -> 0 | E47: =IF(E$43=$D21,$B21,IF(E$43=EDATE($D21,12*$E21),$B21*-1,IF($D21>E$43,IF($D21<F$43,$B21,0),IF(EDATE($D21,12*$E21)>F$43,0,IF(EDATE($D21,12*$E21)>E$43,IF(EDATE($D21,12*$E21)<F$43,$B21*-1,0),0))))) -> 0 | F47: =IF(F$43=$D21,$B21,IF(F$43=EDATE($D21,12*$E21),$B21*-1,IF($D21>F$43,IF($D21<G$43,$B21,0),IF(EDATE($D21,12*$E21)>G$43,0,IF(EDATE($D21,12*$E21)>F$43,IF(EDATE($D21,12*$E21)<G$43,$B21*-1,0),0))))) -> 0 | G47: =IF(G$43=$D21,$B21,IF(G$43=EDATE($D21,12*$E21),$B21*-1,IF($D21>G$43,IF($D21<H$43,$B21,0),IF(EDATE($D21,12*$E21)>H$43,0,IF(EDATE($D21,12*$E21)>G$43,IF(EDATE($D21,12*$E21)<H$43,$B21*-1,0),0))))) -> 0 | H47: =IF(H$43=$D21,$B21,IF(H$43=EDATE($D21,12*$E21),$B21*-1,IF($D21>H$43,IF($D21<I$43,$B21,0),IF(EDATE($D21,12*$E21)>I$43,0,IF(EDATE($D21,12*$E21)>H$43,IF(EDATE($D21,12*$E21)<I$43,$B21*-1,0),0))))) -> 0 | I47: =IF(I$43=$D21,$B21,IF(I$43=EDATE($D21,12*$E21),$B21*-1,IF($D21>I$43,IF($D21<K$43,$B21,0),IF(EDATE($D21,12*$E21)>K$43,0,IF(EDATE($D21,12*$E21)>I$43,IF(EDATE($D21,12*$E21)<K$43,$B21*-1,0),0))))) -> 0 | K47: =IF(K$43=$D21,$B21,IF(K$43=EDATE($D21,12*$E21),$B21*-1,IF($D21>K$43,IF($D21<L$43,$B21,0),IF(EDATE($D21,12*$E21)>L$43,0,IF(EDATE($D21,12*$E21)>K$43,IF(EDATE($D21,12*$E21)<L$43,$B21*-1,0),0))))) -> 0 | L47: =IF(L$43=$D21,$B21,IF(L$43=EDATE($D21,12*$E21),$B21*-1,IF($D21>L$43,IF($D21<M$43,$B21,0),IF(EDATE($D21,12*$E21)>M$43,0,IF(EDATE($D21,12*$E21)>L$43,IF(EDATE($D21,12*$E21)<M$43,$B21*-1,0),0))))) -> 0 | M47: =IF(M$43=$D21,$B21,IF(M$43=EDATE($D21,12*$E21),$B21*-1,IF($D21>M$43,IF($D21<N$43,$B21,0),IF(EDATE($D21,12*$E21)>N$43,0,IF(EDATE($D21,12*$E21)>M$43,IF(EDATE($D21,12*$E21)<N$43,$B21*-1,0),0))))) -> 0 | N47: =IF(N$43=$D21,$B21,IF(N$43=EDATE($D21,12*$E21),$B21*-1,IF($D21>N$43,IF($D21<O$43,$B21,0),IF(EDATE($D21,12*$E21)>O$43,0,IF(EDATE($D21,12*$E21)>N$43,IF(EDATE($D21,12*$E21)<O$43,$B21*-1,0),0))))) -> 0
A48: =A22 -> Loan 5 | B48: =IF(B$43=$D22,$B22,IF($D22<C$43,$B22,0)) -> 0 | C48: =IF(C$43=$D22,$B22,IF(C$43=EDATE($D22,12*$E22),$B22*-1,IF($D22>C$43,IF($D22<D$43,$B22,0),IF(EDATE($D22,12*$E22)>D$43,0,IF(EDATE($D22,12*$E22)>C$43,IF(EDATE($D22,12*$E22)<D$43,$B22*-1,0),0))))) -> 0 | D48: =IF(D$43=$D22,$B22,IF(D$43=EDATE($D22,12*$E22),$B22*-1,IF($D22>D$43,IF($D22<E$43,$B22,0),IF(EDATE($D22,12*$E22)>E$43,0,IF(EDATE($D22,12*$E22)>D$43,IF(EDATE($D22,12*$E22)<E$43,$B22*-1,0),0))))) -> 0 | E48: =IF(E$43=$D22,$B22,IF(E$43=EDATE($D22,12*$E22),$B22*-1,IF($D22>E$43,IF($D22<F$43,$B22,0),IF(EDATE($D22,12*$E22)>F$43,0,IF(EDATE($D22,12*$E22)>E$43,IF(EDATE($D22,12*$E22)<F$43,$B22*-1,0),0))))) -> 0 | F48: =IF(F$43=$D22,$B22,IF(F$43=EDATE($D22,12*$E22),$B22*-1,IF($D22>F$43,IF($D22<G$43,$B22,0),IF(EDATE($D22,12*$E22)>G$43,0,IF(EDATE($D22,12*$E22)>F$43,IF(EDATE($D22,12*$E22)<G$43,$B22*-1,0),0))))) -> 0 | G48: =IF(G$43=$D22,$B22,IF(G$43=EDATE($D22,12*$E22),$B22*-1,IF($D22>G$43,IF($D22<H$43,$B22,0),IF(EDATE($D22,12*$E22)>H$43,0,IF(EDATE($D22,12*$E22)>G$43,IF(EDATE($D22,12*$E22)<H$43,$B22*-1,0),0))))) -> 0 | H48: =IF(H$43=$D22,$B22,IF(H$43=EDATE($D22,12*$E22),$B22*-1,IF($D22>H$43,IF($D22<I$43,$B22,0),IF(EDATE($D22,12*$E22)>I$43,0,IF(EDATE($D22,12*$E22)>H$43,IF(EDATE($D22,12*$E22)<I$43,$B22*-1,0),0))))) -> 0 | I48: =IF(I$43=$D22,$B22,IF(I$43=EDATE($D22,12*$E22),$B22*-1,IF($D22>I$43,IF($D22<K$43,$B22,0),IF(EDATE($D22,12*$E22)>K$43,0,IF(EDATE($D22,12*$E22)>I$43,IF(EDATE($D22,12*$E22)<K$43,$B22*-1,0),0))))) -> 0 | K48: =IF(K$43=$D22,$B22,IF(K$43=EDATE($D22,12*$E22),$B22*-1,IF($D22>K$43,IF($D22<L$43,$B22,0),IF(EDATE($D22,12*$E22)>L$43,0,IF(EDATE($D22,12*$E22)>K$43,IF(EDATE($D22,12*$E22)<L$43,$B22*-1,0),0))))) -> 0 | L48: =IF(L$43=$D22,$B22,IF(L$43=EDATE($D22,12*$E22),$B22*-1,IF($D22>L$43,IF($D22<M$43,$B22,0),IF(EDATE($D22,12*$E22)>M$43,0,IF(EDATE($D22,12*$E22)>L$43,IF(EDATE($D22,12*$E22)<M$43,$B22*-1,0),0))))) -> 0 | M48: =IF(M$43=$D22,$B22,IF(M$43=EDATE($D22,12*$E22),$B22*-1,IF($D22>M$43,IF($D22<N$43,$B22,0),IF(EDATE($D22,12*$E22)>N$43,0,IF(EDATE($D22,12*$E22)>M$43,IF(EDATE($D22,12*$E22)<N$43,$B22*-1,0),0))))) -> 0 | N48: =IF(N$43=$D22,$B22,IF(N$43=EDATE($D22,12*$E22),$B22*-1,IF($D22>N$43,IF($D22<O$43,$B22,0),IF(EDATE($D22,12*$E22)>O$43,0,IF(EDATE($D22,12*$E22)>N$43,IF(EDATE($D22,12*$E22)<O$43,$B22*-1,0),0))))) -> 0
A49: Total | B49: =SUM(B44:B48) -> 0 | C49: =SUM(C44:C48) -> 0 | D49: =SUM(D44:D48) -> 0 | E49: =SUM(E44:E48) -> 0 | F49: =SUM(F44:F48) -> 0 | G49: =SUM(G44:G48) -> 0 | H49: =SUM(H44:H48) -> 0 | I49: =SUM(I44:I48) -> 0 | K49: =SUM(K44:K48) -> 0 | L49: =SUM(L44:L48) -> 0 | M49: =SUM(M44:M48) -> 0 | N49: =SUM(N44:N48) -> 0
A53: Interest Payments
B54: =A53&" by Quarter (years 1 and 2)" -> Interest Payments by Quarter (years 1 and 2) | K54: ="Annual "&A53&" (years 3 to 6)" -> Annual Interest Payments (years 3 to 6)
B55: Year 1 | F55: Year 2 | K55: Year 3 | L55: Year 4 | M55: Year 5 | N55: Year 6
B56: =StartDate -> 43831 | C56: =EDATE(B56,3) -> 43922 | D56: =EDATE(C56,3) -> 44013 | E56: =EDATE(D56,3) -> 44105 | F56: =EDATE(E56,3) -> 44197 | G56: =EDATE(F56,3) -> 44287 | H56: =EDATE(G56,3) -> 44378 | I56: =EDATE(H56,3) -> 44470 | K56: =EDATE(I56,3) -> 44562 | L56: =EDATE(K56,12) -> 44927 | M56: =EDATE(L56,12) -> 45292 | N56: =EDATE(M56,12) -> 45658
A57: =A18 -> Loan 1
A58: =A19 -> Loan 2
A59: =A20 -> Loan 3
A60: =A21 -> Loan 4
A61: =A22 -> Loan 5
A62: Total | B62: =SUM(B57:B61) -> 0 | C62: =SUM(C57:C61) -> 0 | D62: =SUM(D57:D61) -> 0 | E62: =SUM(E57:E61) -> 0 | F62: =SUM(F57:F61) -> 0 | G62: =SUM(G57:G61) -> 0 | H62: =SUM(H57:H61) -> 0 | I62: =SUM(I57:I61) -> 0 | K62: =SUM(K57:K61) -> 0 | L62: =SUM(L57:L61) -> 0 | M62: =SUM(M57:M61) -> 0 | N62: =SUM(N57:N61) -> 0

Sheet Statements ->

Sheet Cash Flow
A1: Cash Flow Statement Projections | Q1: =CompanyName &" Annual Cash Flow Statement" -> WorkHorse Inc. Annual Cash Flow Statement | AA1: =CompanyName &" Projected Cashflow" -> WorkHorse Inc. Projected Cashflow
A2: ="All Values in "&SubHeader -> All Values in USD
AA3: Cash Flows
Q4: Full Forecast - Annual (6 years)
A5: Cash Flow Statement Projections
B6: Quarterly Cash Flow (years 1 and 2) | K6: Annual Cash Flow (years 3 to 6) | R6: Annual Projections
B7: Year 1 | F7: Year 2 | K7: Year 3 | L7: Year 4 | M7: Year 5 | N7: Year 6 | R7: Year 1 | S7: Year 2 | T7: Year 3 | U7: Year 4 | V7: Year 5 | W7: Year 6
B8: =StartDate -> 43831 | C8: =EDATE(B8,3) -> 43922 | D8: =EDATE(C8,3) -> 44013 | E8: =EDATE(D8,3) -> 44105 | F8: =EDATE(E8,3) -> 44197 | G8: =EDATE(F8,3) -> 44287 | H8: =EDATE(G8,3) -> 44378 | I8: =EDATE(H8,3) -> 44470 | K8: =EDATE(I8,3) -> 44562 | L8: =EDATE(K8,12) -> 44927 | M8: =EDATE(L8,12) -> 45292 | N8: =EDATE(M8,12) -> 45658 | R8: =B8 -> 43831 | S8: =F8 -> 44197 | T8: =K8 -> 44562 | U8: =L8 -> 44927 | V8: =M8 -> 45292 | W8: =N8 -> 45658
A10: Beginning Cash Balance | B10: 0 | C10: =B33 -> 416000 | D10: =C33 -> 2332000 | E10: =D33 -> 2214200 | F10: =E33 -> 2051600 | G10: =F33 -> 1363948.5 | H10: =G33 -> 1259883.5 | I10: =H33 -> 1082643.5 | K10: =I33 -> 867628.49 | L10: =K33 -> 55169.135 | M10: =L33 -> 381531.19 | N10: =M33 -> 786947.22 | Q10: =A10 -> Beginning Cash Balance | R10: =B10 -> 0 | S10: =F10 -> 2051600 | T10: =K10 -> 867628.49 | U10: =L10 -> 55169.135 | V10: =M10 -> 381531.19 | W10: =N10 -> 786947.22
A12: Operating | Q12: =A12 -> Operating
A13: Revenues | B13: =Revenues!B19 -> 0 | C13: =Revenues!C19 -> 0 | D13: =Revenues!D19 -> 0 | E13: =Revenues!E19 -> 0 | F13: =Revenues!F19 -> 578550 | G13: =Revenues!G19 -> 578550 | H13: =Revenues!H19 -> 578550 | I13: =Revenues!I19 -> 578550 | K13: =Revenues!K19 -> 7592400 | L13: =Revenues!L19 -> 12870600 | M13: =Revenues!M19 -> 21112800 | N13: =Revenues!N19 -> 35283000 | Q13: =A13 -> Revenues | R13: =SUM(B13:E13) -> 0 | S13: =SUM(F13:I13) -> 2314200 | T13: =K13 -> 7592400 | U13: =L13 -> 12870600 | V13: =M13 -> 21112800 | W13: =N13 -> 35283000
A14: COGS | B14: ='Total Expenses'!B9*-1 -> 0 | C14: ='Total Expenses'!C9*-1 -> 0 | D14: ='Total Expenses'!D9*-1 -> 0 | E14: ='Total Expenses'!E9*-1 -> 0 | F14: ='Total Expenses'!F9*-1 -> -231140 | G14: ='Total Expenses'!G9*-1 -> -231140 | H14: ='Total Expenses'!H9*-1 -> -231140 | I14: ='Total Expenses'!I9*-1 -> -231140 | K14: ='Total Expenses'!K9*-1 -> -3621196.8 | L14: ='Total Expenses'!L9*-1 -> -6532085.2 | M14: ='Total Expenses'!M9*-1 -> -11506729 | N14: ='Total Expenses'!N9*-1 -> -20689183 | Q14: =A14 -> COGS | R14: =SUM(B14:E14) -> 0 | S14: =SUM(F14:I14) -> -924560 | T14: =K14 -> -3621196.8 | U14: =L14 -> -6532085.2 | V14: =M14 -> -11506729 | W14: =N14 -> -20689183
A15: Operating Expenses | B15: ='Total Expenses'!B10*-1 -> -84000 | C15: ='Total Expenses'!C10*-1 -> -84000 | D15: ='Total Expenses'!D10*-1 -> -111800 | E15: ='Total Expenses'!E10*-1 -> -139600 | F15: ='Total Expenses'!F10*-1 -> -350450 | G15: ='Total Expenses'!G10*-1 -> -416475 | H15: ='Total Expenses'!H10*-1 -> -461650 | I15: ='Total Expenses'!I10*-1 -> -562425 | K15: ='Total Expenses'!K10*-1 -> -2879620 | L15: ='Total Expenses'!L10*-1 -> -4344664.5 | M15: ='Total Expenses'!M10*-1 -> -5546435.8 | N15: ='Total Expenses'!N10*-1 -> -6976264 | Q15: =A15 -> Operating Expenses | R15: =SUM(B15:E15) -> -419400 | S15: =SUM(F15:I15) -> -1791000 | T15: =K15 -> -2879620 | U15: =L15 -> -4344664.5 | V15: =M15 -> -5546435.8 | W15: =N15 -> -6976264
A16: ='Working Capital'!A36 -> Change in Net Working Capital | B16: ='Working Capital'!B36 -> 0 | C16: ='Working Capital'!C36 -> 0 | D16: ='Working Capital'!D36 -> 0 | E16: ='Working Capital'!E36 -> 0 | F16: ='Working Capital'!F36 -> -684611.51 | G16: ='Working Capital'!G36 -> 0 | H16: ='Working Capital'!H36 -> 0 | I16: ='Working Capital'!I36 -> 0 | K16: ='Working Capital'!K36 -> -1633936 | L16: ='Working Capital'!L36 -> -1660350.6 | M16: ='Working Capital'!M36 -> -2645635.5 | N16: ='Working Capital'!N36 -> -4626105.3 | Q16: =A16 -> Change in Net Working Capital | R16: =SUM(B16:E16) -> 0 | S16: =SUM(F16:I16) -> -684611.51 | T16: =K16 -> -1633936 | U16: =L16 -> -1660350.6 | V16: =M16 -> -2645635.5 | W16: =N16 -> -4626105.3
A17: Taxes | B17: ='Income Statement'!B24 -> 0 | C17: ='Income Statement'!C24 -> 0 | D17: ='Income Statement'!D24 -> 0 | E17: ='Income Statement'!E24 -> 0 | F17: ='Income Statement'!F24 -> 0 | G17: ='Income Statement'!G24 -> 0 | H17: ='Income Statement'!H24 -> 0 | I17: ='Income Statement'!I24 -> 0 | K17: ='Income Statement'!K24 -> -267106.51 | L17: ='Income Statement'!L24 -> -492137.56 | M17: ='Income Statement'!M24 -> -1008583.8 | N17: ='Income Statement'!N24 -> -1895813.3 | Q17: =A17 -> Taxes | R17: =SUM(B17:E17) -> 0 | S17: =SUM(F17:I17) -> 0 | T17: =K17 -> -267106.51 | U17: =L17 -> -492137.56 | V17: =M17 -> -1008583.8 | W17: =N17 -> -1895813.3
A18: Total Operating | B18: =SUM(B13:B17) -> -84000 | C18: =SUM(C13:C17) -> -84000 | D18: =SUM(D13:D17) -> -111800 | E18: =SUM(E13:E17) -> -139600 | F18: =SUM(F13:F17) -> -687651.51 | G18: =SUM(G13:G17) -> -69065 | H18: =SUM(H13:H17) -> -114240 | I18: =SUM(I13:I17) -> -215015 | K18: =SUM(K13:K17) -> -809459.36 | L18: =SUM(L13:L17) -> -158637.94 | M18: =SUM(M13:M17) -> 405416.03 | N18: =SUM(N13:N17) -> 1095634.8 | Q18: =A18 -> Total Operating | R18: =SUM(B18:E18) -> -419400 | S18: =SUM(F18:I18) -> -1085971.5 | T18: =K18 -> -809459.36 | U18: =L18 -> -158637.94 | V18: =M18 -> 405416.03 | W18: =N18 -> 1095634.8
A20: Investing | Q20: =A20 -> Investing | AA20: Total Cash Flow - Annual Forecast (6 years)
A21: Capital Assets | B21: ='Capital Expenses'!B52*-1 -> 0 | C21: ='Capital Expenses'!C52*-1 -> 0 | D21: ='Capital Expenses'!D52*-1 -> -6000 | E21: ='Capital Expenses'!E52*-1 -> -23000 | F21: ='Capital Expenses'!F52*-1 -> 0 | G21: ='Capital Expenses'!G52*-1 -> -35000 | H21: ='Capital Expenses'!H52*-1 -> -63000 | I21: ='Capital Expenses'!I52*-1 -> 0 | K21: ='Capital Expenses'!K52*-1 -> -3000 | L21: ='Capital Expenses'!L52*-1 -> -15000 | M21: ='Capital Expenses'!M52*-1 -> 0 | N21: ='Capital Expenses'!N52*-1 -> -45000 | Q21: =A21 -> Capital Assets | R21: =SUM(B21:E21) -> -29000 | S21: =SUM(F21:I21) -> -98000 | T21: =K21 -> -3000 | U21: =L21 -> -15000 | V21: =M21 -> 0 | W21: =N21 -> -45000
A22: Other Investments | B22: 0 | C22: 0 | D22: 0 | E22: 0 | F22: 0 | G22: 0 | H22: 0 | I22: 0 | K22: 0 | L22: 0 | M22: 0 | N22: 0 | Q22: =A22 -> Other Investments | R22: =SUM(B22:E22) -> 0 | S22: =SUM(F22:I22) -> 0 | T22: =K22 -> 0 | U22: =L22 -> 0 | V22: =M22 -> 0 | W22: =N22 -> 0 | AB22: Annual Projections
A23: Total Investing | B23: =SUM(B21:B22) -> 0 | C23: =SUM(C21:C22) -> 0 | D23: =SUM(D21:D22) -> -6000 | E23: =SUM(E21:E22) -> -23000 | F23: =SUM(F21:F22) -> 0 | G23: =SUM(G21:G22) -> -35000 | H23: =SUM(H21:H22) -> -63000 | I23: =SUM(I21:I22) -> 0 | K23: =SUM(K21:K22) -> -3000 | L23: =SUM(L21:L22) -> -15000 | M23: =SUM(M21:M22) -> 0 | N23: =SUM(N21:N22) -> -45000 | Q23: =A23 -> Total Investing | R23: =SUM(B23:E23) -> -29000 | S23: =SUM(F23:I23) -> -98000 | T23: =K23 -> -3000 | U23: =L23 -> -15000 | V23: =M23 -> 0 | W23: =N23 -> -45000 | AB23: Year 1 | AC23: Year 2 | AD23: Year 3 | AE23: Year 4 | AF23: Year 5 | AG23: Year 6
AB24: =B8 -> 43831 | AC24: =F8 -> 44197 | AD24: =K8 -> 44562 | AE24: =L8 -> 44927 | AF24: =M8 -> 45292 | AG24: =N8 -> 45658
A25: Financing | Q25: =A25 -> Financing | AA25: =A31 -> Cash Flow | AB25: =SUM(B31:E31) -> 2051600 | AC25: =SUM(F31:I31) -> -1183971.5 | AD25: =K31 -> -812459.36 | AE25: =L31 -> 326362.06 | AF25: =M31 -> 405416.03 | AG25: =N31 -> 1050634.8
A26: Equity Funding | B26: =Financing!B37 -> 500000 | C26: =Financing!C37 -> 2000000 | D26: =Financing!D37 -> 0 | E26: =Financing!E37 -> 0 | F26: =Financing!F37 -> 0 | G26: =Financing!G37 -> 0 | H26: =Financing!H37 -> 0 | I26: =Financing!I37 -> 0 | K26: =Financing!K37 -> 0 | L26: =Financing!L37 -> 500000 | M26: =Financing!M37 -> 0 | N26: =Financing!N37 -> 0 | Q26: =A26 -> Equity Funding | R26: =SUM(B26:E26) -> 2500000 | S26: =SUM(F26:I26) -> 0 | T26: =K26 -> 0 | U26: =L26 -> 500000 | V26: =M26 -> 0 | W26: =N26 -> 0 | AA26: =A33 -> Ending Cash Balance | AB26: =E33 -> 2051600 | AC26: =I33 -> 867628.49 | AD26: =K33 -> 55169.135 | AE26: =L33 -> 381531.19 | AF26: =M33 -> 786947.22 | AG26: =N33 -> 1837582
A27: Change in Debt | B27: =Financing!B49 -> 0 | C27: =Financing!C49 -> 0 | D27: =Financing!D49 -> 0 | E27: =Financing!E49 -> 0 | F27: =Financing!F49 -> 0 | G27: =Financing!G49 -> 0 | H27: =Financing!H49 -> 0 | I27: =Financing!I49 -> 0 | K27: =Financing!K49 -> 0 | L27: =Financing!L49 -> 0 | M27: =Financing!M49 -> 0 | N27: =Financing!N49 -> 0 | Q27: =A27 -> Change in Debt | R27: =SUM(B27:E27) -> 0 | S27: =SUM(F27:I27) -> 0 | T27: =K27 -> 0 | U27: =L27 -> 0 | V27: =M27 -> 0 | W27: =N27 -> 0
A28: Interest Payments | B28: =Financing!B62*-1 -> 0 | C28: =Financing!C62*-1 -> 0 | D28: =Financing!D62*-1 -> 0 | E28: =Financing!E62*-1 -> 0 | F28: =Financing!F62*-1 -> 0 | G28: =Financing!G62*-1 -> 0 | H28: =Financing!H62*-1 -> 0 | I28: =Financing!I62*-1 -> 0 | K28: =Financing!K62*-1 -> 0 | L28: =Financing!L62*-1 -> 0 | M28: =Financing!M62*-1 -> 0 | N28: =Financing!N62*-1 -> 0 | Q28: =A28 -> Interest Payments | R28: =SUM(B28:E28) -> 0 | S28: =SUM(F28:I28) -> 0 | T28: =K28 -> 0 | U28: =L28 -> 0 | V28: =M28 -> 0 | W28: =N28 -> 0
A29: Total Financing | B29: =SUM(B26:B28) -> 500000 | C29: =SUM(C26:C28) -> 2000000 | D29: =SUM(D26:D28) -> 0 | E29: =SUM(E26:E28) -> 0 | F29: =SUM(F26:F28) -> 0 | G29: =SUM(G26:G28) -> 0 | H29: =SUM(H26:H28) -> 0 | I29: =SUM(I26:I28) -> 0 | K29: =SUM(K26:K28) -> 0 | L29: =SUM(L26:L28) -> 500000 | M29: =SUM(M26:M28) -> 0 | N29: =SUM(N26:N28) -> 0 | Q29: =A29 -> Total Financing | R29: =SUM(B29:E29) -> 2500000 | S29: =SUM(F29:I29) -> 0 | T29: =K29 -> 0 | U29: =L29 -> 500000 | V29: =M29 -> 0 | W29: =N29 -> 0
A31: Cash Flow | B31: =SUM(B18,B23,B29) -> 416000 | C31: =SUM(C18,C23,C29) -> 1916000 | D31: =SUM(D18,D23,D29) -> -117800 | E31: =SUM(E18,E23,E29) -> -162600 | F31: =SUM(F18,F23,F29) -> -687651.51 | G31: =SUM(G18,G23,G29) -> -104065 | H31: =SUM(H18,H23,H29) -> -177240 | I31: =SUM(I18,I23,I29) -> -215015 | K31: =SUM(K18,K23,K29) -> -812459.36 | L31: =SUM(L18,L23,L29) -> 326362.06 | M31: =SUM(M18,M23,M29) -> 405416.03 | N31: =SUM(N18,N23,N29) -> 1050634.8 | Q31: =A31 -> Cash Flow | R31: =SUM(B31:E31) -> 2051600 | S31: =SUM(F31:I31) -> -1183971.5 | T31: =K31 -> -812459.36 | U31: =L31 -> 326362.06 | V31: =M31 -> 405416.03 | W31: =N31 -> 1050634.8
A33: Ending Cash Balance | B33: =B10+B31 -> 416000 | C33: =C10+C31 -> 2332000 | D33: =D10+D31 -> 2214200 | E33: =E10+E31 -> 2051600 | F33: =F10+F31 -> 1363948.5 | G33: =G10+G31 -> 1259883.5 | H33: =H10+H31 -> 1082643.5 | I33: =I10+I31 -> 867628.49 | K33: =K10+K31 -> 55169.135 | L33: =L10+L31 -> 381531.19 | M33: =M10+M31 -> 786947.22 | N33: =N10+N31 -> 1837582 | Q33: =A33 -> Ending Cash Balance | R33: =E33 -> 2051600 | S33: =I33 -> 867628.49 | T33: =K33 -> 55169.135 | U33: =L33 -> 381531.19 | V33: =M33 -> 786947.22 | W33: =N33 -> 1837582
A38: For charting
A39: End date of period | B39: =B8 -> 43831 | C39: =C8-1 -> 43921 | D39: =D8-1 -> 44012 | E39: =E8-1 -> 44104 | F39: =F8-1 -> 44196 | G39: =G8-1 -> 44286 | H39: =H8-1 -> 44377 | I39: =I8-1 -> 44469 | K39: =K8-1 -> 44561 | L39: =L8-1 -> 44926 | M39: =M8-1 -> 45291 | N39: =N8-1 -> 45657 | O39: =EDATE(N39,12) -> 46022
A40: Ending Cash Balance | B40: =B10 -> 0 | C40: =B33 -> 416000 | D40: =C33 -> 2332000 | E40: =D33 -> 2214200 | F40: =E33 -> 2051600 | G40: =F33 -> 1363948.5 | H40: =G33 -> 1259883.5 | I40: =H33 -> 1082643.5 | K40: =I33 -> 867628.49 | L40: =K33 -> 55169.135 | M40: =L33 -> 381531.19 | N40: =M33 -> 786947.22 | O40: =N33 -> 1837582
AA47: Free Cash Flow (from Operations and Investing Before Financing) - Annual Forecast (6 years)
AB49: Annual Projections
AB50: Year 1 | AC50: Year 2 | AD50: Year 3 | AE50: Year 4 | AF50: Year 5 | AG50: Year 6
AB51: =R8 -> 43831 | AC51: =S8 -> 44197 | AD51: =T8 -> 44562 | AE51: =U8 -> 44927 | AF51: =V8 -> 45292 | AG51: =W8 -> 45658
AA52: =A31 -> Cash Flow | AB52: =R18+R23 -> -448400 | AC52: =S18+S23 -> -1183971.5 | AD52: =T18+T23 -> -812459.36 | AE52: =U18+U23 -> -173637.94 | AF52: =V18+V23 -> 405416.03 | AG52: =W18+W23 -> 1050634.8
AA53: =A33 -> Ending Cash Balance | AB53: =AB52 -> -448400 | AC53: =AB53+AC52 -> -1632371.5 | AD53: =AC53+AD52 -> -2444830.9 | AE53: =AD53+AE52 -> -2618468.8 | AF53: =AE53+AF52 -> -2213052.8 | AG53: =AF53+AG52 -> -1162418

Sheet Income Statement
A1: Income Statement Projections | Q1: =CompanyName &" Annual Income Statement" -> WorkHorse Inc. Annual Income Statement
A2: ="All Values in "&SubHeader -> All Values in USD
Q4: Full Forecast - Annual (6 years)
A5: Income Statement Projections
B6: Quarterly Cash Flow (years 1 and 2) | K6: Annual Cash Flow (years 3 to 6) | R6: Annual Projections
B7: Year 1 | F7: Year 2 | K7: Year 3 | L7: Year 4 | M7: Year 5 | N7: Year 6 | R7: Year 1 | S7: Year 2 | T7: Year 3 | U7: Year 4 | V7: Year 5 | W7: Year 6
B8: =StartDate -> 43831 | C8: =EDATE(B8,3) -> 43922 | D8: =EDATE(C8,3) -> 44013 | E8: =EDATE(D8,3) -> 44105 | F8: =EDATE(E8,3) -> 44197 | G8: =EDATE(F8,3) -> 44287 | H8: =EDATE(G8,3) -> 44378 | I8: =EDATE(H8,3) -> 44470 | K8: =EDATE(I8,3) -> 44562 | L8: =EDATE(K8,12) -> 44927 | M8: =EDATE(L8,12) -> 45292 | N8: =EDATE(M8,12) -> 45658 | R8: =B8 -> 43831 | S8: =F8 -> 44197 | T8: =K8 -> 44562 | U8: =L8 -> 44927 | V8: =M8 -> 45292 | W8: =N8 -> 45658
A10: Revenues | B10: =Revenues!B19 -> 0 | C10: =Revenues!C19 -> 0 | D10: =Revenues!D19 -> 0 | E10: =Revenues!E19 -> 0 | F10: =Revenues!F19 -> 578550 | G10: =Revenues!G19 -> 578550 | H10: =Revenues!H19 -> 578550 | I10: =Revenues!I19 -> 578550 | K10: =Revenues!K19 -> 7592400 | L10: =Revenues!L19 -> 12870600 | M10: =Revenues!M19 -> 21112800 | N10: =Revenues!N19 -> 35283000 | Q10: =A10 -> Revenues | R10: =SUM(B10:E10) -> 0 | S10: =SUM(F10:I10) -> 2314200 | T10: =K10 -> 7592400 | U10: =L10 -> 12870600 | V10: =M10 -> 21112800 | W10: =N10 -> 35283000
A11: COGS | B11: ='Total Expenses'!B9*-1 -> 0 | C11: ='Total Expenses'!C9*-1 -> 0 | D11: ='Total Expenses'!D9*-1 -> 0 | E11: ='Total Expenses'!E9*-1 -> 0 | F11: ='Total Expenses'!F9*-1 -> -231140 | G11: ='Total Expenses'!G9*-1 -> -231140 | H11: ='Total Expenses'!H9*-1 -> -231140 | I11: ='Total Expenses'!I9*-1 -> -231140 | K11: ='Total Expenses'!K9*-1 -> -3621196.8 | L11: ='Total Expenses'!L9*-1 -> -6532085.2 | M11: ='Total Expenses'!M9*-1 -> -11506729 | N11: ='Total Expenses'!N9*-1 -> -20689183 | Q11: =A11 -> COGS | R11: =SUM(B11:E11) -> 0 | S11: =SUM(F11:I11) -> -924560 | T11: =K11 -> -3621196.8 | U11: =L11 -> -6532085.2 | V11: =M11 -> -11506729 | W11: =N11 -> -20689183
A12: Gross Profit | B12: =SUM(B10:B11) -> 0 | C12: =SUM(C10:C11) -> 0 | D12: =SUM(D10:D11) -> 0 | E12: =SUM(E10:E11) -> 0 | F12: =SUM(F10:F11) -> 347410 | G12: =SUM(G10:G11) -> 347410 | H12: =SUM(H10:H11) -> 347410 | I12: =SUM(I10:I11) -> 347410 | K12: =SUM(K10:K11) -> 3971203.2 | L12: =SUM(L10:L11) -> 6338514.8 | M12: =SUM(M10:M11) -> 9606071.2 | N12: =SUM(N10:N11) -> 14593817 | Q12: =A12 -> Gross Profit | R12: =SUM(B12:E12) -> 0 | S12: =SUM(F12:I12) -> 1389640 | T12: =K12 -> 3971203.2 | U12: =L12 -> 6338514.8 | V12: =M12 -> 9606071.2 | W12: =N12 -> 14593817
A13: Gross Margin | B13: =IF(B12>0,B12/B10,0) -> 0 | C13: =IF(C12>0,C12/C10,0) -> 0 | D13: =IF(D12>0,D12/D10,0) -> 0 | E13: =IF(E12>0,E12/E10,0) -> 0 | F13: =IF(F12>0,F12/F10,0) -> 0.60048397 | G13: =IF(G12>0,G12/G10,0) -> 0.60048397 | H13: =IF(H12>0,H12/H10,0) -> 0.60048397 | I13: =IF(I12>0,I12/I10,0) -> 0.60048397 | K13: =IF(K12>0,K12/K10,0) -> 0.52304979 | L13: =IF(L12>0,L12/L10,0) -> 0.49248013 | M13: =IF(M12>0,M12/M10,0) -> 0.45498803 | N13: =IF(N12>0,N12/N10,0) -> 0.41362178 | Q13: =A13 -> Gross Margin | R13: =IF(R12>0,R12/R10,0) -> 0 | S13: =IF(S12>0,S12/S10,0) -> 0.60048397 | T13: =K13 -> 0.52304979 | U13: =L13 -> 0.49248013 | V13: =M13 -> 0.45498803 | W13: =N13 -> 0.41362178
A15: Operting Expenses | B15: ='Total Expenses'!B10*-1 -> -84000 | C15: ='Total Expenses'!C10*-1 -> -84000 | D15: ='Total Expenses'!D10*-1 -> -111800 | E15: ='Total Expenses'!E10*-1 -> -139600 | F15: ='Total Expenses'!F10*-1 -> -350450 | G15: ='Total Expenses'!G10*-1 -> -416475 | H15: ='Total Expenses'!H10*-1 -> -461650 | I15: ='Total Expenses'!I10*-1 -> -562425 | K15: ='Total Expenses'!K10*-1 -> -2879620 | L15: ='Total Expenses'!L10*-1 -> -4344664.5 | M15: ='Total Expenses'!M10*-1 -> -5546435.8 | N15: ='Total Expenses'!N10*-1 -> -6976264 | Q15: =A15 -> Operting Expenses | R15: =SUM(B15:E15) -> -419400 | S15: =SUM(F15:I15) -> -1791000 | T15: =K15 -> -2879620 | U15: =L15 -> -4344664.5 | V15: =M15 -> -5546435.8 | W15: =N15 -> -6976264
A16: EBITDA | B16: =SUM(B12,B15) -> -84000 | C16: =SUM(C12,C15) -> -84000 | D16: =SUM(D12,D15) -> -111800 | E16: =SUM(E12,E15) -> -139600 | F16: =SUM(F12,F15) -> -3040 | G16: =SUM(G12,G15) -> -69065 | H16: =SUM(H12,H15) -> -114240 | I16: =SUM(I12,I15) -> -215015 | K16: =SUM(K12,K15) -> 1091583.2 | L16: =SUM(L12,L15) -> 1993850.3 | M16: =SUM(M12,M15) -> 4059635.4 | N16: =SUM(N12,N15) -> 7617553.4 | Q16: =A16 -> EBITDA | R16: =SUM(B16:E16) -> -419400 | S16: =SUM(F16:I16) -> -401360 | T16: =K16 -> 1091583.2 | U16: =L16 -> 1993850.3 | V16: =M16 -> 4059635.4 | W16: =N16 -> 7617553.4
A18: Depreciation/Amortisation | B18: ='Total Expenses'!B11*-1 -> 0 | C18: ='Total Expenses'!C11*-1 -> 0 | D18: ='Total Expenses'!D11*-1 -> -214.28571 | E18: ='Total Expenses'!E11*-1 -> -1197.619 | F18: ='Total Expenses'!F11*-1 -> -1197.619 | G18: ='Total Expenses'!G11*-1 -> -2947.619 | H18: ='Total Expenses'!H11*-1 -> -5639.2857 | I18: ='Total Expenses'!I11*-1 -> -5639.2857 | K18: ='Total Expenses'!K11*-1 -> -23157.143 | L18: ='Total Expenses'!L11*-1 -> -25300 | M18: ='Total Expenses'!M11*-1 -> -25300 | N18: ='Total Expenses'!N11*-1 -> -34300 | Q18: =A18 -> Depreciation/Amortisation | R18: =SUM(B18:E18) -> -1411.9048 | S18: =SUM(F18:I18) -> -15423.81 | T18: =K18 -> -23157.143 | U18: =L18 -> -25300 | V18: =M18 -> -25300 | W18: =N18 -> -34300
A19: Operating Profit (EBIT) | B19: =SUM(B16,B18) -> -84000 | C19: =SUM(C16,C18) -> -84000 | D19: =SUM(D16,D18) -> -112014.29 | E19: =SUM(E16,E18) -> -140797.62 | F19: =SUM(F16,F18) -> -4237.619 | G19: =SUM(G16,G18) -> -72012.619 | H19: =SUM(H16,H18) -> -119879.29 | I19: =SUM(I16,I18) -> -220654.29 | K19: =SUM(K16,K18) -> 1068426.1 | L19: =SUM(L16,L18) -> 1968550.3 | M19: =SUM(M16,M18) -> 4034335.4 | N19: =SUM(N16,N18) -> 7583253.4 | Q19: =A19 -> Operating Profit (EBIT) | R19: =SUM(B19:E19) -> -420811.9 | S19: =SUM(F19:I19) -> -416783.81 | T19: =K19 -> 1068426.1 | U19: =L19 -> 1968550.3 | V19: =M19 -> 4034335.4 | W19: =N19 -> 7583253.4
A21: Financing Expenses | B21: =Financing!B62*-1 -> 0 | C21: =Financing!C62*-1 -> 0 | D21: =Financing!D62*-1 -> 0 | E21: =Financing!E62*-1 -> 0 | F21: =Financing!F62*-1 -> 0 | G21: =Financing!G62*-1 -> 0 | H21: =Financing!H62*-1 -> 0 | I21: =Financing!I62*-1 -> 0 | K21: =Financing!K62*-1 -> 0 | L21: =Financing!L62*-1 -> 0 | M21: =Financing!M62*-1 -> 0 | N21: =Financing!N62*-1 -> 0 | Q21: =A21 -> Financing Expenses | R21: =SUM(B21:E21) -> 0 | S21: =SUM(F21:I21) -> 0 | T21: =K21 -> 0 | U21: =L21 -> 0 | V21: =M21 -> 0 | W21: =N21 -> 0
A22: Profit before Tax | B22: =SUM(B19,B21) -> -84000 | C22: =SUM(C19,C21) -> -84000 | D22: =SUM(D19,D21) -> -112014.29 | E22: =SUM(E19,E21) -> -140797.62 | F22: =SUM(F19,F21) -> -4237.619 | G22: =SUM(G19,G21) -> -72012.619 | H22: =SUM(H19,H21) -> -119879.29 | I22: =SUM(I19,I21) -> -220654.29 | K22: =SUM(K19,K21) -> 1068426.1 | L22: =SUM(L19,L21) -> 1968550.3 | M22: =SUM(M19,M21) -> 4034335.4 | N22: =SUM(N19,N21) -> 7583253.4 | Q22: =A22 -> Profit before Tax | R22: =SUM(B22:E22) -> -420811.9 | S22: =SUM(F22:I22) -> -416783.81 | T22: =K22 -> 1068426.1 | U22: =L22 -> 1968550.3 | V22: =M22 -> 4034335.4 | W22: =N22 -> 7583253.4
A24: Taxes | B24: =IF(B22/4>'Other Operating Expenses'!$B$32,'Income Statement'!B22*'Other Operating Expenses'!$B$31*-1,0) -> 0 | C24: =IF(C22/4>'Other Operating Expenses'!$B$32,'Income Statement'!C22*'Other Operating Expenses'!$B$31*-1,0) -> 0 | D24: =IF(D22/4>'Other Operating Expenses'!$B$32,'Income Statement'!D22*'Other Operating Expenses'!$B$31*-1,0) -> 0 | E24: =IF(E22/4>'Other Operating Expenses'!$B$32,'Income Statement'!E22*'Other Operating Expenses'!$B$31*-1,0) -> 0 | F24: =IF(F22/4>'Other Operating Expenses'!$B$32,'Income Statement'!F22*'Other Operating Expenses'!$B$31*-1,0) -> 0 | G24: =IF(G22/4>'Other Operating Expenses'!$B$32,'Income Statement'!G22*'Other Operating Expenses'!$B$31*-1,0) -> 0 | H24: =IF(H22/4>'Other Operating Expenses'!$B$32,'Income Statement'!H22*'Other Operating Expenses'!$B$31*-1,0) -> 0 | I24: =IF(I22/4>'Other Operating Expenses'!$B$32,'Income Statement'!I22*'Other Operating Expenses'!$B$31*-1,0) -> 0 | K24: =IF(K22>'Other Operating Expenses'!$B$32,'Income Statement'!K22*'Other Operating Expenses'!$B$31*-1,0) -> -267106.51 | L24: =IF(L22>'Other Operating Expenses'!$B$32,'Income Statement'!L22*'Other Operating Expenses'!$B$31*-1,0) -> -492137.56 | M24: =IF(M22>'Other Operating Expenses'!$B$32,'Income Statement'!M22*'Other Operating Expenses'!$B$31*-1,0) -> -1008583.8 | N24: =IF(N22>'Other Operating Expenses'!$B$32,'Income Statement'!N22*'Other Operating Expenses'!$B$31*-1,0) -> -1895813.3 | Q24: =A24 -> Taxes | R24: =SUM(B24:E24) -> 0 | S24: =SUM(F24:I24) -> 0 | T24: =K24 -> -267106.51 | U24: =L24 -> -492137.56 | V24: =M24 -> -1008583.8 | W24: =N24 -> -1895813.3
A25: Profit after Tax (Net Income) | B25: =SUM(B22,B24) -> -84000 | C25: =SUM(C22,C24) -> -84000 | D25: =SUM(D22,D24) -> -112014.29 | E25: =SUM(E22,E24) -> -140797.62 | F25: =SUM(F22,F24) -> -4237.619 | G25: =SUM(G22,G24) -> -72012.619 | H25: =SUM(H22,H24) -> -119879.29 | I25: =SUM(I22,I24) -> -220654.29 | K25: =SUM(K22,K24) -> 801319.54 | L25: =SUM(L22,L24) -> 1476412.7 | M25: =SUM(M22,M24) -> 3025751.5 | N25: =SUM(N22,N24) -> 5687440 | Q25: =A25 -> Profit after Tax (Net Income) | R25: =SUM(B25:E25) -> -420811.9 | S25: =SUM(F25:I25) -> -416783.81 | T25: =K25 -> 801319.54 | U25: =L25 -> 1476412.7 | V25: =M25 -> 3025751.5 | W25: =N25 -> 5687440

Sheet Balance Sheet
A1: Balance Sheet Projections | Q1: =CompanyName &" Annual Balance Sheet" -> WorkHorse Inc. Annual Balance Sheet
A2: ="All Values in "&SubHeader -> All Values in USD
Q4: Full Forecast - Annual (6 years)
A5: Balance Sheet Projections
B6: Quarterly Balance Sheet (years 1 and 2) | K6: Annual Balance Sheet (years 3 to 6) | R6: Annual Projections
B7: Year 1 | F7: Year 2 | K7: Year 3 | L7: Year 4 | M7: Year 5 | N7: Year 6 | R7: Year 1 | S7: Year 2 | T7: Year 3 | U7: Year 4 | V7: Year 5 | W7: Year 6
B8: =StartDate -> 43831 | C8: =EDATE(B8,3) -> 43922 | D8: =EDATE(C8,3) -> 44013 | E8: =EDATE(D8,3) -> 44105 | F8: =EDATE(E8,3) -> 44197 | G8: =EDATE(F8,3) -> 44287 | H8: =EDATE(G8,3) -> 44378 | I8: =EDATE(H8,3) -> 44470 | K8: =EDATE(I8,3) -> 44562 | L8: =EDATE(K8,12) -> 44927 | M8: =EDATE(L8,12) -> 45292 | N8: =EDATE(M8,12) -> 45658 | R8: =B8 -> 43831 | S8: =F8 -> 44197 | T8: =K8 -> 44562 | U8: =L8 -> 44927 | V8: =M8 -> 45292 | W8: =N8 -> 45658
A10: Assets | Q10: =A10 -> Assets
A11: Cash | B11: ='Cash Flow'!B33 -> 416000 | C11: ='Cash Flow'!C33 -> 2332000 | D11: ='Cash Flow'!D33 -> 2214200 | E11: ='Cash Flow'!E33 -> 2051600 | F11: ='Cash Flow'!F33 -> 1363948.5 | G11: ='Cash Flow'!G33 -> 1259883.5 | H11: ='Cash Flow'!H33 -> 1082643.5 | I11: ='Cash Flow'!I33 -> 867628.49 | K11: ='Cash Flow'!K33 -> 55169.135 | L11: ='Cash Flow'!L33 -> 381531.19 | M11: ='Cash Flow'!M33 -> 786947.22 | N11: ='Cash Flow'!N33 -> 1837582 | Q11: =A11 -> Cash | R11: =E11 -> 2051600 | S11: =I11 -> 867628.49 | T11: =K11 -> 55169.135 | U11: =L11 -> 381531.19 | V11: =M11 -> 786947.22 | W11: =N11 -> 1837582
A12: Fixed Assets | B12: ='Capital Expenses'!B70 -> 0 | C12: ='Capital Expenses'!C70 -> 0 | D12: ='Capital Expenses'!D70 -> 6000 | E12: ='Capital Expenses'!E70 -> 28785.714 | F12: ='Capital Expenses'!F70 -> 27588.095 | G12: ='Capital Expenses'!G70 -> 61390.476 | H12: ='Capital Expenses'!H70 -> 121442.86 | I12: ='Capital Expenses'!I70 -> 115803.57 | K12: ='Capital Expenses'!K70 -> 113164.29 | L12: ='Capital Expenses'!L70 -> 105007.14 | M12: ='Capital Expenses'!M70 -> 79707.143 | N12: ='Capital Expenses'!N70 -> 99407.143 | Q12: =A12 -> Fixed Assets | R12: =E12 -> 28785.714 | S12: =I12 -> 115803.57 | T12: =K12 -> 113164.29 | U12: =L12 -> 105007.14 | V12: =M12 -> 79707.143 | W12: =N12 -> 99407.143
A13: Depreciation | B13: ='Total Expenses'!B11*-1 -> 0 | C13: ='Total Expenses'!C11*-1 -> 0 | D13: ='Total Expenses'!D11*-1 -> -214.28571 | E13: ='Total Expenses'!E11*-1 -> -1197.619 | F13: ='Total Expenses'!F11*-1 -> -1197.619 | G13: ='Total Expenses'!G11*-1 -> -2947.619 | H13: ='Total Expenses'!H11*-1 -> -5639.2857 | I13: ='Total Expenses'!I11*-1 -> -5639.2857 | K13: ='Total Expenses'!K11*-1 -> -23157.143 | L13: ='Total Expenses'!L11*-1 -> -25300 | M13: ='Total Expenses'!M11*-1 -> -25300 | N13: ='Total Expenses'!N11*-1 -> -34300 | Q13: =A13 -> Depreciation | R13: =E13 -> -1197.619 | S13: =I13 -> -5639.2857 | T13: =K13 -> -23157.143 | U13: =L13 -> -25300 | V13: =M13 -> -25300 | W13: =N13 -> -34300
A14: ='Working Capital'!A27 -> Accounts Receivable | B14: ='Working Capital'!B27 -> 0 | C14: ='Working Capital'!C27 -> 0 | D14: ='Working Capital'!D27 -> 0 | E14: ='Working Capital'!E27 -> 0 | F14: ='Working Capital'!F27 -> 570624.66 | G14: ='Working Capital'!G27 -> 570624.66 | H14: ='Working Capital'!H27 -> 570624.66 | I14: ='Working Capital'!I27 -> 570624.66 | K14: ='Working Capital'!K27 -> 1872098.6 | L14: ='Working Capital'!L27 -> 3173572.6 | M14: ='Working Capital'!M27 -> 5205895.9 | N14: ='Working Capital'!N27 -> 8699917.8 | Q14: =A14 -> Accounts Receivable | R14: =E14 -> 0 | S14: =I14 -> 570624.66 | T14: =K14 -> 1872098.6 | U14: =L14 -> 3173572.6 | V14: =M14 -> 5205895.9 | W14: =N14 -> 8699917.8
A15: ='Working Capital'!A28 -> Inventories | B15: ='Working Capital'!B28 -> 0 | C15: ='Working Capital'!C28 -> 0 | D15: ='Working Capital'!D28 -> 0 | E15: ='Working Capital'!E28 -> 0 | F15: ='Working Capital'!F28 -> 151982.47 | G15: ='Working Capital'!G28 -> 151982.47 | H15: ='Working Capital'!H28 -> 151982.47 | I15: ='Working Capital'!I28 -> 151982.47 | K15: ='Working Capital'!K28 -> 595265.23 | L15: ='Working Capital'!L28 -> 1073767.4 | M15: ='Working Capital'!M28 -> 1891517.1 | N15: ='Working Capital'!N28 -> 3400961.5 | Q15: =A15 -> Inventories | R15: =E15 -> 0 | S15: =I15 -> 151982.47 | T15: =K15 -> 595265.23 | U15: =L15 -> 1073767.4 | V15: =M15 -> 1891517.1 | W15: =N15 -> 3400961.5
A16: Total Assets | B16: =SUM(B11:B15) -> 416000 | C16: =SUM(C11:C15) -> 2332000 | D16: =SUM(D11:D15) -> 2219985.7 | E16: =SUM(E11:E15) -> 2079188.1 | F16: =SUM(F11:F15) -> 2112946.1 | G16: =SUM(G11:G15) -> 2040933.5 | H16: =SUM(H11:H15) -> 1921054.2 | I16: =SUM(I11:I15) -> 1700399.9 | K16: =SUM(K11:K15) -> 2612540.1 | L16: =SUM(L11:L15) -> 4708578.4 | M16: =SUM(M11:M15) -> 7938767.3 | N16: =SUM(N11:N15) -> 14003568 | Q16: =A16 -> Total Assets | R16: =E16 -> 2079188.1 | S16: =I16 -> 1700399.9 | T16: =K16 -> 2612540.1 | U16: =L16 -> 4708578.4 | V16: =M16 -> 7938767.3 | W16: =N16 -> 14003568
A18: Liabilities | Q18: =A18 -> Liabilities
A19: Debt | B19: =Financing!B49 -> 0 | C19: =Financing!C49 -> 0 | D19: =Financing!D49 -> 0 | E19: =Financing!E49 -> 0 | F19: =Financing!F49 -> 0 | G19: =Financing!G49 -> 0 | H19: =Financing!H49 -> 0 | I19: =Financing!I49 -> 0 | K19: =Financing!K49 -> 0 | L19: =Financing!L49 -> 0 | M19: =Financing!M49 -> 0 | N19: =Financing!N49 -> 0 | Q19: =A19 -> Debt | R19: =E19 -> 0 | S19: =I19 -> 0 | T19: =K19 -> 0 | U19: =L19 -> 0 | V19: =M19 -> 0 | W19: =N19 -> 0
A20: ='Working Capital'!A32 -> Accounts Payable | B20: ='Working Capital'!B32 -> 0 | C20: ='Working Capital'!C32 -> 0 | D20: ='Working Capital'!D32 -> 0 | E20: ='Working Capital'!E32 -> 0 | F20: ='Working Capital'!F32 -> 37995.616 | G20: ='Working Capital'!G32 -> 37995.616 | H20: ='Working Capital'!H32 -> 37995.616 | I20: ='Working Capital'!I32 -> 37995.616 | K20: ='Working Capital'!K32 -> 148816.31 | L20: ='Working Capital'!L32 -> 268441.86 | M20: ='Working Capital'!M32 -> 472879.27 | N20: ='Working Capital'!N32 -> 850240.38 | Q20: =A20 -> Accounts Payable | R20: =E20 -> 0 | S20: =I20 -> 37995.616 | T20: =K20 -> 148816.31 | U20: =L20 -> 268441.86 | V20: =M20 -> 472879.27 | W20: =N20 -> 850240.38
A21: Total Liabilities | B21: =SUM(B19:B20) -> 0 | C21: =SUM(C19:C20) -> 0 | D21: =SUM(D19:D20) -> 0 | E21: =SUM(E19:E20) -> 0 | F21: =SUM(F19:F20) -> 37995.616 | G21: =SUM(G19:G20) -> 37995.616 | H21: =SUM(H19:H20) -> 37995.616 | I21: =SUM(I19:I20) -> 37995.616 | K21: =SUM(K19:K20) -> 148816.31 | L21: =SUM(L19:L20) -> 268441.86 | M21: =SUM(M19:M20) -> 472879.27 | N21: =SUM(N19:N20) -> 850240.38 | Q21: =A21 -> Total Liabilities | R21: =E21 -> 0 | S21: =I21 -> 37995.616 | T21: =K21 -> 148816.31 | U21: =L21 -> 268441.86 | V21: =M21 -> 472879.27 | W21: =N21 -> 850240.38
A22: Equity Value | B22: =B16-B21 -> 416000 | C22: =C16-C21 -> 2332000 | D22: =D16-D21 -> 2219985.7 | E22: =E16-E21 -> 2079188.1 | F22: =F16-F21 -> 2074950.5 | G22: =G16-G21 -> 2002937.9 | H22: =H16-H21 -> 1883058.6 | I22: =I16-I21 -> 1662404.3 | K22: =K16-K21 -> 2463723.8 | L22: =L16-L21 -> 4440136.5 | M22: =M16-M21 -> 7465888.1 | N22: =N16-N21 -> 13153328 | Q22: =A22 -> Equity Value | R22: =E22 -> 2079188.1 | S22: =I22 -> 1662404.3 | T22: =K22 -> 2463723.8 | U22: =L22 -> 4440136.5 | V22: =M22 -> 7465888.1 | W22: =N22 -> 13153328
A23: Equity and Total Liabilities | B23: =B22+B21 -> 416000 | C23: =C22+C21 -> 2332000 | D23: =D22+D21 -> 2219985.7 | E23: =E22+E21 -> 2079188.1 | F23: =F22+F21 -> 2112946.1 | G23: =G22+G21 -> 2040933.5 | H23: =H22+H21 -> 1921054.2 | I23: =I22+I21 -> 1700399.9 | K23: =K22+K21 -> 2612540.1 | L23: =L22+L21 -> 4708578.4 | M23: =M22+M21 -> 7938767.3 | N23: =N22+N21 -> 14003568 | Q23: Equity and Total Liabilities | R23: =R22+R21 -> 2079188.1 | S23: =S22+S21 -> 1700399.9 | T23: =T22+T21 -> 2612540.1 | U23: =U22+U21 -> 4708578.4 | V23: =V22+V21 -> 7938767.3 | W23: =W22+W21 -> 14003568

Sheet Other ->

Sheet Profiltability
A1: Additional Charts
A2: =SubHeader -> USD
A4: Measures of Profitability
B5: Quarterly Profit (years 1 and 2) | K5: Annual Profit (years 3 to 6) | R5: Annual Projections
B6: Year 1 | F6: Year 2 | K6: Year 3 | L6: Year 4 | M6: Year 5 | N6: Year 6 | R6: Year 1 | S6: Year 2 | T6: Year 3 | U6: Year 4 | V6: Year 5 | W6: Year 6
B7: =StartDate -> 43831 | C7: =EDATE(B7,3) -> 43922 | D7: =EDATE(C7,3) -> 44013 | E7: =EDATE(D7,3) -> 44105 | F7: =EDATE(E7,3) -> 44197 | G7: =EDATE(F7,3) -> 44287 | H7: =EDATE(G7,3) -> 44378 | I7: =EDATE(H7,3) -> 44470 | K7: =EDATE(I7,3) -> 44562 | L7: =EDATE(K7,12) -> 44927 | M7: =EDATE(L7,12) -> 45292 | N7: =EDATE(M7,12) -> 45658 | R7: =B7 -> 43831 | S7: =F7 -> 44197 | T7: =K7 -> 44562 | U7: =L7 -> 44927 | V7: =M7 -> 45292 | W7: =N7 -> 45658
A8: Gross Profit | B8: ='Income Statement'!B12 -> 0 | C8: ='Income Statement'!C12 -> 0 | D8: ='Income Statement'!D12 -> 0 | E8: ='Income Statement'!E12 -> 0 | F8: ='Income Statement'!F12 -> 347410 | G8: ='Income Statement'!G12 -> 347410 | H8: ='Income Statement'!H12 -> 347410 | I8: ='Income Statement'!I12 -> 347410 | K8: ='Income Statement'!K12 -> 3971203.2 | L8: ='Income Statement'!L12 -> 6338514.8 | M8: ='Income Statement'!M12 -> 9606071.2 | N8: ='Income Statement'!N12 -> 14593817 | Q8: =A8 -> Gross Profit | R8: =SUM(B8:E8) -> 0 | S8: =SUM(F8:I8) -> 1389640 | T8: =K8 -> 3971203.2 | U8: =L8 -> 6338514.8 | V8: =M8 -> 9606071.2 | W8: =N8 -> 14593817
A9: EBITDA | B9: ='Income Statement'!B16 -> -84000 | C9: ='Income Statement'!C16 -> -84000 | D9: ='Income Statement'!D16 -> -111800 | E9: ='Income Statement'!E16 -> -139600 | F9: ='Income Statement'!F16 -> -3040 | G9: ='Income Statement'!G16 -> -69065 | H9: ='Income Statement'!H16 -> -114240 | I9: ='Income Statement'!I16 -> -215015 | K9: ='Income Statement'!K16 -> 1091583.2 | L9: ='Income Statement'!L16 -> 1993850.3 | M9: ='Income Statement'!M16 -> 4059635.4 | N9: ='Income Statement'!N16 -> 7617553.4 | Q9: =A9 -> EBITDA | R9: =SUM(B9:E9) -> -419400 | S9: =SUM(F9:I9) -> -401360 | T9: =K9 -> 1091583.2 | U9: =L9 -> 1993850.3 | V9: =M9 -> 4059635.4 | W9: =N9 -> 7617553.4
A10: Operating Profit (EBIT) | B10: ='Income Statement'!B19 -> -84000 | C10: ='Income Statement'!C19 -> -84000 | D10: ='Income Statement'!D19 -> -112014.29 | E10: ='Income Statement'!E19 -> -140797.62 | F10: ='Income Statement'!F19 -> -4237.619 | G10: ='Income Statement'!G19 -> -72012.619 | H10: ='Income Statement'!H19 -> -119879.29 | I10: ='Income Statement'!I19 -> -220654.29 | K10: ='Income Statement'!K19 -> 1068426.1 | L10: ='Income Statement'!L19 -> 1968550.3 | M10: ='Income Statement'!M19 -> 4034335.4 | N10: ='Income Statement'!N19 -> 7583253.4 | Q10: =A10 -> Operating Profit (EBIT) | R10: =SUM(B10:E10) -> -420811.9 | S10: =SUM(F10:I10) -> -416783.81 | T10: =K10 -> 1068426.1 | U10: =L10 -> 1968550.3 | V10: =M10 -> 4034335.4 | W10: =N10 -> 7583253.4
A11: Profit before Tax | B11: ='Income Statement'!B22 -> -84000 | C11: ='Income Statement'!C22 -> -84000 | D11: ='Income Statement'!D22 -> -112014.29 | E11: ='Income Statement'!E22 -> -140797.62 | F11: ='Income Statement'!F22 -> -4237.619 | G11: ='Income Statement'!G22 -> -72012.619 | H11: ='Income Statement'!H22 -> -119879.29 | I11: ='Income Statement'!I22 -> -220654.29 | K11: ='Income Statement'!K22 -> 1068426.1 | L11: ='Income Statement'!L22 -> 1968550.3 | M11: ='Income Statement'!M22 -> 4034335.4 | N11: ='Income Statement'!N22 -> 7583253.4 | Q11: =A11 -> Profit before Tax | R11: =SUM(B11:E11) -> -420811.9 | S11: =SUM(F11:I11) -> -416783.81 | T11: =K11 -> 1068426.1 | U11: =L11 -> 1968550.3 | V11: =M11 -> 4034335.4 | W11: =N11 -> 7583253.4
A12: Profit after Tax (Net Income) | B12: ='Income Statement'!B25 -> -84000 | C12: ='Income Statement'!C25 -> -84000 | D12: ='Income Statement'!D25 -> -112014.29 | E12: ='Income Statement'!E25 -> -140797.62 | F12: ='Income Statement'!F25 -> -4237.619 | G12: ='Income Statement'!G25 -> -72012.619 | H12: ='Income Statement'!H25 -> -119879.29 | I12: ='Income Statement'!I25 -> -220654.29 | K12: ='Income Statement'!K25 -> 801319.54 | L12: ='Income Statement'!L25 -> 1476412.7 | M12: ='Income Statement'!M25 -> 3025751.5 | N12: ='Income Statement'!N25 -> 5687440 | Q12: =A12 -> Profit after Tax (Net Income) | R12: =SUM(B12:E12) -> -420811.9 | S12: =SUM(F12:I12) -> -416783.81 | T12: =K12 -> 801319.54 | U12: =L12 -> 1476412.7 | V12: =M12 -> 3025751.5 | W12: =N12 -> 5687440

Sheet DCF Valuation
A1: Discounted Cash Flow Valuation (DCF)
A2: ="DCF ("&SubHeader&")" -> DCF (USD)
A4: Inputs and Assumptions
A5: Discount Rate | B5: 0.15
A6: Company Growth Rate | B6: 0.05
A8: Free Cash Flow and Terminal Value
B9: Annual Projections
B10: Year 1 | C10: Year 2 | D10: Year 3 | E10: Year 4 | F10: Year 5 | G10: Year 6
B11: ='Cash Flow'!AB24 -> 43831 | C11: ='Cash Flow'!AC24 -> 44197 | D11: ='Cash Flow'!AD24 -> 44562 | E11: ='Cash Flow'!AE24 -> 44927 | F11: ='Cash Flow'!AF24 -> 45292 | G11: ='Cash Flow'!AG24 -> 45658
A13: EBIT | B13: ='Income Statement'!R19 -> -420811.9 | C13: ='Income Statement'!S19 -> -416783.81 | D13: ='Income Statement'!T19 -> 1068426.1 | E13: ='Income Statement'!U19 -> 1968550.3 | F13: ='Income Statement'!V19 -> 4034335.4 | G13: ='Income Statement'!W19 -> 7583253.4
A14: Taxes | B14: ='Income Statement'!R24 -> 0 | C14: ='Income Statement'!S24 -> 0 | D14: ='Income Statement'!T24 -> -267106.51 | E14: ='Income Statement'!U24 -> -492137.56 | F14: ='Income Statement'!V24 -> -1008583.8 | G14: ='Income Statement'!W24 -> -1895813.3
A15: Depreciation | B15: =('Income Statement'!R18)*-1 -> 1411.9048 | C15: =('Income Statement'!S18)*-1 -> 15423.81 | D15: =('Income Statement'!T18)*-1 -> 23157.143 | E15: =('Income Statement'!U18)*-1 -> 25300 | F15: =('Income Statement'!V18)*-1 -> 25300 | G15: =('Income Statement'!W18)*-1 -> 34300
A16: Capital Expenditure | B16: ='Capital Expenses'!R52 -> 29000 | C16: ='Capital Expenses'!S52 -> 98000 | D16: ='Capital Expenses'!T52 -> 3000 | E16: ='Capital Expenses'!U52 -> 15000 | F16: ='Capital Expenses'!V52 -> 0 | G16: ='Capital Expenses'!W52 -> 45000
A17: Change in Net Working Capital | B17: ='Cash Flow'!R16 -> 0 | C17: ='Cash Flow'!S16 -> -684611.51 | D17: ='Cash Flow'!T16 -> -1633936 | E17: ='Cash Flow'!U16 -> -1660350.6 | F17: ='Cash Flow'!V16 -> -2645635.5 | G17: ='Cash Flow'!W16 -> -4626105.3
A18: Other | B18: 0 | C18: 0 | D18: 0 | E18: 0 | F18: 0 | G18: 0 | H18: Terminal Value
A19: Free Cash Flow | B19: =B13+B14+B15-B16+B17+B18 -> -448400 | C19: =C13+C14+C15-C16+C17+C18 -> -1183971.5 | D19: =D13+D14+D15-D16+D17+D18 -> -812459.36 | E19: =E13+E14+E15-E16+E17+E18 -> -173637.94 | F19: =F13+F14+F15-F16+F17+F18 -> 405416.03 | G19: =G13+G14+G15-G16+G17+G18 -> 1050634.8 | H19: =G19*(1+B6)/(B5-B6) -> 11031665
A21: Discount Factor | B21: =1/POWER(1+$B5,1) -> 0.86956522 | C21: =1/POWER(1+$B5,2) -> 0.75614367 | D21: =1/POWER(1+$B5,3) -> 0.65751623 | E21: =1/POWER(1+$B5,4) -> 0.57175325 | F21: =1/POWER(1+$B5,5) -> 0.49717674 | G21: =1/POWER(1+$B5,6) -> 0.4323276 | H21: =1/POWER(1+$B5,6) -> 0.4323276
A23: Discounted FCF | B23: =B19*B21 -> -389913.04 | C23: =C19*C21 -> -895252.56 | D23: =D19*D21 -> -534205.22 | E23: =E19*E21 -> -99278.057 | F23: =F19*F21 -> 201563.42 | G23: =G19*G21 -> 454218.4 | H23: =H19*H21 -> 4769293.3
A25: Valuation
A26: Net Present Value | B26: =SUM(B23:H23) -> 3506426.2
